Workbook

Sheet DETALLE PRESUPUESTO OFICIAL
B3: FACTOR AU | C3: 1.2278
C5: ZONA 1
B6: TOTAL INTERVENCIONES | C6: Regional | D6: Valor
B7: 14 | C7: Guajira | D7: 1063596678
B8: 8 | C8: Magdalena | D8: 603044718
B9: 10 | C9: Cesar | D9: 986210648
B10: CT | C10: ZONA 1 | D10: =+ROUND(SUM(D7:D9),0) -> 2652852044
B11: CD | D11: =+ROUND(D10/$C$3,0) -> 2160654866
B12: A | C12: 0.1966 | D12: =+ROUND(D11*C12,0) -> 424784747
B13: U | C13: 0.05 | D13: =+ROUND(D11*C13,0) -> 108032743
B14: IVA | C14: 0.19 | D14: =+ROUND(D13*C14,0) -> 20526221
B15: CI | D15: =+ROUND(D12+D13+D14,0) -> 553343711
C17: ZONA 2
B18: TOTAL INTERVENCIONES | C18: Regional | D18: Valor
B19: 27 | C19: Atlántico | D19: 2418232217
B20: 10 | C20: Córdoba | D20: 1771492101
B21: 5 | C21: Sucre | D21: 146404084
B22: PO | C22: ZONA 2 | D22: =+ROUND(SUM(D19:D21),0) -> 4336128402
B23: CD | D23: =+ROUND(D22/$C$3,0) -> 3531624370
B24: A | C24: 0.175 | D24: =+ROUND(D23*C24,0) -> 618034265
B25: U | C25: 0.05 | D25: =+ROUND(D23*C25,0) -> 176581219
B26: IVA | C26: 0.19 | D26: =+ROUND(D25*C26,0) -> 33550432
B27: CI | D27: =+ROUND(D24+D25+D26,0) -> 828165916
C29: ZONA 3
B30: TOTAL INTERVENCIONES | C30: Regional | D30: Valor
B31: 19 | C31: Bolívar | D31: 3395780917
B32: PO | C32: ZONA 3 | D32: =+ROUND(SUM(D31),0) -> 3395780917
B33: CD | D33: =+ROUND(D32/$C$3,0) -> 2765744353
B34: A | C34: 0.1687 | D34: =+ROUND(D33*C34,0) -> 466581072
B35: U | C35: 0.05 | D35: =+ROUND(D33*C35,0) -> 138287218
B36: IVA | C36: 0.19 | D36: =+ROUND(D35*C36,0) -> 26274571
B37: CI | D37: =+ROUND(D34+D35+D36,0) -> 631142861
C39: ZONA 4
B40: TOTAL INTERVENCIONES | C40: Regional | D40: Valor
B41: 10 | C41: San Andrés | D41: 1400691664
B42: PO | C42: ZONA 4 | D42: =+ROUND(SUM(D41),0) -> 1400691664
B43: CD | D43: =+ROUND(D42/$C$3,0) -> 1140814191
B44: A | C44: 0.2134 | D44: =+ROUND(D43*C44,0) -> 243449748
B45: U | C45: 0.05 | D45: =+ROUND(D43*C45,0) -> 57040710
B46: IVA | C46: 0 | D46: =+ROUND(D45*C46,0) -> 0
B47: CI | D47: =+ROUND(D44+D45+D46,0) -> 300490458
C49: ZONA 5
B50: TOTAL INTERVENCIONES | C50: Regional | D50: Valor
B51: 25 | C51: Santander | D51: 1254256220
B52: 8 | C52: Norte_de_Santander | D52: 320070732
B53: PO | C53: ZONA 5 | D53: =+ROUND(SUM(D51:D52),0) -> 1574326952
B54: CD | D54: =+ROUND(D53/$C$3,0) -> 1282234038
B55: A | C55: 0.2275 | D55: =+ROUND(D54*C55,0) -> 291708244
B56: U | C56: 0.05 | D56: =+ROUND(D54*C56,0) -> 64111702
B57: IVA | C57: 0.19 | D57: =+ROUND(D56*C57,0) -> 12181223
B58: CI | D58: =+ROUND(D55+D56+D57,0) -> 368001169
C60: ZONA 6
B61: TOTAL INTERVENCIONES | C61: Regional | D61: Valor
B62: 84 | C62: Antioquia | D62: 5922747427
B63: PO | C63: ZONA 6 | D63: =+ROUND(SUM(D62),0) -> 5922747427
B64: CD | D64: =+ROUND(D63/$C$3,0) -> 4823869871
B65: A | C65: 0.1604 | D65: =+ROUND(D64*C65,0) -> 773748727
B66: U | C66: 0.05 | D66: =+ROUND(D64*C66,0) -> 241193494
B67: IVA | C67: 0.19 | D67: =+ROUND(D66*C67,0) -> 45826764
B68: CI | D68: =+ROUND(D65+D66+D67,0) -> 1060768985
C70: ZONA 7
B71: TOTAL INTERVENCIONES | C71: Regional | D71: Valor
B72: 21 | C72: Caldas | D72: 1950526285
B73: 9 | C73: Quindío | D73: 1426111139
B74: PO | C74: ZONA 7 | D74: =+ROUND(SUM(D72:D73),0) -> 3376637424
B75: CD | D75: =+ROUND(D74/$C$3,0) -> 2750152650
B76: A | C76: 0.169 | D76: =+ROUND(D75*C76,0) -> 464775798
B77: U | C77: 0.05 | D77: =+ROUND(D75*C77,0) -> 137507633
B78: IVA | C78: 0.19 | D78: =+ROUND(D77*C78,0) -> 26126450
B79: CI | D79: =+ROUND(D76+D77+D78,0) -> 628409881
C81: ZONA 8
B82: TOTAL INTERVENCIONES | C82: Regional | D82: Valor
B83: 14 | C83: Risaralda | D83: 1529244681
B84: 11 | C84: Choco | D84: 761117720
B85: PO | C85: ZONA 8 | D85: =+ROUND(SUM(D83:D84),0) -> 2290362401
B86: CD | D86: =+ROUND(D85/$C$3,0) -> 1865419776
B87: A | C87: 0.1926 | D87: =+ROUND(D86*C87,0) -> 359279849
B88: U | C88: 0.05 | D88: =+ROUND(D86*C88,0) -> 93270989
B89: IVA | C89: 0.19 | D89: =+ROUND(D88*C89,0) -> 17721488
B90: CI | D90: =+ROUND(D87+D88+D89,0) -> 470272326
C92: ZONA 9
B93: TOTAL INTERVENCIONES | C93: Regional | D93: Valor
B94: 24 | C94: Valle_del_Cauca | D94: 3354691026
B95: PO | C95: ZONA 9 | D95: =+ROUND(SUM(D94),0) -> 3354691026
B96: CD | D96: =+ROUND(D95/$C$3,0) -> 2732278079
B97: A | C97: 0.1803 | D97: =+ROUND(D96*C97,0) -> 492629738
B98: U | C98: 0.05 | D98: =+ROUND(D96*C98,0) -> 136613904
B99: IVA | C99: 0.19 | D99: =+ROUND(D98*C99,0) -> 25956642
B100: CI | D100: =+ROUND(D97+D98+D99,0) -> 655200284
C102: ZONA 10
B103: TOTAL INTERVENCIONES | C103: Regional | D103: Valor
B104: 11 | C104: Nariño | D104: 1363004782
B105: 13 | C105: Cauca | D105: 1529272185
B106: PO | C106: ZONA 10 | D106: =+ROUND(SUM(D104:D105),0) -> 2892276967
B107: CD | D107: =+ROUND(D106/$C$3,0) -> 2355658061
B108: A | C108: 0.1773 | D108: =+ROUND(D107*C108,0) -> 417658174
B109: U | C109: 0.05 | D109: =+ROUND(D107*C109,0) -> 117782903
B110: IVA | C110: 0.19 | D110: =+ROUND(D109*C110,0) -> 22378752
B111: CI | D111: =+ROUND(D108+D109+D110,0) -> 557819829
C113: ZONA 11
...

Sheet AU PLAN A
C3: Realizar las obras de adecuacion a toto costo, que tiene por objeto: “OBRAS CIVILES DE ADECUACIÓN EN ESPACIOS FÍSICOS A NIVEL NACIONAL, PARA EL DESARROLLO MISIONAL DEL SERVICIO NACIONAL DE APRENDIZAJE-SENA- A MONTO AGOTABLE.”
C5: ANEXO. 05 - ANALISIS ADMINISTRACIÓN Y UTILIDAD PARA TODAS LAS ZONAS
C6: SON CRITERIOS MINIMOS. AJUSTAR SEGÚN NECESIDAD DE LA ZONA A OFERTAR, TENIENDO EN CUENTA LAS PAUTAS DEFINIDAS EN EL ESTUDIO PREVIO
C7: LP-DG-0005-2020
B11: PLAZO DE EJECUCIÓN | C11: 4.5 | H11: ZONA 1 | I11: VR. TOTAL | J11: ZONA 2 | K11: VR. TOTAL | L11: ZONA 3 | M11: VR. TOTAL | N11: ZONA 4 | O11: VR. TOTAL | P11: ZONA 5 | Q11: VR. TOTAL | R11: ZONA 6 | S11: VR. TOTAL | T11: ZONA 7 | U11: VR. TOTAL | V11: ZONA 8 | W11: VR. TOTAL | X11: ZONA 9 | Y11: VR. TOTAL | Z11: ZONA 10 | AA11: VR. TOTAL | AB11: ZONA 11 | AC11: VR. TOTAL | AD11: ZONA 12 | AE11: VR. TOTAL | AF11: ZONA 13 | AG11: VR. TOTAL | AH11: ZONA 14 | AI11: VR. TOTAL | AJ11: ZONA 15 | AK11: VR. TOTAL | AL11: SUMATORIA | AM11: VR. TOTAL
G12: CANTIDAD DE RESIDENTES --------> | H12: 3 | J12: 4 | L12: 2 | N12: 1 | P12: 2 | R12: 4 | T12: 2 | V12: 2 | X12: 3 | Z12: 2 | AB12: 3 | AD12: 2 | AF12: 4 | AH12: 4 | AJ12: 3 | AL12: =+SUM(H12:AJ12) -> 41
C13: DESCRIPCION | D13: UND | E13: PLAZO DE EJECUCIÓN | F13: % DE DEDICACIÓN | G13: VR. UNITARIO | H13: CANTIDAD / PROFESIONAL | J13: CANTIDAD / PROFESIONAL | L13: CANTIDAD / PROFESIONAL | N13: CANTIDAD / PROFESIONAL | P13: CANTIDAD / PROFESIONAL | R13: CANTIDAD / PROFESIONAL | T13: CANTIDAD / PROFESIONAL | V13: CANTIDAD / PROFESIONAL | X13: CANTIDAD / PROFESIONAL | Z13: CANTIDAD / PROFESIONAL | AB13: CANTIDAD / PROFESIONAL | AD13: CANTIDAD / PROFESIONAL | AF13: CANTIDAD / PROFESIONAL | AH13: CANTIDAD / PROFESIONAL | AJ13: CANTIDAD / PROFESIONAL | AL13: CANTIDAD / PROFESIONAL
B14: 1 | C14: PERSONAL DE OBRA (INCLUYEN PRESTACIONES)
B15: 1.1 | C15: DIRECTOR DE OBRA CON PRESTACIONES SOCIALES | D15: MES | E15: =+$C$11 -> 4.5 | F15: 1 | G15: 5000000 | H15: 1 | I15: =+$E15*$F15*$G15*H15 -> 22500000 | J15: 1 | K15: =+$E15*$F15*$G15*J15 -> 22500000 | L15: 1 | M15: =+$E15*$F15*$G15*L15 -> 22500000 | N15: 1 | O15: =+$E15*$F15*$G15*N15 -> 22500000 | P15: 1 | Q15: =+$E15*$F15*$G15*P15 -> 22500000 | R15: 1 | S15: =+$E15*$F15*$G15*R15 -> 22500000 | T15: 1 | U15: =+$E15*$F15*$G15*T15 -> 22500000 | V15: 1 | W15: =+$E15*$F15*$G15*V15 -> 22500000 | X15: 1 | Y15: =+$E15*$F15*$G15*X15 -> 22500000 | Z15: 1 | AA15: =+$E15*$F15*$G15*Z15 -> 22500000 | AB15: 1 | AC15: =+$E15*$F15*$G15*AB15 -> 22500000 | AD15: 1 | AE15: =+$E15*$F15*$G15*AD15 -> 22500000 | AF15: 1 | AG15: =+$E15*$F15*$G15*AF15 -> 22500000 | AH15: 2 | AI15: =+$E15*$F15*$G15*AH15 -> 45000000 | AJ15: 1 | AK15: =+$E15*$F15*$G15*AJ15 -> 22500000 | AL15: =+SUM(H15:AJ15) -> 337500016 | AM15: =+E15*AL15*F15*G15 -> 7.5937504e+15
B16: 1.2 | C16: RESIDENTE DE OBRA CON PRESTACIONES SOCIALES | D16: MES | E16: =+$C$11 -> 4.5 | F16: 1 | G16: 2500000 | H16: =+H12 -> 3 | I16: =+$E16*$F16*$G16*H16 -> 33750000 | J16: =+J12 -> 4 | K16: =+$E16*$F16*$G16*J16 -> 45000000 | L16: =+L12 -> 2 | M16: =+$E16*$F16*$G16*L16 -> 22500000 | N16: =+N12 -> 1 | O16: =+$E16*$F16*$G16*N16 -> 11250000 | P16: =+P12 -> 2 | Q16: =+$E16*$F16*$G16*P16 -> 22500000 | R16: =+R12 -> 4 | S16: =+$E16*$F16*$G16*R16 -> 45000000 | T16: =+T12 -> 2 | U16: =+$E16*$F16*$G16*T16 -> 22500000 | V16: =+V12 -> 2 | W16: =+$E16*$F16*$G16*V16 -> 22500000 | X16: =+X12 -> 3 | Y16: =+$E16*$F16*$G16*X16 -> 33750000 | Z16: =+Z12 -> 2 | AA16: =+$E16*$F16*$G16*Z16 -> 22500000 | AB16: =+AB12 -> 3 | AC16: =+$E16*$F16*$G16*AB16 -> 33750000 | AD16: =+AD12 -> 2 | AE16: =+$E16*$F16*$G16*AD16 -> 22500000 | AF16: =+AF12 -> 4 | AG16: =+$E16*$F16*$G16*AF16 -> 45000000 | AH16: =+AH12 -> 4 | AI16: =+$E16*$F16*$G16*AH16 -> 45000000 | AJ16: =+AJ12 -> 3 | AK16: =+$E16*$F16*$G16*AJ16 -> 33750000 | AL16: =+SUM(H16:AJ16) -> 427500041 | AM16: =+E16*AL16*F16*G16 -> 4.8093755e+15
B17: 1.3 | C17: ENCARGADO AREA ELECTRICA Y MECANICA | D17: MES | E17: =+$C$11 -> 4.5 | F17: 1 | G17: 2000000 | H17: 1 | I17: =+$E17*$F17*$G17*H17 -> 9000000 | J17: 1 | K17: =+$E17*$F17*$G17*J17 -> 9000000 | L17: 1 | M17: =+$E17*$F17*$G17*L17 -> 9000000 | N17: 1 | O17: =+$E17*$F17*$G17*N17 -> 9000000 | P17: 1 | Q17: =+$E17*$F17*$G17*P17 -> 9000000 | R17: 1 | S17: =+$E17*$F17*$G17*R17 -> 9000000 | T17: 1 | U17: =+$E17*$F17*$G17*T17 -> 9000000 | V17: 1 | W17: =+$E17*$F17*$G17*V17 -> 9000000 | X17: 1 | Y17: =+$E17*$F17*$G17*X17 -> 9000000 | Z17: 1 | AA17: =+$E17*$F17*$G17*Z17 -> 9000000 | AB17: 1 | AC17: =+$E17*$F17*$G17*AB17 -> 9000000 | AD17: 1 | AE17: =+$E17*$F17*$G17*AD17 -> 9000000 | AF17: 1 | AG17: =+$E17*$F17*$G17*AF17 -> 9000000 | AH17: 1 | AI17: =+$E17*$F17*$G17*AH17 -> 9000000 | AJ17: 1 | AK17: =+$E17*$F17*$G17*AJ17 -> 9000000 | AL17: =+SUM(H17:AJ17) -> 126000015 | AM17: =+E17*AL17*F17*G17 -> 1.1340001e+15
B18: 1.4 | C18: ENCARGADO AREA HIDROSANITARIA | D18: MES | E18: =+$C$11 -> 4.5 | F18: 1 | G18: 2000000 | H18: 1 | I18: =+$E18*$F18*$G18*H18 -> 9000000 | J18: 1 | K18: =+$E18*$F18*$G18*J18 -> 9000000 | L18: 1 | M18: =+$E18*$F18*$G18*L18 -> 9000000 | N18: 1 | O18: =+$E18*$F18*$G18*N18 -> 9000000 | P18: 1 | Q18: =+$E18*$F18*$G18*P18 -> 9000000 | R18: 1 | S18: =+$E18*$F18*$G18*R18 -> 9000000 | T18: 1 | U18: =+$E18*$F18*$G18*T18 -> 9000000 | V18: 1 | W18: =+$E18*$F18*$G18*V18 -> 9000000 | X18: 1 | Y18: =+$E18*$F18*$G18*X18 -> 9000000 | Z18: 1 | AA18: =+$E18*$F18*$G18*Z18 -> 9000000 | AB18: 1 | AC18: =+$E18*$F18*$G18*AB18 -> 9000000 | AD18: 1 | AE18: =+$E18*$F18*$G18*AD18 -> 9000000 | AF18: 1 | AG18: =+$E18*$F18*$G18*AF18 -> 9000000 | AH18: 1 | AI18: =+$E18*$F18*$G18*AH18 -> 9000000 | AJ18: 1 | AK18: =+$E18*$F18*$G18*AJ18 -> 9000000 | AL18: =+SUM(H18:AJ18) -> 126000015 | AM18: =+E18*AL18*F18*G18 -> 1.1340001e+15
B19: 1.5 | C19: ENCARGADO AMBIENTAL | D19: MES | E19: =+$C$11 -> 4.5 | F19: 1 | G19: 2000000 | H19: 1 | I19: =+$E19*$F19*$G19*H19 -> 9000000 | J19: 1 | K19: =+$E19*$F19*$G19*J19 -> 9000000 | L19: 1 | M19: =+$E19*$F19*$G19*L19 -> 9000000 | N19: 1 | O19: =+$E19*$F19*$G19*N19 -> 9000000 | P19: 1 | Q19: =+$E19*$F19*$G19*P19 -> 9000000 | R19: 1 | S19: =+$E19*$F19*$G19*R19 -> 9000000 | T19: 1 | U19: =+$E19*$F19*$G19*T19 -> 9000000 | V19: 1 | W19: =+$E19*$F19*$G19*V19 -> 9000000 | X19: 1 | Y19: =+$E19*$F19*$G19*X19 -> 9000000 | Z19: 1 | AA19: =+$E19*$F19*$G19*Z19 -> 9000000 | AB19: 1 | AC19: =+$E19*$F19*$G19*AB19 -> 9000000 | AD19: 1 | AE19: =+$E19*$F19*$G19*AD19 -> 9000000 | AF19: 1 | AG19: =+$E19*$F19*$G19*AF19 -> 9000000 | AH19: 1 | AI19: =+$E19*$F19*$G19*AH19 -> 9000000 | AJ19: 1 | AK19: =+$E19*$F19*$G19*AJ19 -> 9000000 | AL19: =+SUM(H19:AJ19) -> 126000015 | AM19: =+E19*AL19*F19*G19 -> 1.1340001e+15
B20: 1.6 | C20: ENCARGADO SEGURIDAD INDUSTRIAL CON SEGURIDAD SOCIAL | D20: MES | E20: =+$C$11 -> 4.5 | F20: 1 | G20: 1750000 | H20: 1 | I20: =+$E20*$F20*$G20*H20 -> 7875000 | J20: 1 | K20: =+$E20*$F20*$G20*J20 -> 7875000 | L20: 1 | M20: =+$E20*$F20*$G20*L20 -> 7875000 | N20: 1 | O20: =+$E20*$F20*$G20*N20 -> 7875000 | P20: 1 | Q20: =+$E20*$F20*$G20*P20 -> 7875000 | R20: 1 | S20: =+$E20*$F20*$G20*R20 -> 7875000 | T20: 1 | U20: =+$E20*$F20*$G20*T20 -> 7875000 | V20: 1 | W20: =+$E20*$F20*$G20*V20 -> 7875000 | X20: 1 | Y20: =+$E20*$F20*$G20*X20 -> 7875000 | Z20: 1 | AA20: =+$E20*$F20*$G20*Z20 -> 7875000 | AB20: 1 | AC20: =+$E20*$F20*$G20*AB20 -> 7875000 | AD20: 1 | AE20: =+$E20*$F20*$G20*AD20 -> 7875000 | AF20: 1 | AG20: =+$E20*$F20*$G20*AF20 -> 7875000 | AH20: 1 | AI20: =+$E20*$F20*$G20*AH20 -> 7875000 | AJ20: 1 | AK20: =+$E20*$F20*$G20*AJ20 -> 7875000 | AL20: =+SUM(H20:AJ20) -> 110250015 | AM20: =+E20*AL20*F20*G20 -> 868218868125000
C21: TOTAL PERSONAL DE OBRA (INCLUYEN PRESTACIONES) | I21: =SUM(I15:I20) -> 91125000 | K21: =SUM(K15:K20) -> 102375000 | M21: =SUM(M15:M20) -> 79875000 | O21: =SUM(O15:O20) -> 68625000 | Q21: =SUM(Q15:Q20) -> 79875000 | S21: =SUM(S15:S20) -> 102375000 | U21: =SUM(U15:U20) -> 79875000 | W21: =SUM(W15:W20) -> 79875000 | Y21: =SUM(Y15:Y20) -> 91125000 | AA21: =SUM(AA15:AA20) -> 79875000 | AC21: =SUM(AC15:AC20) -> 91125000 | AE21: =SUM(AE15:AE20) -> 79875000 | AG21: =SUM(AG15:AG20) -> 102375000 | AI21: =SUM(AI15:AI20) -> 124875000 | AK21: =SUM(AK15:AK20) -> 91125000 | AM21: =SUM(AM15:AM20) -> 1.6673345e+16
B23: 2 | C23: COSTOS DE SERVICIOS PUBLICOS (OBRA Y CAMPAMENTO)
B24: 2.1 | C24: ENERGIA (INCLUYE INSTALACIÓN PROVISIONAL) | D24: MES | E24: =+$C$11 -> 4.5 | G24: 250000 | H24: =+H16 -> 3 | I24: =+$E24*$G24*H24 -> 3375000 | J24: =+J16 -> 4 | K24: =+$E24*$G24*J24 -> 4500000 | L24: =+L16 -> 2 | M24: =+$E24*$G24*L24 -> 2250000 | N24: =+N16 -> 1 | O24: =+$E24*$G24*N24 -> 1125000 | P24: =+P16 -> 2 | Q24: =+$E24*$G24*P24 -> 2250000 | R24: =+R16 -> 4 | S24: =+$E24*$G24*R24 -> 4500000 | T24: =+T16 -> 2 | U24: =+$E24*$G24*T24 -> 2250000 | V24: =+V16 -> 2 | W24: =+$E24*$G24*V24 -> 2250000 | X24: =+X16 -> 3 | Y24: =+$E24*$G24*X24 -> 3375000 | Z24: =+Z16 -> 2 | AA24: =+$E24*$G24*Z24 -> 2250000 | AB24: =+AB16 -> 3 | AC24: =+$E24*$G24*AB24 -> 3375000 | AD24: =+AD16 -> 2 | AE24: =+$E24*$G24*AD24 -> 2250000 | AF24: =+AF16 -> 4 | AG24: =+$E24*$G24*AF24 -> 4500000 | AH24: =+AH16 -> 4 | AI24: =+$E24*$G24*AH24 -> 4500000 | AJ24: =+AJ16 -> 3 | AK24: =+$E24*$G24*AJ24 -> 3375000 | AL24: =+SUM(H24:AJ24) -> 42750041 | AM24: =+G24*E24*AL24 -> 48093796125000
B25: 2.2 | C25: AGUA - ALCANTARILLADO (INCLUYE INSTALACIÓN PROVISIONAL) | D25: MES | E25: =+$C$11 -> 4.5 | G25: 150000 | H25: =+H16 -> 3 | I25: =+$E25*$G25*H25 -> 2025000 | J25: =+J16 -> 4 | K25: =+$E25*$G25*J25 -> 2700000 | L25: =+L16 -> 2 | M25: =+$E25*$G25*L25 -> 1350000 | N25: =+N16 -> 1 | O25: =+$E25*$G25*N25 -> 675000 | P25: =+P16 -> 2 | Q25: =+$E25*$G25*P25 -> 1350000 | R25: =+R16 -> 4 | S25: =+$E25*$G25*R25 -> 2700000 | T25: =+T16 -> 2 | U25: =+$E25*$G25*T25 -> 1350000 | V25: =+V16 -> 2 | W25: =+$E25*$G25*V25 -> 1350000 | X25: =+X16 -> 3 | Y25: =+$E25*$G25*X25 -> 2025000 | Z25: =+Z16 -> 2 | AA25: =+$E25*$G25*Z25 -> 1350000 | AB25: =+AB16 -> 3 | AC25: =+$E25*$G25*AB25 -> 2025000 | AD25: =+AD16 -> 2 | AE25: =+$E25*$G25*AD25 -> 1350000 | AF25: =+AF16 -> 4 | AG25: =+$E25*$G25*AF25 -> 2700000 | AH25: =+AH16 -> 4 | AI25: =+$E25*$G25*AH25 -> 2700000 | AJ25: =+AJ16 -> 3 | AK25: =+$E25*$G25*AJ25 -> 2025000 | AL25: =+SUM(H25:AJ25) -> 25650041 | AM25: =+G25*E25*AL25 -> 17313777675000
B26: 2.3 | C26: INTERNET (PROVISIONAL) | D26: MES | E26: =+$C$11 -> 4.5 | G26: 150000 | H26: =+H16 -> 3 | I26: =+$E26*$G26*H26 -> 2025000 | J26: =+J16 -> 4 | K26: =+$E26*$G26*J26 -> 2700000 | L26: =+L16 -> 2 | M26: =+$E26*$G26*L26 -> 1350000 | N26: =+N16 -> 1 | O26: =+$E26*$G26*N26 -> 675000 | P26: =+P16 -> 2 | Q26: =+$E26*$G26*P26 -> 1350000 | R26: =+R16 -> 4 | S26: =+$E26*$G26*R26 -> 2700000 | T26: =+T16 -> 2 | U26: =+$E26*$G26*T26 -> 1350000 | V26: =+V16 -> 2 | W26: =+$E26*$G26*V26 -> 1350000 | X26: =+X16 -> 3 | Y26: =+$E26*$G26*X26 -> 2025000 | Z26: =+Z16 -> 2 | AA26: =+$E26*$G26*Z26 -> 1350000 | AB26: =+AB16 -> 3 | AC26: =+$E26*$G26*AB26 -> 2025000 | AD26: =+AD16 -> 2 | AE26: =+$E26*$G26*AD26 -> 1350000 | AF26: =+AF16 -> 4 | AG26: =+$E26*$G26*AF26 -> 2700000 | AH26: =+AH16 -> 4 | AI26: =+$E26*$G26*AH26 -> 2700000 | AJ26: =+AJ16 -> 3 | AK26: =+$E26*$G26*AJ26 -> 2025000 | AL26: =+SUM(H26:AJ26) -> 25650041 | AM26: =+G26*E26*AL26 -> 17313777675000
B27: 2.4 | C27: TELÉFONO (PROVISIONAL) | D27: MES | E27: =+$C$11 -> 4.5 | G27: 200000 | H27: =+H16 -> 3 | I27: =+$E27*$G27*H27 -> 2700000 | J27: =+J16 -> 4 | K27: =+$E27*$G27*J27 -> 3600000 | L27: =+L16 -> 2 | M27: =+$E27*$G27*L27 -> 1800000 | N27: =+N16 -> 1 | O27: =+$E27*$G27*N27 -> 900000 | P27: =+P16 -> 2 | Q27: =+$E27*$G27*P27 -> 1800000 | R27: =+R16 -> 4 | S27: =+$E27*$G27*R27 -> 3600000 | T27: =+T16 -> 2 | U27: =+$E27*$G27*T27 -> 1800000 | V27: =+V16 -> 2 | W27: =+$E27*$G27*V27 -> 1800000 | X27: =+X16 -> 3 | Y27: =+$E27*$G27*X27 -> 2700000 | Z27: =+Z16 -> 2 | AA27: =+$E27*$G27*Z27 -> 1800000 | AB27: =+AB16 -> 3 | AC27: =+$E27*$G27*AB27 -> 2700000 | AD27: =+AD16 -> 2 | AE27: =+$E27*$G27*AD27 -> 1800000 | AF27: =+AF16 -> 4 | AG27: =+$E27*$G27*AF27 -> 3600000 | AH27: =+AH16 -> 4 | AI27: =+$E27*$G27*AH27 -> 3600000 | AJ27: =+AJ16 -> 3 | AK27: =+$E27*$G27*AJ27 -> 2700000 | AL27: =+SUM(H27:AJ27) -> 34200041 | AM27: =+G27*E27*AL27 -> 30780036900000
C28: TOTAL COSTOS DE SERVICIOS PUBLICOS: | I28: =SUM(I24:I27) -> 10125000 | K28: =SUM(K24:K27) -> 13500000 | M28: =SUM(M24:M27) -> 6750000 | O28: =SUM(O24:O27) -> 3375000 | Q28: =SUM(Q24:Q27) -> 6750000 | S28: =SUM(S24:S27) -> 13500000 | U28: =SUM(U24:U27) -> 6750000 | W28: =SUM(W24:W27) -> 6750000 | Y28: =SUM(Y24:Y27) -> 10125000 | AA28: =SUM(AA24:AA27) -> 6750000 | AC28: =SUM(AC24:AC27) -> 10125000 | AE28: =SUM(AE24:AE27) -> 6750000 | AG28: =SUM(AG24:AG27) -> 13500000 | AI28: =SUM(AI24:AI27) -> 13500000 | AK28: =SUM(AK24:AK27) -> 10125000 | AM28: =SUM(AM24:AM27) -> 113501388375000
B30: 3 | C30: COSTOS DE DOTACION CAMPAMENTO E INSTALACIONES PROVISIONALES
B31: 3.1 | C31: COSTO PROPORCIONAL OFICINA CENTRAL | D31: MES | E31: =+$C$11 -> 4.5 | G31: 250000 | H31: =+H16 -> 3 | I31: =+$E31*$G31*H31 -> 3375000 | J31: =+J16 -> 4 | K31: =+$E31*$G31*J31 -> 4500000 | L31: =+L16 -> 2 | M31: =+$E31*$G31*L31 -> 2250000 | N31: =+N16 -> 1 | O31: =+$E31*$G31*N31 -> 1125000 | P31: =+P16 -> 2 | Q31: =+$E31*$G31*P31 -> 2250000 | R31: =+R16 -> 4 | S31: =+$E31*$G31*R31 -> 4500000 | T31: =+T16 -> 2 | U31: =+$E31*$G31*T31 -> 2250000 | V31: =+V16 -> 2 | W31: =+$E31*$G31*V31 -> 2250000 | X31: =+X16 -> 3 | Y31: =+$E31*$G31*X31 -> 3375000 | Z31: =+Z16 -> 2 | AA31: =+$E31*$G31*Z31 -> 2250000 | AB31: =+AB16 -> 3 | AC31: =+$E31*$G31*AB31 -> 3375000 | AD31: =+AD16 -> 2 | AE31: =+$E31*$G31*AD31 -> 2250000 | AF31: =+AF16 -> 4 | AG31: =+$E31*$G31*AF31 -> 4500000 | AH31: =+AH16 -> 4 | AI31: =+$E31*$G31*AH31 -> 4500000 | AJ31: =+AJ16 -> 3 | AK31: =+$E31*$G31*AJ31 -> 3375000 | AL31: =+SUM(H31:AJ31) -> 42750041 | AM31: =+G31*E31*AL31 -> 48093796125000
B32: 3.2 | C32: COMPUTADOR | D32: MES | E32: =+$C$11 -> 4.5 | G32: 150000 | H32: =+H16+H15 -> 4 | I32: =+$E32*$G32*H32 -> 2700000 | J32: =+J16+J15 -> 5 | K32: =+$E32*$G32*J32 -> 3375000 | L32: =+L16+L15 -> 3 | M32: =+$E32*$G32*L32 -> 2025000 | N32: =+N16+N15 -> 2 | O32: =+$E32*$G32*N32 -> 1350000 | P32: =+P16+P15 -> 3 | Q32: =+$E32*$G32*P32 -> 2025000 | R32: =+R16+R15 -> 5 | S32: =+$E32*$G32*R32 -> 3375000 | T32: =+T16+T15 -> 3 | U32: =+$E32*$G32*T32 -> 2025000 | V32: =+V16+V15 -> 3 | W32: =+$E32*$G32*V32 -> 2025000 | X32: =+X16+X15 -> 4 | Y32: =+$E32*$G32*X32 -> 2700000 | Z32: =+Z16+Z15 -> 3 | AA32: =+$E32*$G32*Z32 -> 2025000 | AB32: =+AB16+AB15 -> 4 | AC32: =+$E32*$G32*AB32 -> 2700000 | AD32: =+AD16+AD15 -> 3 | AE32: =+$E32*$G32*AD32 -> 2025000 | AF32: =+AF16+AF15 -> 5 | AG32: =+$E32*$G32*AF32 -> 3375000 | AH32: =+AH16+AH15 -> 6 | AI32: =+$E32*$G32*AH32 -> 4050000 | AJ32: =+AJ16+AJ15 -> 4 | AK32: =+$E32*$G32*AJ32 -> 2700000 | AL32: =+SUM(H32:AJ32) -> 35775057 | AM32: =+G32*E32*AL32 -> 24148163475000
B33: 3.3 | C33: MUEBLES | D33: GB | E33: 1 | G33: 400000 | H33: =+H16 -> 3 | I33: =+$E33*$G33*H33 -> 1200000 | J33: =+J16 -> 4 | K33: =+$E33*$G33*J33 -> 1600000 | L33: =+L16 -> 2 | M33: =+$E33*$G33*L33 -> 800000 | N33: =+N16 -> 1 | O33: =+$E33*$G33*N33 -> 400000 | P33: =+P16 -> 2 | Q33: =+$E33*$G33*P33 -> 800000 | R33: =+R16 -> 4 | S33: =+$E33*$G33*R33 -> 1600000 | T33: =+T16 -> 2 | U33: =+$E33*$G33*T33 -> 800000 | V33: =+V16 -> 2 | W33: =+$E33*$G33*V33 -> 800000 | X33: =+X16 -> 3 | Y33: =+$E33*$G33*X33 -> 1200000 | Z33: =+Z16 -> 2 | AA33: =+$E33*$G33*Z33 -> 800000 | AB33: =+AB16 -> 3 | AC33: =+$E33*$G33*AB33 -> 1200000 | AD33: =+AD16 -> 2 | AE33: =+$E33*$G33*AD33 -> 800000 | AF33: =+AF16 -> 4 | AG33: =+$E33*$G33*AF33 -> 1600000 | AH33: =+AH16 -> 4 | AI33: =+$E33*$G33*AH33 -> 1600000 | AJ33: =+AJ16 -> 3 | AK33: =+$E33*$G33*AJ33 -> 1200000 | AL33: =+SUM(H33:AJ33) -> 15200041 | AM33: =+G33*E33*AL33 -> 6080016400000
C34: TOTAL COSTOS DE DOTACION CAMPAMENTO: | I34: =SUM(I31:I33) -> 7275000 | K34: =SUM(K31:K33) -> 9475000 | M34: =SUM(M31:M33) -> 5075000 | O34: =SUM(O31:O33) -> 2875000 | Q34: =SUM(Q31:Q33) -> 5075000 | S34: =SUM(S31:S33) -> 9475000 | U34: =SUM(U31:U33) -> 5075000 | W34: =SUM(W31:W33) -> 5075000 | Y34: =SUM(Y31:Y33) -> 7275000 | AA34: =SUM(AA31:AA33) -> 5075000 | AC34: =SUM(AC31:AC33) -> 7275000 | AE34: =SUM(AE31:AE33) -> 5075000 | AG34: =SUM(AG31:AG33) -> 9475000 | AI34: =SUM(AI31:AI33) -> 10150000 | AK34: =SUM(AK31:AK33) -> 7275000 | AM34: =SUM(AM31:AM33) -> 78321976000000
B36: 4 | C36: OTROS - GASTOS GENERALES
B37: 4.1 | C37: SEGURIDAD INDUSTRIAL , DOTACIÓN Y PROTOCOLO COVID 19 | D37: % PERS | E37: 0.05 | I37: =+$E37*I$21 -> 4556250 | K37: =+$E37*K$21 -> 5118750 | M37: =+$E37*M$21 -> 3993750 | O37: =+$E37*O$21 -> 3431250 | Q37: =+$E37*Q$21 -> 3993750 | S37: =+$E37*S$21 -> 5118750 | U37: =+$E37*U$21 -> 3993750 | W37: =+$E37*W$21 -> 3993750 | Y37: =+$E37*Y$21 -> 4556250 | AA37: =+$E37*AA$21 -> 3993750 | AC37: =+$E37*AC$21 -> 4556250 | AE37: =+$E37*AE$21 -> 3993750 | AG37: =+$E37*AG$21 -> 5118750 | AI37: =+$E37*AI$21 -> 6243750 | AK37: =+$E37*AK$21 -> 4556250 | AM37: =+AM21*E37 -> 833667254718750
B38: 4.2 | C38: ENSAYOS DE LABORATORIO PARA MATERIALES, PRUEBAS DE CARGA Y OTROS QUE SEAN REQUERIDOS | D38: MES | E38: 1 | G38: 400000 | H38: =+H16 -> 3 | I38: =+$E38*$G38*H38 -> 1200000 | J38: =+J16 -> 4 | K38: =+$E38*$G38*J38 -> 1600000 | L38: =+L16 -> 2 | M38: =+$E38*$G38*L38 -> 800000 | N38: =+N16 -> 1 | O38: =+$E38*$G38*N38 -> 400000 | P38: =+P16 -> 2 | Q38: =+$E38*$G38*P38 -> 800000 | R38: =+R16 -> 4 | S38: =+$E38*$G38*R38 -> 1600000 | T38: =+T16 -> 2 | U38: =+$E38*$G38*T38 -> 800000 | V38: =+V16 -> 2 | W38: =+$E38*$G38*V38 -> 800000 | X38: =+X16 -> 3 | Y38: =+$E38*$G38*X38 -> 1200000 | Z38: =+Z16 -> 2 | AA38: =+$E38*$G38*Z38 -> 800000 | AB38: =+AB16 -> 3 | AC38: =+$E38*$G38*AB38 -> 1200000 | AD38: =+AD16 -> 2 | AE38: =+$E38*$G38*AD38 -> 800000 | AF38: =+AF16 -> 4 | AG38: =+$E38*$G38*AF38 -> 1600000 | AH38: =+AH16 -> 4 | AI38: =+$E38*$G38*AH38 -> 1600000 | AJ38: =+AJ16 -> 3 | AK38: =+$E38*$G38*AJ38 -> 1200000 | AL38: =+SUM(H38:AJ38) -> 15200041 | AM38: =+G38*E38*AL38 -> 6080016400000
B39: 4.3 | C39: MANTENIMIENTO EQUIPOS/HERRAMIENTAS | D39: MES | E39: =+$C$11 -> 4.5 | G39: 200000 | H39: =+H16 -> 3 | I39: =+$E39*$G39*H39 -> 2700000 | J39: =+J16 -> 4 | K39: =+$E39*$G39*J39 -> 3600000 | L39: =+L16 -> 2 | M39: =+$E39*$G39*L39 -> 1800000 | N39: =+N16 -> 1 | O39: =+$E39*$G39*N39 -> 900000 | P39: =+P16 -> 2 | Q39: =+$E39*$G39*P39 -> 1800000 | R39: =+R16 -> 4 | S39: =+$E39*$G39*R39 -> 3600000 | T39: =+T16 -> 2 | U39: =+$E39*$G39*T39 -> 1800000 | V39: =+V16 -> 2 | W39: =+$E39*$G39*V39 -> 1800000 | X39: =+X16 -> 3 | Y39: =+$E39*$G39*X39 -> 2700000 | Z39: =+Z16 -> 2 | AA39: =+$E39*$G39*Z39 -> 1800000 | AB39: =+AB16 -> 3 | AC39: =+$E39*$G39*AB39 -> 2700000 | AD39: =+AD16 -> 2 | AE39: =+$E39*$G39*AD39 -> 1800000 | AF39: =+AF16 -> 4 | AG39: =+$E39*$G39*AF39 -> 3600000 | AH39: =+AH16 -> 4 | AI39: =+$E39*$G39*AH39 -> 3600000 | AJ39: =+AJ16 -> 3 | AK39: =+$E39*$G39*AJ39 -> 2700000 | AL39: =+SUM(H39:AJ39) -> 34200041 | AM39: =+G39*E39*AL39 -> 30780036900000
B40: 4.4 | C40: PAPELERIA Y EMPASTES | D40: MES | E40: =+$C$11 -> 4.5 | G40: 150000 | H40: =+H16 -> 3 | I40: =+$E40*$G40*H40 -> 2025000 | J40: =+J16 -> 4 | K40: =+$E40*$G40*J40 -> 2700000 | L40: =+L16 -> 2 | M40: =+$E40*$G40*L40 -> 1350000 | N40: =+N16 -> 1 | O40: =+$E40*$G40*N40 -> 675000 | P40: =+P16 -> 2 | Q40: =+$E40*$G40*P40 -> 1350000 | R40: =+R16 -> 4 | S40: =+$E40*$G40*R40 -> 2700000 | T40: =+T16 -> 2 | U40: =+$E40*$G40*T40 -> 1350000 | V40: =+V16 -> 2 | W40: =+$E40*$G40*V40 -> 1350000 | X40: =+X16 -> 3 | Y40: =+$E40*$G40*X40 -> 2025000 | Z40: =+Z16 -> 2 | AA40: =+$E40*$G40*Z40 -> 1350000 | AB40: =+AB16 -> 3 | AC40: =+$E40*$G40*AB40 -> 2025000 | AD40: =+AD16 -> 2 | AE40: =+$E40*$G40*AD40 -> 1350000 | AF40: =+AF16 -> 4 | AG40: =+$E40*$G40*AF40 -> 2700000 | AH40: =+AH16 -> 4 | AI40: =+$E40*$G40*AH40 -> 2700000 | AJ40: =+AJ16 -> 3 | AK40: =+$E40*$G40*AJ40 -> 2025000 | AL40: =+SUM(H40:AJ40) -> 25650041 | AM40: =+G40*E40*AL40 -> 17313777675000
B41: 4.5 | C41: REGISTRO FOTOGRÁFICO / VIDEOS / INFORMES | D41: MES | E41: =+$C$11 -> 4.5 | G41: 100000 | H41: =+H16 -> 3 | I41: =+$E41*$G41*H41 -> 1350000 | J41: =+J16 -> 4 | K41: =+$E41*$G41*J41 -> 1800000 | L41: =+L16 -> 2 | M41: =+$E41*$G41*L41 -> 900000 | N41: =+N16 -> 1 | O41: =+$E41*$G41*N41 -> 450000 | P41: =+P16 -> 2 | Q41: =+$E41*$G41*P41 -> 900000 | R41: =+R16 -> 4 | S41: =+$E41*$G41*R41 -> 1800000 | T41: =+T16 -> 2 | U41: =+$E41*$G41*T41 -> 900000 | V41: =+V16 -> 2 | W41: =+$E41*$G41*V41 -> 900000 | X41: =+X16 -> 3 | Y41: =+$E41*$G41*X41 -> 1350000 | Z41: =+Z16 -> 2 | AA41: =+$E41*$G41*Z41 -> 900000 | AB41: =+AB16 -> 3 | AC41: =+$E41*$G41*AB41 -> 1350000 | AD41: =+AD16 -> 2 | AE41: =+$E41*$G41*AD41 -> 900000 | AF41: =+AF16 -> 4 | AG41: =+$E41*$G41*AF41 -> 1800000 | AH41: =+AH16 -> 4 | AI41: =+$E41*$G41*AH41 -> 1800000 | AJ41: =+AJ16 -> 3 | AK41: =+$E41*$G41*AJ41 -> 1350000 | AL41: =+SUM(H41:AJ41) -> 17100041 | AM41: =+G41*E41*AL41 -> 7695018450000
B42: 4.6 | C42: PLOTEADA PLANOS, COPIA PLANOS Y FOTOCOPIAS | D42: GB | E42: 1 | G42: 400000 | H42: =+H16 -> 3 | I42: =+$E42*$G42*H42 -> 1200000 | J42: =+J16 -> 4 | K42: =+$E42*$G42*J42 -> 1600000 | L42: =+L16 -> 2 | M42: =+$E42*$G42*L42 -> 800000 | N42: =+N16 -> 1 | O42: =+$E42*$G42*N42 -> 400000 | P42: =+P16 -> 2 | Q42: =+$E42*$G42*P42 -> 800000 | R42: =+R16 -> 4 | S42: =+$E42*$G42*R42 -> 1600000 | T42: =+T16 -> 2 | U42: =+$E42*$G42*T42 -> 800000 | V42: =+V16 -> 2 | W42: =+$E42*$G42*V42 -> 800000 | X42: =+X16 -> 3 | Y42: =+$E42*$G42*X42 -> 1200000 | Z42: =+Z16 -> 2 | AA42: =+$E42*$G42*Z42 -> 800000 | AB42: =+AB16 -> 3 | AC42: =+$E42*$G42*AB42 -> 1200000 | AD42: =+AD16 -> 2 | AE42: =+$E42*$G42*AD42 -> 800000 | AF42: =+AF16 -> 4 | AG42: =+$E42*$G42*AF42 -> 1600000 | AH42: =+AH16 -> 4 | AI42: =+$E42*$G42*AH42 -> 1600000 | AJ42: =+AJ16 -> 3 | AK42: =+$E42*$G42*AJ42 -> 1200000 | AL42: =+SUM(H42:AJ42) -> 15200041 | AM42: =+G42*E42*AL42 -> 6080016400000
B43: 4.7 | C43: PLANOS RECORD | D43: GB | E43: 1 | G43: 800000 | H43: =+H16 -> 3 | I43: =+$E43*$G43*H43 -> 2400000 | J43: =+J16 -> 4 | K43: =+$E43*$G43*J43 -> 3200000 | L43: =+L16 -> 2 | M43: =+$E43*$G43*L43 -> 1600000 | N43: =+N16 -> 1 | O43: =+$E43*$G43*N43 -> 800000 | P43: =+P16 -> 2 | Q43: =+$E43*$G43*P43 -> 1600000 | R43: =+R16 -> 4 | S43: =+$E43*$G43*R43 -> 3200000 | T43: =+T16 -> 2 | U43: =+$E43*$G43*T43 -> 1600000 | V43: =+V16 -> 2 | W43: =+$E43*$G43*V43 -> 1600000 | X43: =+X16 -> 3 | Y43: =+$E43*$G43*X43 -> 2400000 | Z43: =+Z16 -> 2 | AA43: =+$E43*$G43*Z43 -> 1600000 | AB43: =+AB16 -> 3 | AC43: =+$E43*$G43*AB43 -> 2400000 | AD43: =+AD16 -> 2 | AE43: =+$E43*$G43*AD43 -> 1600000 | AF43: =+AF16 -> 4 | AG43: =+$E43*$G43*AF43 -> 3200000 | AH43: =+AH16 -> 4 | AI43: =+$E43*$G43*AH43 -> 3200000 | AJ43: =+AJ16 -> 3 | AK43: =+$E43*$G43*AJ43 -> 2400000 | AL43: =+SUM(H43:AJ43) -> 30400041 | AM43: =+G43*E43*AL43 -> 24320032800000
B44: 4.8 | C44: TRANSPORTES Y MOVILIZACIÓN (NO INCLUIDOS EN LOS COSTOS DIRECTOS) | D44: MES | E44: =+$C$11 -> 4.5 | G44: 820428.57 | H44: 1 | I44: =+$E44*$G44*H44 -> 3691928.6 | J44: 1 | K44: =+$E44*$G44*J44 -> 3691928.6 | L44: 1 | M44: =+$E44*$G44*L44 -> 3691928.6 | N44: 1 | O44: =+$E44*$G44*N44 -> 3691928.6 | P44: 1 | Q44: =+$E44*$G44*P44 -> 3691928.6 | R44: 1 | S44: =+$E44*$G44*R44 -> 3691928.6 | T44: 1 | U44: =+$E44*$G44*T44 -> 3691928.6 | V44: 1 | W44: =+$E44*$G44*V44 -> 3691928.6 | X44: 1 | Y44: =+$E44*$G44*X44 -> 3691928.6 | Z44: 1 | AA44: =+$E44*$G44*Z44 -> 3691928.6 | AB44: 1 | AC44: =+$E44*$G44*AB44 -> 3691928.6 | AD44: 1 | AE44: =+$E44*$G44*AD44 -> 3691928.6 | AF44: 1 | AG44: =+$E44*$G44*AF44 -> 3691928.6 | AH44: 1 | AI44: =+$E44*$G44*AH44 -> 3691928.6 | AJ44: 1 | AK44: =+$E44*$G44*AJ44 -> 3691928.6 | AL44: =+SUM(H44:AJ44) -> 51687015 | AM44: =+G44*E44*AL44 -> 1.9082477e+14
B45: 4.9 | C45: VIATICOS Y MANUTENCIÓN PERSONAL ADMINISTRATIVO | D45: MES | E45: =+$C$11 -> 4.5 | G45: 1000000 | H45: =+H16 -> 3 | I45: =+$E45*$G45*H45 -> 13500000 | J45: =+J16 -> 4 | K45: =+$E45*$G45*J45 -> 18000000 | L45: =+L16 -> 2 | M45: =+$E45*$G45*L45 -> 9000000 | N45: =+N16 -> 1 | O45: =+$E45*$G45*N45 -> 4500000 | P45: =+P16 -> 2 | Q45: =+$E45*$G45*P45 -> 9000000 | R45: =+R16 -> 4 | S45: =+$E45*$G45*R45 -> 18000000 | T45: =+T16 -> 2 | U45: =+$E45*$G45*T45 -> 9000000 | V45: =+V16 -> 2 | W45: =+$E45*$G45*V45 -> 9000000 | X45: =+X16 -> 3 | Y45: =+$E45*$G45*X45 -> 13500000 | Z45: =+Z16 -> 2 | AA45: =+$E45*$G45*Z45 -> 9000000 | AB45: =+AB16 -> 3 | AC45: =+$E45*$G45*AB45 -> 13500000 | AD45: =+AD16 -> 2 | AE45: =+$E45*$G45*AD45 -> 9000000 | AF45: =+AF16 -> 4 | AG45: =+$E45*$G45*AF45 -> 18000000 | AH45: =+AH16 -> 4 | AI45: =+$E45*$G45*AH45 -> 18000000 | AJ45: =+AJ16 -> 3 | AK45: =+$E45*$G45*AJ45 -> 13500000 | AL45: =+SUM(H45:AJ45) -> 171000041 | AM45: =+G45*E45*AL45 -> 769500184500000
C46: TOTAL OTROS - GASTOS GENERALES: | I46: =SUM(I37:I45) -> 32623179 | K46: =SUM(K37:K45) -> 41310679 | M46: =SUM(M37:M45) -> 23935679 | O46: =SUM(O37:O45) -> 15248179 | Q46: =SUM(Q37:Q45) -> 23935679 | S46: =SUM(S37:S45) -> 41310679 | U46: =SUM(U37:U45) -> 23935679 | W46: =SUM(W37:W45) -> 23935679 | Y46: =SUM(Y37:Y45) -> 32623179 | AA46: =SUM(AA37:AA45) -> 23935679 | AC46: =SUM(AC37:AC45) -> 32623179 | AE46: =SUM(AE37:AE45) -> 23935679 | AG46: =SUM(AG37:AG45) -> 41310679 | AI46: =SUM(AI37:AI45) -> 42435679 | AK46: =SUM(AK37:AK45) -> 32623179 | AM46: =SUM(AM37:AM45) -> 1.8862611e+15
B48: 5 | C48: COSTOS DE LEGALIZACION DEL CONTRATO (POLIZAS)
B49: 5.1 | C49: CUMPLIMIENTO | D49: UN | E49: 1 | F49: 0.00026 | H49: 0.00026 | I49: =+$E49*$F49*I$78 -> 689741.53 | K49: =+$E49*$F49*K$78 -> 1127393.4 | M49: =+$E49*$F49*M$78 -> 882903.04 | O49: =+$E49*$F49*O$78 -> 364179.83 | Q49: =+$E49*$F49*Q$78 -> 409325.01 | S49: =+$E49*$F49*S$78 -> 1539914.3 | U49: =+$E49*$F49*U$78 -> 877925.73 | W49: =+$E49*$F49*W$78 -> 595494.22 | Y49: =+$E49*$F49*Y$78 -> 872219.67 | AA49: =+$E49*$F49*AA$78 -> 751992.01 | AC49: =+$E49*$F49*AC$78 -> 965794.86 | AE49: =+$E49*$F49*AE$78 -> 835214.12 | AG49: =+$E49*$F49*AG$78 -> 1301172.3 | AI49: =+$E49*$F49*AI$78 -> 1868398 | AK49: =+$E49*$F49*AK$78 -> 1183194.4
B50: 5.2 | C50: AMPARO DE SALARIOS Y PREST. SOCIALES | D50: UN | E50: 1 | F50: 0.00024 | H50: 0.00024 | I50: =+$E50*$F50*$I$78 -> 636684.49 | K50: =+$E50*$F50*K$78 -> 1040670.8 | M50: =+$E50*$F50*M$78 -> 814987.42 | O50: =+$E50*$F50*O$78 -> 336166 | Q50: =+$E50*$F50*Q$78 -> 377838.47 | S50: =+$E50*$F50*S$78 -> 1421459.4 | U50: =+$E50*$F50*U$78 -> 810392.98 | W50: =+$E50*$F50*W$78 -> 549686.98 | Y50: =+$E50*$F50*Y$78 -> 805125.85 | AA50: =+$E50*$F50*AA$78 -> 694146.47 | AC50: =+$E50*$F50*AC$78 -> 891502.95 | AE50: =+$E50*$F50*AE$78 -> 770966.88 | AG50: =+$E50*$F50*AG$78 -> 1201082.1 | AI50: =+$E50*$F50*AI$78 -> 1724675 | AK50: =+$E50*$F50*AK$78 -> 1092179.4
B51: 5.3 | C51: AMPARO DE ANTICIPO | D51: UN | E51: 1 | F51: 0.00032 | H51: 0.00032 | I51: =+$E51*$F51*$I$78 -> 848912.65 | K51: =+$E51*$F51*K$78 -> 1387561.1 | M51: =+$E51*$F51*M$78 -> 1086649.9 | O51: =+$E51*$F51*O$78 -> 448221.33 | Q51: =+$E51*$F51*Q$78 -> 503784.62 | S51: =+$E51*$F51*S$78 -> 1895279.2 | U51: =+$E51*$F51*U$78 -> 1080524 | W51: =+$E51*$F51*W$78 -> 732915.97 | Y51: =+$E51*$F51*Y$78 -> 1073501.1 | AA51: =+$E51*$F51*AA$78 -> 925528.63 | AC51: =+$E51*$F51*AC$78 -> 1188670.6 | AE51: =+$E51*$F51*AE$78 -> 1027955.8 | AG51: =+$E51*$F51*AG$78 -> 1601442.8 | AI51: =+$E51*$F51*AI$78 -> 2299566.7 | AK51: =+$E51*$F51*AK$78 -> 1456239.2
B52: 5.4 | C52: RESPONSABILIDAD CIVIL EXTRACONTRACTUAL | D52: UN | E52: 1 | F52: 0.00032 | H52: 0.00032 | I52: =+$E52*$F52*$I$78 -> 848912.65 | K52: =+$E52*$F52*K$78 -> 1387561.1 | M52: =+$E52*$F52*M$78 -> 1086649.9 | O52: =+$E52*$F52*O$78 -> 448221.33 | Q52: =+$E52*$F52*Q$78 -> 503784.62 | S52: =+$E52*$F52*S$78 -> 1895279.2 | U52: =+$E52*$F52*U$78 -> 1080524 | W52: =+$E52*$F52*W$78 -> 732915.97 | Y52: =+$E52*$F52*Y$78 -> 1073501.1 | AA52: =+$E52*$F52*AA$78 -> 925528.63 | AC52: =+$E52*$F52*AC$78 -> 1188670.6 | AE52: =+$E52*$F52*AE$78 -> 1027955.8 | AG52: =+$E52*$F52*AG$78 -> 1601442.8 | AI52: =+$E52*$F52*AI$78 -> 2299566.7 | AK52: =+$E52*$F52*AK$78 -> 1456239.2
B53: 5.5 | C53: ESTABILIDAD DE OBRA | D53: UN | E53: 1 | F53: 0.00217 | H53: 0.00217 | I53: =+$E53*$F53*$I$78 -> 5756688.9 | K53: =+$E53*$F53*K$78 -> 9409398.6 | M53: =+$E53*$F53*M$78 -> 7368844.6 | O53: =+$E53*$F53*O$78 -> 3039500.9 | Q53: =+$E53*$F53*Q$78 -> 3416289.5 | S53: =+$E53*$F53*S$78 -> 12852362 | U53: =+$E53*$F53*U$78 -> 7327303.2 | W53: =+$E53*$F53*W$78 -> 4970086.4 | Y53: =+$E53*$F53*Y$78 -> 7279679.5 | AA53: =+$E53*$F53*AA$78 -> 6276241 | AC53: =+$E53*$F53*AC$78 -> 8060672.5 | AE53: =+$E53*$F53*AE$78 -> 6970825.5 | AG53: =+$E53*$F53*AG$78 -> 10859784 | AI53: =+$E53*$F53*AI$78 -> 15593937 | AK53: =+$E53*$F53*AK$78 -> 9875122.3
C54: TOTAL COSTOS DE LEGALIZACION DEL CONTRATO: | I54: =SUM(I49:I53) -> 8780940.3 | K54: =SUM(K49:K53) -> 14352585 | M54: =SUM(M49:M53) -> 11240035 | O54: =SUM(O49:O53) -> 4636289.4 | Q54: =SUM(Q49:Q53) -> 5211022.2 | S54: =SUM(S49:S53) -> 19604294 | U54: =SUM(U49:U53) -> 11176670 | W54: =SUM(W49:W53) -> 7581099.5 | Y54: =SUM(Y49:Y53) -> 11104027 | AA54: =SUM(AA49:AA53) -> 9573436.8 | AC54: =SUM(AC49:AC53) -> 12295311 | AE54: =SUM(AE49:AE53) -> 10632918 | AG54: =SUM(AG49:AG53) -> 16564924 | AI54: =SUM(AI49:AI53) -> 23786143 | AK54: =SUM(AK49:AK53) -> 15062975 | AM54: =SUM(AM49:AM53) -> 0
B56: 6 | C56: COSTOS DE IMPUESTOS O CARGA IMPOSITIVA
B57: 6.1 | C57: RETEFUENTE | D57: GB | E57: 1 | F57: 0.02 | I57: =+$E57*$F57*$I$78 -> 53057041 | K57: =+$E57*$F57*K$78 -> 86722568 | M57: =+$E57*$F57*M$78 -> 67915618 | O57: =+$E57*$F57*O$78 -> 28013833 | Q57: =+$E57*$F57*Q$78 -> 31486539 | S57: =+$E57*$F57*S$78 -> 1.1845495e+08 | U57: =+$E57*$F57*U$78 -> 67532748 | W57: =+$E57*$F57*W$78 -> 45807248 | Y57: =+$E57*$F57*Y$78 -> 67093821 | AA57: =+$E57*$F57*AA$78 -> 57845539 | AC57: =+$E57*$F57*AC$78 -> 74291912 | AE57: =+$E57*$F57*AE$78 -> 64247240 | AG57: =+$E57*$F57*AG$78 -> 1.0009018e+08 | AI57: =+$E57*$F57*AI$78 -> 1.4372292e+08 | AK57: =+$E57*$F57*AK$78 -> 91014952 | AM57: =+$AM$78*F57 -> 1.0972971e+09
B58: 6.2 | C58: RETEICA (vr. Total del contrato X 1%) | D58: GB | E58: 1 | F58: 0.01 | I58: =+$E58*$F58*$I$78 -> 26528520 | K58: =+$E58*$F58*K$78 -> 43361284 | M58: =+$E58*$F58*M$78 -> 33957809 | O58: =+$E58*$F58*O$78 -> 14006917 | Q58: =+$E58*$F58*Q$78 -> 15743270 | S58: =+$E58*$F58*S$78 -> 59227474 | U58: =+$E58*$F58*U$78 -> 33766374 | W58: =+$E58*$F58*W$78 -> 22903624 | Y58: =+$E58*$F58*Y$78 -> 33546910 | AA58: =+$E58*$F58*AA$78 -> 28922770 | AC58: =+$E58*$F58*AC$78 -> 37145956 | AE58: =+$E58*$F58*AE$78 -> 32123620 | AG58: =+$E58*$F58*AG$78 -> 50045088 | AI58: =+$E58*$F58*AI$78 -> 71861460 | AK58: =+$E58*$F58*AK$78 -> 45507476 | AM58: =+$AM$78*F58 -> 5.4864855e+08
B59: 6.3 | C59: IMPUESTO LEY 1106 DE 2,006 | D59: GB | E59: 1 | F59: 0.05 | I59: =+$E59*$F59*$I$78 -> 1.326426e+08 | K59: =+$E59*$F59*K$78 -> 2.1680642e+08 | M59: =+$E59*$F59*M$78 -> 1.6978905e+08 | O59: =+$E59*$F59*O$78 -> 70034583 | Q59: =+$E59*$F59*Q$78 -> 78716348 | S59: =+$E59*$F59*S$78 -> 2.9613737e+08 | U59: =+$E59*$F59*U$78 -> 1.6883187e+08 | W59: =+$E59*$F59*W$78 -> 1.1451812e+08 | Y59: =+$E59*$F59*Y$78 -> 1.6773455e+08 | AA59: =+$E59*$F59*AA$78 -> 1.4461385e+08 | AC59: =+$E59*$F59*AC$78 -> 1.8572978e+08 | AE59: =+$E59*$F59*AE$78 -> 1.606181e+08 | AG59: =+$E59*$F59*AG$78 -> 2.5022544e+08 | AI59: =+$E59*$F59*AI$78 -> 3.593073e+08 | AK59: =+$E59*$F59*AK$78 -> 2.2753738e+08 | AM59: =+$AM$78*F59 -> 2.7432428e+09
B60: 6.4 | C60: ESTAMPILLA PRO UNIVERSIDAD | D60: GB | E60: 1 | F60: 0.02 | I60: =+$E60*$F60*$I$78 -> 53057041 | K60: =+$E60*$F60*K$78 -> 86722568 | M60: =+$E60*$F60*M$78 -> 67915618 | O60: =+$E60*$F60*O$78 -> 28013833 | Q60: =+$E60*$F60*Q$78 -> 31486539 | S60: =+$E60*$F60*S$78 -> 1.1845495e+08 | U60: =+$E60*$F60*U$78 -> 67532748 | W60: =+$E60*$F60*W$78 -> 45807248 | Y60: =+$E60*$F60*Y$78 -> 67093821 | AA60: =+$E60*$F60*AA$78 -> 57845539 | AC60: =+$E60*$F60*AC$78 -> 74291912 | AE60: =+$E60*$F60*AE$78 -> 64247240 | AG60: =+$E60*$F60*AG$78 -> 1.0009018e+08 | AI60: =+$E60*$F60*AI$78 -> 1.4372292e+08 | AK60: =+$E60*$F60*AK$78 -> 91014952 | AM60: =+$AM$78*F60 -> 1.0972971e+09
C61: TOTAL COSTOS DE IMPUESTOS: | I61: =SUM(I57:I60) -> 2.652852e+08 | K61: =SUM(K57:K60) -> 4.3361284e+08 | M61: =SUM(M57:M60) -> 3.3957809e+08 | O61: =SUM(O57:O60) -> 1.4006917e+08 | Q61: =SUM(Q57:Q60) -> 1.574327e+08 | S61: =SUM(S57:S60) -> 5.9227474e+08 | U61: =SUM(U57:U60) -> 3.3766374e+08 | W61: =SUM(W57:W60) -> 2.2903624e+08 | Y61: =SUM(Y57:Y60) -> 3.354691e+08 | AA61: =SUM(AA57:AA60) -> 2.892277e+08 | AC61: =SUM(AC57:AC60) -> 3.7145956e+08 | AE61: =SUM(AE57:AE60) -> 3.212362e+08 | AG61: =SUM(AG57:AG60) -> 5.0045088e+08 | AI61: =SUM(AI57:AI60) -> 7.186146e+08 | AK61: =SUM(AK57:AK60) -> 4.5507476e+08 | AM61: =SUM(AM57:AM60) -> 5.4864855e+09
I62: =ROUND(SUM(I28+I54+I34+I61+I46+I21),0) -> 415214323 | K62: =ROUND(SUM(K28+K54+K34+K61+K46+K21),0) -> 614626104 | M62: =ROUND(SUM(M28+M54+M34+M61+M46+M21),0) -> 466453805 | O62: =ROUND(SUM(O28+O54+O34+O61+O46+O21),0) -> 234828634 | Q62: =ROUND(SUM(Q28+Q54+Q34+Q61+Q46+Q21),0) -> 278279396 | S62: =ROUND(SUM(S28+S54+S34+S61+S46+S21),0) -> 778539715 | U62: =ROUND(SUM(U28+U54+U34+U61+U46+U21),0) -> 464476091 | W62: =ROUND(SUM(W28+W54+W34+W61+W46+W21),0) -> 352253018 | Y62: =ROUND(SUM(Y28+Y54+Y34+Y61+Y46+Y21),0) -> 487721308 | AA62: =ROUND(SUM(AA28+AA54+AA34+AA61+AA46+AA21),0) -> 414436812 | AC62: =ROUND(SUM(AC28+AC54+AC34+AC61+AC46+AC21),0) -> 524903051 | AE62: =ROUND(SUM(AE28+AE54+AE34+AE61+AE46+AE21),0) -> 447504796 | AG62: =ROUND(SUM(AG28+AG54+AG34+AG61+AG46+AG21),0) -> 683676488 | AI62: =ROUND(SUM(AI28+AI54+AI34+AI61+AI46+AI21),0) -> 933361425 | AK62: =ROUND(SUM(AK28+AK54+AK34+AK61+AK46+AK21),0) -> 611285915
G63: TOTAL ADMINISTRACION | H63: 0.1966 | I63: =+H63*I73 -> 4.1521432e+08 | J63: 0.175 | K63: =+J63*K73 -> 6.1468001e+08 | L63: 0.1687 | M63: =+L63*M73 -> 4.6642912e+08 | N63: 0.2134 | O63: =+N63*O73 -> 2.348241e+08 | P63: 0.2275 | Q63: =+P63*Q73 -> 2.7829012e+08 | R63: 0.1604 | S63: =+R63*S73 -> 7.7875948e+08 | T63: 0.169 | U63: =+T63*U73 -> 4.6451097e+08 | V63: 0.1926 | W63: =+V63*W73 -> 3.5230716e+08 | X63: 0.1803 | Y63: =+X63*Y73 -> 4.8786158e+08 | Z63: 0.1773 | AA63: =+Z63*AA73 -> 4.1461894e+08 | AB63: 0.1744 | AC63: =+AB63*AC73 -> 5.2502267e+08 | AD63: 0.1715 | AE63: =+AD63*AE73 -> 4.4753865e+08 | AF63: 0.1677 | AG63: =+AF63*AG73 -> 6.8387886e+08 | AH63: 0.1582 | AI63: =+AH63*AI73 -> 9.3360294e+08 | AJ63: 0.1645 | AK63: =+AJ63*AK73 -> 6.1159966e+08 | AL63: =+AM63/AM73 -> 419631.33 | AM63: =ROUND(SUM(AM28+AM54+AM34+AM61+AM46+AM21),0) -> 1.8751435e+16
I64: =+I63-I62 -> 0.58124352 | K64: =+K63-K62 -> 53904.384 | M64: =+M63-M62 -> -24688.653 | O64: =+O63-O62 -> -4530.6945 | Q64: =+Q63-Q62 -> 10721.778 | S64: =+S63-S62 -> 219763.06 | U64: =+U63-U62 -> 34877.381 | W64: =+W63-W62 -> 54144.713 | Y64: =+Y63-Y62 -> 140276.12 | AA64: =+AA63-AA62 -> 182129.02 | AC64: =+AC63-AC62 -> 119620.09 | AE64: =+AE63-AE62 -> 33857.383 | AG64: =+AG63-AG62 -> 202369.54 | AI64: =+AI63-AI62 -> 241516.18 | AK64: =+AK63-AK62 -> 313744.98
G65: TOTAL UTILIDAD | H65: 0.05 | I65: =+H65*I73 -> 1.0559876e+08 | J65: 0.05 | K65: =+J65*K73 -> 1.7562286e+08 | L65: 0.05 | M65: =+L65*M73 -> 1.3824218e+08 | N65: 0.05 | O65: =+N65*O73 -> 55019706 | P65: 0.05 | Q65: =+P65*Q73 -> 61162663 | R65: 0.05 | S65: =+R65*S73 -> 2.4275545e+08 | T65: 0.05 | U65: =+T65*U73 -> 1.3742928e+08 | V65: 0.05 | W65: =+V65*W73 -> 91460842 | X65: 0.05 | Y65: =+X65*Y73 -> 1.3529162e+08 | Z65: 0.05 | AA65: =+Z65*AA73 -> 1.1692582e+08 | AB65: 0.05 | AC65: =+AB65*AC73 -> 1.5052255e+08 | AD65: 0.05 | AE65: =+AD65*AE73 -> 1.3047774e+08 | AF65: 0.05 | AG65: =+AF65*AG73 -> 2.0389948e+08 | AH65: 0.05 | AI65: =+AH65*AI73 -> 2.9507046e+08 | AJ65: 0.05 | AK65: =+AJ65*AK73 -> 1.8589655e+08 | AL65: 0.05 | AM65: =+AM73*AL65 -> 2.2342749e+09
G67: TOTAL AU | H67: =H63+H65 -> 0.2466 | I67: =+ROUND(I63+I65,0) -> 520813083 | J67: =J63+J65 -> 0.225 | K67: =+ROUND(K63+K65,0) -> 790302868 | L67: =L63+L65 -> 0.2187 | M67: =+ROUND(M63+M65,0) -> 604671297 | N67: =N63+N65 -> 0.2634 | O67: =+ROUND(O63+O65,0) -> 289843809 | P67: =P63+P65 -> 0.2775 | Q67: =+ROUND(Q63+Q65,0) -> 339452781 | R67: =R63+R65 -> 0.2104 | S67: =+ROUND(S63+S65,0) -> 1021514926 | T67: =T63+T65 -> 0.219 | U67: =+ROUND(U63+U65,0) -> 601940249 | V67: =V63+V65 -> 0.2426 | W67: =+ROUND(W63+W65,0) -> 443768005 | X67: =X63+X65 -> 0.2303 | Y67: =+ROUND(Y63+Y65,0) -> 623153205 | Z67: =Z63+Z65 -> 0.2273 | AA67: =+ROUND(AA63+AA65,0) -> 531544756 | AB67: =AB63+AB65 -> 0.2244 | AC67: =+ROUND(AC63+AC65,0) -> 675545226 | AD67: =AD63+AD65 -> 0.2215 | AE67: =+ROUND(AE63+AE65,0) -> 578016395 | AF67: =AF63+AF65 -> 0.2177 | AG67: =+ROUND(AG63+AG65,0) -> 887778338 | AH67: =AH63+AH65 -> 0.2082 | AI67: =+ROUND(AI63+AI65,0) -> 1228673403 | AJ67: =AJ63+AJ65 -> 0.2145 | AK67: =+ROUND(AK63+AK65,0) -> 797496213 | AL67: =AL63+AL65 -> 419631.38 | AM67: =+ROUND(AM63+AM65,0) -> 1.8751437e+16
G69: IVA SOBRE LA UTILIDAD | H69: 0.19 | I69: =+ROUND(I65*0.19,0) -> 20063764 | J69: 0.19 | K69: =+ROUND(K65*0.19,0) -> 33368343 | L69: 0.19 | M69: =+ROUND(M65*0.19,0) -> 26266014 | N69: 0.19 | O69: =+ROUND(O65*0.19,0) -> 10453744 | P69: 0.19 | Q69: =+ROUND(Q65*0.19,0) -> 11620906 | R69: 0.19 | S69: =+ROUND(S65*0.19,0) -> 46123535 | T69: 0.19 | U69: =+ROUND(U65*0.19,0) -> 26111563 | V69: 0.19 | W69: =+ROUND(W65*0.19,0) -> 17377560 | X69: 0.19 | Y69: =+ROUND(Y65*0.19,0) -> 25705408 | Z69: 0.19 | AA69: =+ROUND(AA65*0.19,0) -> 22215905 | AB69: 0.19 | AC69: =+ROUND(AC65*0.19,0) -> 28599285 | AD69: 0.19 | AE69: =+ROUND(AE65*0.19,0) -> 24790771 | AF69: 0.19 | AG69: =+ROUND(AG65*0.19,0) -> 38740901 | AH69: 0.19 | AI69: =+ROUND(AI65*0.19,0) -> 56063388 | AJ69: 0.19 | AK69: =+ROUND(AK65*0.19,0) -> 35320345 | AL69: 0.19 | AM69: =+ROUND(AM65*0.19,0) -> 424512238
G71: TOTAL AU + IVA | I71: =+I67+I69 -> 540876847 | K71: =+K67+K69 -> 823671211 | M71: =+M67+M69 -> 630937311 | O71: =+O67+O69 -> 300297553 | Q71: =+Q67+Q69 -> 351073687 | S71: =+S67+S69 -> 1067638461 | U71: =+U67+U69 -> 628051812 | W71: =+W67+W69 -> 461145565 | Y71: =+Y67+Y69 -> 648858613 | AA71: =+AA67+AA69 -> 553760661 | AC71: =+AC67+AC69 -> 704144511 | AE71: =+AE67+AE69 -> 602807166 | AG71: =+AG67+AG69 -> 926519239 | AI71: =+AI67+AI69 -> 1284736791 | AK71: =+AK67+AK69 -> 832816558 | AM71: =+AM67+AM69 -> 1.8751438e+16
I72: =+H67+(H65*H69)+1 -> 1.2561 | K72: =+J67+(J65*J69)+1 -> 1.2345 | M72: =+L67+(L65*L69)+1 -> 1.2282 | O72: =+N67+(N65*N69)+1 -> 1.2729 | Q72: =+P67+(P65*P69)+1 -> 1.287 | S72: =+R67+(R65*R69)+1 -> 1.2199 | U72: =+T67+(T65*T69)+1 -> 1.2285 | W72: =+V67+(V65*V69)+1 -> 1.2521 | Y72: =+X67+(X65*X69)+1 -> 1.2398 | AA72: =+Z67+(Z65*Z69)+1 -> 1.2368 | AC72: =+AB67+(AB65*AB69)+1 -> 1.2339 | AE72: =+AD67+(AD65*AD69)+1 -> 1.231 | AG72: =+AF67+(AF65*AF69)+1 -> 1.2272 | AI72: =+AH67+(AH65*AH69)+1 -> 1.2177 | AK72: =+AJ67+(AJ65*AJ69)+1 -> 1.224
H73: COSTOS DIRECTOS | I73: =+I78/I72 -> 2.1119752e+09 | J73: COSTOS DIRECTOS | K73: =+K78/K72 -> 3.5124572e+09 | L73: COSTOS DIRECTOS | M73: =+M78/M72 -> 2.7648436e+09 | N73: COSTOS DIRECTOS | O73: =+O78/O72 -> 1.1003941e+09 | P73: COSTOS DIRECTOS | Q73: =+Q78/Q72 -> 1.2232533e+09 | R73: COSTOS DIRECTOS | S73: =+S78/S72 -> 4.855109e+09 | T73: COSTOS DIRECTOS | U73: =+U78/U72 -> 2.7485856e+09 | V73: COSTOS DIRECTOS | W73: =+W78/W72 -> 1.8292168e+09 | X73: COSTOS DIRECTOS | Y73: =+Y78/Y72 -> 2.7058324e+09 | Z73: COSTOS DIRECTOS | AA73: =+AA78/AA72 -> 2.3385163e+09 | AB73: COSTOS DIRECTOS | AC73: =+AC78/AC72 -> 3.0104511e+09 | AD73: COSTOS DIRECTOS | AE73: =+AE78/AE72 -> 2.6095548e+09 | AF73: COSTOS DIRECTOS | AG73: =+AG78/AG72 -> 4.0779896e+09 | AH73: COSTOS DIRECTOS | AI73: =+AI78/AI72 -> 5.9014092e+09 | AJ73: COSTOS DIRECTOS | AK73: =+AK78/AK72 -> 3.7179311e+09 | AM73: 44685498717
H74: ADMINISTRACION | I74: =+I63 -> 4.1521432e+08 | J74: ADMINISTRACION | K74: =+K63 -> 6.1468001e+08 | L74: ADMINISTRACION | M74: =+M63 -> 4.6642912e+08 | N74: ADMINISTRACION | O74: =+O63 -> 2.348241e+08 | P74: ADMINISTRACION | Q74: =+Q63 -> 2.7829012e+08 | R74: ADMINISTRACION | S74: =+S63 -> 7.7875948e+08 | T74: ADMINISTRACION | U74: =+U63 -> 4.6451097e+08 | V74: ADMINISTRACION | W74: =+W63 -> 3.5230716e+08 | X74: ADMINISTRACION | Y74: =+Y63 -> 4.8786158e+08 | Z74: ADMINISTRACION | AA74: =+AA63 -> 4.1461894e+08 | AB74: ADMINISTRACION | AC74: =+AC63 -> 5.2502267e+08 | AD74: ADMINISTRACION | AE74: =+AE63 -> 4.4753865e+08 | AF74: ADMINISTRACION | AG74: =+AG63 -> 6.8387886e+08 | AH74: ADMINISTRACION | AI74: =+AI63 -> 9.3360294e+08 | AJ74: ADMINISTRACION | AK74: =+AK63 -> 6.1159966e+08 | AM74: 7520569434
H75: UTILIDAD | I75: =+I65 -> 1.0559876e+08 | J75: UTILIDAD | K75: =+K65 -> 1.7562286e+08 | L75: UTILIDAD | M75: =+M65 -> 1.3824218e+08 | N75: UTILIDAD | O75: =+O65 -> 55019706 | P75: UTILIDAD | Q75: =+Q65 -> 61162663 | R75: UTILIDAD | S75: =+S65 -> 2.4275545e+08 | T75: UTILIDAD | U75: =+U65 -> 1.3742928e+08 | V75: UTILIDAD | W75: =+W65 -> 91460842 | X75: UTILIDAD | Y75: =+Y65 -> 1.3529162e+08 | Z75: UTILIDAD | AA75: =+AA65 -> 1.1692582e+08 | AB75: UTILIDAD | AC75: =+AC65 -> 1.5052255e+08 | AD75: UTILIDAD | AE75: =+AE65 -> 1.3047774e+08 | AF75: UTILIDAD | AG75: =+AG65 -> 2.0389948e+08 | AH75: UTILIDAD | AI75: =+AI65 -> 2.9507046e+08 | AJ75: UTILIDAD | AK75: =+AK65 -> 1.8589655e+08 | AM75: 2234274936
H76: IVA SOBRE UTILIDAD | I76: =+I69 -> 20063764 | J76: IVA SOBRE UTILIDAD | K76: =+K69 -> 33368343 | L76: IVA SOBRE UTILIDAD | M76: =+M69 -> 26266014 | N76: IVA SOBRE UTILIDAD | O76: =+O69 -> 10453744 | P76: IVA SOBRE UTILIDAD | Q76: =+Q69 -> 11620906 | R76: IVA SOBRE UTILIDAD | S76: =+S69 -> 46123535 | T76: IVA SOBRE UTILIDAD | U76: =+U69 -> 26111563 | V76: IVA SOBRE UTILIDAD | W76: =+W69 -> 17377560 | X76: IVA SOBRE UTILIDAD | Y76: =+Y69 -> 25705408 | Z76: IVA SOBRE UTILIDAD | AA76: =+AA69 -> 22215905 | AB76: IVA SOBRE UTILIDAD | AC76: =+AC69 -> 28599285 | AD76: IVA SOBRE UTILIDAD | AE76: =+AE69 -> 24790771 | AF76: IVA SOBRE UTILIDAD | AG76: =+AG69 -> 38740901 | AH76: IVA SOBRE UTILIDAD | AI76: =+AI69 -> 56063388 | AJ76: IVA SOBRE UTILIDAD | AK76: =+AK69 -> 35320345 | AM76: 424512238
I77: =+SUM(I73:I76) -> 2.652852e+09 | K77: =+SUM(K73:K76) -> 4.3361284e+09 | M77: =+SUM(M73:M76) -> 3.3957809e+09 | O77: =+SUM(O73:O76) -> 1.4006917e+09 | Q77: =+SUM(Q73:Q76) -> 1.574327e+09 | S77: =+SUM(S73:S76) -> 5.9227474e+09 | U77: =+SUM(U73:U76) -> 3.3766374e+09 | W77: =+SUM(W73:W76) -> 2.2903624e+09 | Y77: =+SUM(Y73:Y76) -> 3.354691e+09 | AA77: =+SUM(AA73:AA76) -> 2.892277e+09 | AC77: =+SUM(AC73:AC76) -> 3.7145956e+09 | AE77: =+SUM(AE73:AE76) -> 3.212362e+09 | AG77: =+SUM(AG73:AG76) -> 5.0045088e+09 | AI77: =+SUM(AI73:AI76) -> 7.186146e+09 | AK77: =+SUM(AK73:AK76) -> 4.5507476e+09
H78: COSTO TOTAL | I78: =+'DETALLE PRESUPUESTO OFICIAL'!D10 -> 2652852044 | J78: COSTO TOTAL | K78: =+'DETALLE PRESUPUESTO OFICIAL'!D22 -> 4336128402 | L78: COSTO TOTAL | M78: =+'DETALLE PRESUPUESTO OFICIAL'!D32 -> 3395780917 | N78: COSTO TOTAL | O78: =+'DETALLE PRESUPUESTO OFICIAL'!D42 -> 1400691664 | P78: COSTO TOTAL | Q78: =+'DETALLE PRESUPUESTO OFICIAL'!D53 -> 1574326952 | R78: COSTO TOTAL | S78: =+'DETALLE PRESUPUESTO OFICIAL'!D63 -> 5922747427 | T78: COSTO TOTAL | U78: =+'DETALLE PRESUPUESTO OFICIAL'!D74 -> 3376637424 | V78: COSTO TOTAL | W78: =+'DETALLE PRESUPUESTO OFICIAL'!D85 -> 2290362401 | X78: COSTO TOTAL | Y78: =+'DETALLE PRESUPUESTO OFICIAL'!D95 -> 3354691026 | Z78: COSTO TOTAL | AA78: =+'DETALLE PRESUPUESTO OFICIAL'!D106 -> 2892276967 | AB78: COSTO TOTAL | AC78: =+'DETALLE PRESUPUESTO OFICIAL'!D118 -> 3714595607 | AD78: COSTO TOTAL | AE78: =+'DETALLE PRESUPUESTO OFICIAL'!D128 -> 3212361996 | AF78: COSTO TOTAL | AG78: =+'DETALLE PRESUPUESTO OFICIAL'!D143 -> 5004508849 | AH78: COSTO TOTAL | AI78: =+'DETALLE PRESUPUESTO OFICIAL'!D155 -> 7186146027 | AJ78: COSTO TOTAL | AK78: =+'DETALLE PRESUPUESTO OFICIAL'!D169 -> 4550747622 | AM78: 54864855325

Sheet AU Z1
C3: Realizar las obras de adecuacion a toto costo, que tiene por objeto: “OBRAS CIVILES DE ADECUACIÓN EN ESPACIOS FÍSICOS A NIVEL NACIONAL, PARA EL DESARROLLO MISIONAL DEL SERVICIO NACIONAL DE APRENDIZAJE-SENA- A MONTO AGOTABLE.”
C5: ANEXO. 05 - ANALISIS ADMINISTRACIÓN Y UTILIDAD PARA TODAS LAS ZONAS
C6: SON CRITERIOS MINIMOS. AJUSTAR SEGÚN NECESIDAD DE LA ZONA A OFERTAR, TENIENDO EN CUENTA LAS PAUTAS DEFINIDAS EN EL ESTUDIO PREVIO
C7: LP-DG-0005-2020
B11: PLAZO DE EJECUCIÓN | C11: 4.5 | H11: ZONA 1 | I11: VR. TOTAL
G12: CANTIDAD DE RESIDENTES --------> | H12: 3
C13: DESCRIPCION | D13: UND | E13: PLAZO DE EJECUCIÓN | F13: % DE DEDICACIÓN | G13: VR. UNITARIO | H13: CANTIDAD / PROFESIONAL
B14: 1 | C14: PERSONAL DE OBRA (INCLUYEN PRESTACIONES)
B15: 1.1 | C15: DIRECTOR DE OBRA CON PRESTACIONES SOCIALES | D15: MES | E15: =+$C$11 -> 4.5 | F15: 1 | G15: 5000000 | H15: 1 | I15: =+$E15*$F15*$G15*H15 -> 22500000
B16: 1.2 | C16: RESIDENTE DE OBRA CON PRESTACIONES SOCIALES | D16: MES | E16: =+$C$11 -> 4.5 | F16: 1 | G16: 2500000 | H16: =+H12 -> 3 | I16: =+$E16*$F16*$G16*H16 -> 33750000
B17: 1.3 | C17: ENCARGADO AREA ELECTRICA Y MECANICA | D17: MES | E17: =+$C$11 -> 4.5 | F17: 1 | G17: 2000000 | H17: 1 | I17: =+$E17*$F17*$G17*H17 -> 9000000
B18: 1.4 | C18: ENCARGADO AREA HIDROSANITARIA | D18: MES | E18: =+$C$11 -> 4.5 | F18: 1 | G18: 2000000 | H18: 1 | I18: =+$E18*$F18*$G18*H18 -> 9000000
B19: 1.5 | C19: ENCARGADO AMBIENTAL | D19: MES | E19: =+$C$11 -> 4.5 | F19: 1 | G19: 2000000 | H19: 1 | I19: =+$E19*$F19*$G19*H19 -> 9000000
B20: 1.6 | C20: ENCARGADO SEGURIDAD INDUSTRIAL CON SEGURIDAD SOCIAL | D20: MES | E20: =+$C$11 -> 4.5 | F20: 1 | G20: 1750000 | H20: 1 | I20: =+$E20*$F20*$G20*H20 -> 7875000
C21: TOTAL PERSONAL DE OBRA (INCLUYEN PRESTACIONES) | I21: =SUM(I15:I20) -> 91125000
B23: 2 | C23: COSTOS DE SERVICIOS PUBLICOS (OBRA Y CAMPAMENTO)
B24: 2.1 | C24: ENERGIA (INCLUYE INSTALACIÓN PROVISIONAL) | D24: MES | E24: =+$C$11 -> 4.5 | G24: 250000 | H24: =+H16 -> 3 | I24: =+$E24*$G24*H24 -> 3375000
B25: 2.2 | C25: AGUA - ALCANTARILLADO (INCLUYE INSTALACIÓN PROVISIONAL) | D25: MES | E25: =+$C$11 -> 4.5 | G25: 150000 | H25: =+H16 -> 3 | I25: =+$E25*$G25*H25 -> 2025000
B26: 2.3 | C26: INTERNET (PROVISIONAL) | D26: MES | E26: =+$C$11 -> 4.5 | G26: 150000 | H26: =+H16 -> 3 | I26: =+$E26*$G26*H26 -> 2025000
B27: 2.4 | C27: TELÉFONO (PROVISIONAL) | D27: MES | E27: =+$C$11 -> 4.5 | G27: 200000 | H27: =+H16 -> 3 | I27: =+$E27*$G27*H27 -> 2700000
C28: TOTAL COSTOS DE SERVICIOS PUBLICOS: | I28: =SUM(I24:I27) -> 10125000
B30: 3 | C30: COSTOS DE DOTACION CAMPAMENTO E INSTALACIONES PROVISIONALES
B31: 3.1 | C31: COSTO PROPORCIONAL OFICINA CENTRAL | D31: MES | E31: =+$C$11 -> 4.5 | G31: 250000 | H31: =+H16 -> 3 | I31: =+$E31*$G31*H31 -> 3375000
B32: 3.2 | C32: COMPUTADOR | D32: MES | E32: =+$C$11 -> 4.5 | G32: 150000 | H32: =+H16+H15 -> 4 | I32: =+$E32*$G32*H32 -> 2700000
B33: 3.3 | C33: MUEBLES | D33: GB | E33: 1 | G33: 400000 | H33: =+H16 -> 3 | I33: =+$E33*$G33*H33 -> 1200000
C34: TOTAL COSTOS DE DOTACION CAMPAMENTO: | I34: =SUM(I31:I33) -> 7275000
B36: 4 | C36: OTROS - GASTOS GENERALES
B37: 4.1 | C37: SEGURIDAD INDUSTRIAL , DOTACIÓN Y PROTOCOLO COVID 19 | D37: % PERS | E37: 0.05 | I37: =+$E37*I$21 -> 4556250
B38: 4.2 | C38: ENSAYOS DE LABORATORIO PARA MATERIALES, PRUEBAS DE CARGA Y OTROS QUE SEAN REQUERIDOS | D38: MES | E38: 1 | G38: 400000 | H38: =+H16 -> 3 | I38: =+$E38*$G38*H38 -> 1200000
B39: 4.3 | C39: MANTENIMIENTO EQUIPOS/HERRAMIENTAS | D39: MES | E39: =+$C$11 -> 4.5 | G39: 200000 | H39: =+H16 -> 3 | I39: =+$E39*$G39*H39 -> 2700000
B40: 4.4 | C40: PAPELERIA Y EMPASTES | D40: MES | E40: =+$C$11 -> 4.5 | G40: 150000 | H40: =+H16 -> 3 | I40: =+$E40*$G40*H40 -> 2025000
B41: 4.5 | C41: REGISTRO FOTOGRÁFICO / VIDEOS / INFORMES | D41: MES | E41: =+$C$11 -> 4.5 | G41: 100000 | H41: =+H16 -> 3 | I41: =+$E41*$G41*H41 -> 1350000
B42: 4.6 | C42: PLOTEADA PLANOS, COPIA PLANOS Y FOTOCOPIAS | D42: GB | E42: 1 | G42: 400000 | H42: =+H16 -> 3 | I42: =+$E42*$G42*H42 -> 1200000
B43: 4.7 | C43: PLANOS RECORD | D43: GB | E43: 1 | G43: 800000 | H43: =+H16 -> 3 | I43: =+$E43*$G43*H43 -> 2400000
B44: 4.8 | C44: TRANSPORTES Y MOVILIZACIÓN (NO INCLUIDOS EN LOS COSTOS DIRECTOS) | D44: MES | E44: =+$C$11 -> 4.5 | G44: 820428.57 | H44: 1 | I44: =+$E44*$G44*H44 -> 3691928.6
B45: 4.9 | C45: VIATICOS Y MANUTENCIÓN PERSONAL ADMINISTRATIVO | D45: MES | E45: =+$C$11 -> 4.5 | G45: 1000000 | H45: =+H16 -> 3 | I45: =+$E45*$G45*H45 -> 13500000
C46: TOTAL OTROS - GASTOS GENERALES: | I46: =SUM(I37:I45) -> 32623179
B48: 5 | C48: COSTOS DE LEGALIZACION DEL CONTRATO (POLIZAS)
B49: 5.1 | C49: CUMPLIMIENTO | D49: UN | E49: 1 | F49: 0.00026 | H49: 0.00026 | I49: =+$E49*$F49*I$78 -> 689741.53
B50: 5.2 | C50: AMPARO DE SALARIOS Y PREST. SOCIALES | D50: UN | E50: 1 | F50: 0.00024 | H50: 0.00024 | I50: =+$E50*$F50*$I$78 -> 636684.49
B51: 5.3 | C51: AMPARO DE ANTICIPO | D51: UN | E51: 1 | F51: 0.00032 | H51: 0.00032 | I51: =+$E51*$F51*$I$78 -> 848912.65
B52: 5.4 | C52: RESPONSABILIDAD CIVIL EXTRACONTRACTUAL | D52: UN | E52: 1 | F52: 0.00032 | H52: 0.00032 | I52: =+$E52*$F52*$I$78 -> 848912.65
B53: 5.5 | C53: ESTABILIDAD DE OBRA | D53: UN | E53: 1 | F53: 0.00217 | H53: 0.00217 | I53: =+$E53*$F53*$I$78 -> 5756688.9
C54: TOTAL COSTOS DE LEGALIZACION DEL CONTRATO: | I54: =SUM(I49:I53) -> 8780940.3
B56: 6 | C56: COSTOS DE IMPUESTOS O CARGA IMPOSITIVA
B57: 6.1 | C57: RETEFUENTE | D57: GB | E57: 1 | F57: 0.02 | I57: =+$E57*$F57*$I$78 -> 53057041
B58: 6.2 | C58: RETEICA (vr. Total del contrato X 1%) | D58: GB | E58: 1 | F58: 0.01 | I58: =+$E58*$F58*$I$78 -> 26528520
B59: 6.3 | C59: IMPUESTO LEY 1106 DE 2,006 | D59: GB | E59: 1 | F59: 0.05 | I59: =+$E59*$F59*$I$78 -> 1.326426e+08
B60: 6.4 | C60: ESTAMPILLA PRO UNIVERSIDAD | D60: GB | E60: 1 | F60: 0.02 | I60: =+$E60*$F60*$I$78 -> 53057041
C61: TOTAL COSTOS DE IMPUESTOS: | I61: =SUM(I57:I60) -> 2.652852e+08
G63: TOTAL ADMINISTRACION | H63: 0.1966 | I63: =+H63*I73 -> 4.1521432e+08
G65: TOTAL UTILIDAD | H65: 0.05 | I65: =+H65*I73 -> 1.0559876e+08
G67: TOTAL AU | H67: =H63+H65 -> 0.2466 | I67: =+ROUND(I63+I65,0) -> 520813083
G69: IVA SOBRE LA UTILIDAD | H69: 0.19 | I69: =+ROUND(I65*0.19,0) -> 20063764
G71: TOTAL AU + IVA | I71: =+I67+I69 -> 540876847
I72: =+H67+(H65*H69)+1 -> 1.2561
H73: COSTOS DIRECTOS | I73: =+I78/I72 -> 2.1119752e+09
H74: ADMINISTRACION | I74: =+I63 -> 4.1521432e+08
H75: UTILIDAD | I75: =+I65 -> 1.0559876e+08
H76: IVA SOBRE UTILIDAD | I76: =+I69 -> 20063764
I77: =+SUM(I73:I76) -> 2.652852e+09
H78: COSTO TOTAL | I78: =+'DETALLE PRESUPUESTO OFICIAL'!D10 -> 2652852044

Sheet AU Z2
C3: Realizar las obras de adecuacion a toto costo, que tiene por objeto: “OBRAS CIVILES DE ADECUACIÓN EN ESPACIOS FÍSICOS A NIVEL NACIONAL, PARA EL DESARROLLO MISIONAL DEL SERVICIO NACIONAL DE APRENDIZAJE-SENA- A MONTO AGOTABLE.”
C5: ANEXO. 05 - ANALISIS ADMINISTRACIÓN Y UTILIDAD PARA TODAS LAS ZONAS
C6: SON CRITERIOS MINIMOS. AJUSTAR SEGÚN NECESIDAD DE LA ZONA A OFERTAR, TENIENDO EN CUENTA LAS PAUTAS DEFINIDAS EN EL ESTUDIO PREVIO
C7: LP-DG-0005-2020
B11: PLAZO DE EJECUCIÓN | C11: 4.5 | H11: ZONA 2 | I11: VR. TOTAL
G12: CANTIDAD DE RESIDENTES --------> | H12: 4
C13: DESCRIPCION | D13: UND | E13: PLAZO DE EJECUCIÓN | F13: % DE DEDICACIÓN | G13: VR. UNITARIO | H13: CANTIDAD / PROFESIONAL
B14: 1 | C14: PERSONAL DE OBRA (INCLUYEN PRESTACIONES)
B15: 1.1 | C15: DIRECTOR DE OBRA CON PRESTACIONES SOCIALES | D15: MES | E15: =+$C$11 -> 4.5 | F15: 1 | G15: 5000000 | H15: 1 | I15: =+$E15*$F15*$G15*H15 -> 22500000
B16: 1.2 | C16: RESIDENTE DE OBRA CON PRESTACIONES SOCIALES | D16: MES | E16: =+$C$11 -> 4.5 | F16: 1 | G16: 2500000 | H16: =+H12 -> 4 | I16: =+$E16*$F16*$G16*H16 -> 45000000
B17: 1.3 | C17: ENCARGADO AREA ELECTRICA Y MECANICA | D17: MES | E17: =+$C$11 -> 4.5 | F17: 1 | G17: 2000000 | H17: 1 | I17: =+$E17*$F17*$G17*H17 -> 9000000
B18: 1.4 | C18: ENCARGADO AREA HIDROSANITARIA | D18: MES | E18: =+$C$11 -> 4.5 | F18: 1 | G18: 2000000 | H18: 1 | I18: =+$E18*$F18*$G18*H18 -> 9000000
B19: 1.5 | C19: ENCARGADO AMBIENTAL | D19: MES | E19: =+$C$11 -> 4.5 | F19: 1 | G19: 2000000 | H19: 1 | I19: =+$E19*$F19*$G19*H19 -> 9000000
B20: 1.6 | C20: ENCARGADO SEGURIDAD INDUSTRIAL CON SEGURIDAD SOCIAL | D20: MES | E20: =+$C$11 -> 4.5 | F20: 1 | G20: 1750000 | H20: 1 | I20: =+$E20*$F20*$G20*H20 -> 7875000
C21: TOTAL PERSONAL DE OBRA (INCLUYEN PRESTACIONES) | I21: =SUM(I15:I20) -> 102375000
B23: 2 | C23: COSTOS DE SERVICIOS PUBLICOS (OBRA Y CAMPAMENTO)
B24: 2.1 | C24: ENERGIA (INCLUYE INSTALACIÓN PROVISIONAL) | D24: MES | E24: =+$C$11 -> 4.5 | G24: 250000 | H24: =+H16 -> 4 | I24: =+$E24*$G24*H24 -> 4500000
B25: 2.2 | C25: AGUA - ALCANTARILLADO (INCLUYE INSTALACIÓN PROVISIONAL) | D25: MES | E25: =+$C$11 -> 4.5 | G25: 150000 | H25: =+H16 -> 4 | I25: =+$E25*$G25*H25 -> 2700000
B26: 2.3 | C26: INTERNET (PROVISIONAL) | D26: MES | E26: =+$C$11 -> 4.5 | G26: 150000 | H26: =+H16 -> 4 | I26: =+$E26*$G26*H26 -> 2700000
B27: 2.4 | C27: TELÉFONO (PROVISIONAL) | D27: MES | E27: =+$C$11 -> 4.5 | G27: 200000 | H27: =+H16 -> 4 | I27: =+$E27*$G27*H27 -> 3600000
C28: TOTAL COSTOS DE SERVICIOS PUBLICOS: | I28: =SUM(I24:I27) -> 13500000
B30: 3 | C30: COSTOS DE DOTACION CAMPAMENTO E INSTALACIONES PROVISIONALES
B31: 3.1 | C31: COSTO PROPORCIONAL OFICINA CENTRAL | D31: MES | E31: =+$C$11 -> 4.5 | G31: 250000 | H31: =+H16 -> 4 | I31: =+$E31*$G31*H31 -> 4500000
B32: 3.2 | C32: COMPUTADOR | D32: MES | E32: =+$C$11 -> 4.5 | G32: 150000 | H32: =+H16+H15 -> 5 | I32: =+$E32*$G32*H32 -> 3375000
B33: 3.3 | C33: MUEBLES | D33: GB | E33: 1 | G33: 400000 | H33: =+H16 -> 4 | I33: =+$E33*$G33*H33 -> 1600000
C34: TOTAL COSTOS DE DOTACION CAMPAMENTO: | I34: =SUM(I31:I33) -> 9475000
B36: 4 | C36: OTROS - GASTOS GENERALES
B37: 4.1 | C37: SEGURIDAD INDUSTRIAL , DOTACIÓN Y PROTOCOLO COVID 19 | D37: % PERS | E37: 0.05 | I37: =+$E37*I$21 -> 5118750
B38: 4.2 | C38: ENSAYOS DE LABORATORIO PARA MATERIALES, PRUEBAS DE CARGA Y OTROS QUE SEAN REQUERIDOS | D38: MES | E38: 1 | G38: 400000 | H38: =+H16 -> 4 | I38: =+$E38*$G38*H38 -> 1600000
B39: 4.3 | C39: MANTENIMIENTO EQUIPOS/HERRAMIENTAS | D39: MES | E39: =+$C$11 -> 4.5 | G39: 200000 | H39: =+H16 -> 4 | I39: =+$E39*$G39*H39 -> 3600000
B40: 4.4 | C40: PAPELERIA Y EMPASTES | D40: MES | E40: =+$C$11 -> 4.5 | G40: 150000 | H40: =+H16 -> 4 | I40: =+$E40*$G40*H40 -> 2700000
B41: 4.5 | C41: REGISTRO FOTOGRÁFICO / VIDEOS / INFORMES | D41: MES | E41: =+$C$11 -> 4.5 | G41: 100000 | H41: =+H16 -> 4 | I41: =+$E41*$G41*H41 -> 1800000
B42: 4.6 | C42: PLOTEADA PLANOS, COPIA PLANOS Y FOTOCOPIAS | D42: GB | E42: 1 | G42: 400000 | H42: =+H16 -> 4 | I42: =+$E42*$G42*H42 -> 1600000
B43: 4.7 | C43: PLANOS RECORD | D43: GB | E43: 1 | G43: 800000 | H43: =+H16 -> 4 | I43: =+$E43*$G43*H43 -> 3200000
B44: 4.8 | C44: TRANSPORTES Y MOVILIZACIÓN (NO INCLUIDOS EN LOS COSTOS DIRECTOS) | D44: MES | E44: =+$C$11 -> 4.5 | G44: 832407.33 | H44: 1 | I44: =+$E44*$G44*H44 -> 3745833
B45: 4.9 | C45: VIATICOS Y MANUTENCIÓN PERSONAL ADMINISTRATIVO | D45: MES | E45: =+$C$11 -> 4.5 | G45: 1000000 | H45: =+H16 -> 4 | I45: =+$E45*$G45*H45 -> 18000000
C46: TOTAL OTROS - GASTOS GENERALES: | I46: =SUM(I37:I45) -> 41364583
B48: 5 | C48: COSTOS DE LEGALIZACION DEL CONTRATO (POLIZAS)
B49: 5.1 | C49: CUMPLIMIENTO | D49: UN | E49: 1 | F49: 0.00026 | I49: =+$E49*$F49*I$78 -> 1127393.4
B50: 5.2 | C50: AMPARO DE SALARIOS Y PREST. SOCIALES | D50: UN | E50: 1 | F50: 0.00024 | I50: =+$E50*$F50*I$78 -> 1040670.8
B51: 5.3 | C51: AMPARO DE ANTICIPO | D51: UN | E51: 1 | F51: 0.00032 | I51: =+$E51*$F51*I$78 -> 1387561.1
B52: 5.4 | C52: RESPONSABILIDAD CIVIL EXTRACONTRACTUAL | D52: UN | E52: 1 | F52: 0.00032 | I52: =+$E52*$F52*I$78 -> 1387561.1
B53: 5.5 | C53: ESTABILIDAD DE OBRA | D53: UN | E53: 1 | F53: 0.00217 | I53: =+$E53*$F53*I$78 -> 9409398.6
C54: TOTAL COSTOS DE LEGALIZACION DEL CONTRATO: | I54: =SUM(I49:I53) -> 14352585
B56: 6 | C56: COSTOS DE IMPUESTOS O CARGA IMPOSITIVA
B57: 6.1 | C57: RETEFUENTE | D57: GB | E57: 1 | F57: 0.02 | I57: =+$E57*$F57*I$78 -> 86722568
B58: 6.2 | C58: RETEICA (vr. Total del contrato X 1%) | D58: GB | E58: 1 | F58: 0.01 | I58: =+$E58*$F58*I$78 -> 43361284
B59: 6.3 | C59: IMPUESTO LEY 1106 DE 2,006 | D59: GB | E59: 1 | F59: 0.05 | I59: =+$E59*$F59*I$78 -> 2.1680642e+08
B60: 6.4 | C60: ESTAMPILLA PRO UNIVERSIDAD | D60: GB | E60: 1 | F60: 0.02 | I60: =+$E60*$F60*I$78 -> 86722568
C61: TOTAL COSTOS DE IMPUESTOS: | I61: =SUM(I57:I60) -> 4.3361284e+08
G63: TOTAL ADMINISTRACION | H63: 0.175 | I63: =+H63*I73 -> 6.1468001e+08
G65: TOTAL UTILIDAD | H65: 0.05 | I65: =+H65*I73 -> 1.7562286e+08
G67: TOTAL AU | H67: =H63+H65 -> 0.225 | I67: =+ROUND(I63+I65,0) -> 790302868
G69: IVA SOBRE LA UTILIDAD | H69: 0.19 | I69: =+ROUND(I65*0.19,0) -> 33368343
G71: TOTAL AU + IVA | I71: =+I67+I69 -> 823671211
I72: =+H67+(H65*H69)+1 -> 1.2345
H73: COSTOS DIRECTOS | I73: =+I78/I72 -> 3.5124572e+09
H74: ADMINISTRACION | I74: =+I63 -> 6.1468001e+08
H75: UTILIDAD | I75: =+I65 -> 1.7562286e+08
H76: IVA SOBRE UTILIDAD | I76: =+I69 -> 33368343
H78: COSTO TOTAL | I78: =+'DETALLE PRESUPUESTO OFICIAL'!D22 -> 4336128402

Sheet AU Z3
C3: Realizar las obras de adecuacion a toto costo, que tiene por objeto: “OBRAS CIVILES DE ADECUACIÓN EN ESPACIOS FÍSICOS A NIVEL NACIONAL, PARA EL DESARROLLO MISIONAL DEL SERVICIO NACIONAL DE APRENDIZAJE-SENA- A MONTO AGOTABLE.”
C5: ANEXO. 05 - ANALISIS ADMINISTRACIÓN Y UTILIDAD PARA TODAS LAS ZONAS
C6: SON CRITERIOS MINIMOS. AJUSTAR SEGÚN NECESIDAD DE LA ZONA A OFERTAR, TENIENDO EN CUENTA LAS PAUTAS DEFINIDAS EN EL ESTUDIO PREVIO
C7: LP-DG-0005-2020
B11: PLAZO DE EJECUCIÓN | C11: 4.5 | H11: ZONA 3 | I11: VR. TOTAL
G12: CANTIDAD DE RESIDENTES --------> | H12: 2
C13: DESCRIPCION | D13: UND | E13: PLAZO DE EJECUCIÓN | F13: % DE DEDICACIÓN | G13: VR. UNITARIO | H13: CANTIDAD / PROFESIONAL
B14: 1 | C14: PERSONAL DE OBRA (INCLUYEN PRESTACIONES)
B15: 1.1 | C15: DIRECTOR DE OBRA CON PRESTACIONES SOCIALES | D15: MES | E15: =+$C$11 -> 4.5 | F15: 1 | G15: 5000000 | H15: 1 | I15: =+$E15*$F15*$G15*H15 -> 22500000
B16: 1.2 | C16: RESIDENTE DE OBRA CON PRESTACIONES SOCIALES | D16: MES | E16: =+$C$11 -> 4.5 | F16: 1 | G16: 2500000 | H16: =+H12 -> 2 | I16: =+$E16*$F16*$G16*H16 -> 22500000
B17: 1.3 | C17: ENCARGADO AREA ELECTRICA Y MECANICA | D17: MES | E17: =+$C$11 -> 4.5 | F17: 1 | G17: 2000000 | H17: 1 | I17: =+$E17*$F17*$G17*H17 -> 9000000
B18: 1.4 | C18: ENCARGADO AREA HIDROSANITARIA | D18: MES | E18: =+$C$11 -> 4.5 | F18: 1 | G18: 2000000 | H18: 1 | I18: =+$E18*$F18*$G18*H18 -> 9000000
B19: 1.5 | C19: ENCARGADO AMBIENTAL | D19: MES | E19: =+$C$11 -> 4.5 | F19: 1 | G19: 2000000 | H19: 1 | I19: =+$E19*$F19*$G19*H19 -> 9000000
B20: 1.6 | C20: ENCARGADO SEGURIDAD INDUSTRIAL CON SEGURIDAD SOCIAL | D20: MES | E20: =+$C$11 -> 4.5 | F20: 1 | G20: 1750000 | H20: 1 | I20: =+$E20*$F20*$G20*H20 -> 7875000
C21: TOTAL PERSONAL DE OBRA (INCLUYEN PRESTACIONES) | I21: =SUM(I15:I20) -> 79875000
B23: 2 | C23: COSTOS DE SERVICIOS PUBLICOS (OBRA Y CAMPAMENTO)
B24: 2.1 | C24: ENERGIA (INCLUYE INSTALACIÓN PROVISIONAL) | D24: MES | E24: =+$C$11 -> 4.5 | G24: 250000 | H24: =+H16 -> 2 | I24: =+$E24*$G24*H24 -> 2250000
B25: 2.2 | C25: AGUA - ALCANTARILLADO (INCLUYE INSTALACIÓN PROVISIONAL) | D25: MES | E25: =+$C$11 -> 4.5 | G25: 150000 | H25: =+H16 -> 2 | I25: =+$E25*$G25*H25 -> 1350000
B26: 2.3 | C26: INTERNET (PROVISIONAL) | D26: MES | E26: =+$C$11 -> 4.5 | G26: 150000 | H26: =+H16 -> 2 | I26: =+$E26*$G26*H26 -> 1350000
B27: 2.4 | C27: TELÉFONO (PROVISIONAL) | D27: MES | E27: =+$C$11 -> 4.5 | G27: 200000 | H27: =+H16 -> 2 | I27: =+$E27*$G27*H27 -> 1800000
C28: TOTAL COSTOS DE SERVICIOS PUBLICOS: | I28: =SUM(I24:I27) -> 6750000
B30: 3 | C30: COSTOS DE DOTACION CAMPAMENTO E INSTALACIONES PROVISIONALES
B31: 3.1 | C31: COSTO PROPORCIONAL OFICINA CENTRAL | D31: MES | E31: =+$C$11 -> 4.5 | G31: 250000 | H31: =+H16 -> 2 | I31: =+$E31*$G31*H31 -> 2250000
B32: 3.2 | C32: COMPUTADOR | D32: MES | E32: =+$C$11 -> 4.5 | G32: 150000 | H32: =+H16+H15 -> 3 | I32: =+$E32*$G32*H32 -> 2025000
B33: 3.3 | C33: MUEBLES | D33: GB | E33: 1 | G33: 400000 | H33: =+H16 -> 2 | I33: =+$E33*$G33*H33 -> 800000
C34: TOTAL COSTOS DE DOTACION CAMPAMENTO: | I34: =SUM(I31:I33) -> 5075000
B36: 4 | C36: OTROS - GASTOS GENERALES
B37: 4.1 | C37: SEGURIDAD INDUSTRIAL , DOTACIÓN Y PROTOCOLO COVID 19 | D37: % PERS | E37: 0.05 | I37: =+$E37*I$21 -> 3993750
B38: 4.2 | C38: ENSAYOS DE LABORATORIO PARA MATERIALES, PRUEBAS DE CARGA Y OTROS QUE SEAN REQUERIDOS | D38: MES | E38: 1 | G38: 400000 | H38: =+H16 -> 2 | I38: =+$E38*$G38*H38 -> 800000
B39: 4.3 | C39: MANTENIMIENTO EQUIPOS/HERRAMIENTAS | D39: MES | E39: =+$C$11 -> 4.5 | G39: 200000 | H39: =+H16 -> 2 | I39: =+$E39*$G39*H39 -> 1800000
B40: 4.4 | C40: PAPELERIA Y EMPASTES | D40: MES | E40: =+$C$11 -> 4.5 | G40: 150000 | H40: =+H16 -> 2 | I40: =+$E40*$G40*H40 -> 1350000
B41: 4.5 | C41: REGISTRO FOTOGRÁFICO / VIDEOS / INFORMES | D41: MES | E41: =+$C$11 -> 4.5 | G41: 100000 | H41: =+H16 -> 2 | I41: =+$E41*$G41*H41 -> 900000
B42: 4.6 | C42: PLOTEADA PLANOS, COPIA PLANOS Y FOTOCOPIAS | D42: GB | E42: 1 | G42: 400000 | H42: =+H16 -> 2 | I42: =+$E42*$G42*H42 -> 800000
B43: 4.7 | C43: PLANOS RECORD | D43: GB | E43: 1 | G43: 800000 | H43: =+H16 -> 2 | I43: =+$E43*$G43*H43 -> 1600000
B44: 4.8 | C44: TRANSPORTES Y MOVILIZACIÓN (NO INCLUIDOS EN LOS COSTOS DIRECTOS) | D44: MES | E44: =+$C$11 -> 4.5 | G44: 814942.21 | H44: 1 | I44: =+$E44*$G44*H44 -> 3667239.9
B45: 4.9 | C45: VIATICOS Y MANUTENCIÓN PERSONAL ADMINISTRATIVO | D45: MES | E45: =+$C$11 -> 4.5 | G45: 1000000 | H45: =+H16 -> 2 | I45: =+$E45*$G45*H45 -> 9000000
C46: TOTAL OTROS - GASTOS GENERALES: | I46: =SUM(I37:I45) -> 23910990
B48: 5 | C48: COSTOS DE LEGALIZACION DEL CONTRATO (POLIZAS)
B49: 5.1 | C49: CUMPLIMIENTO | D49: UN | E49: 1 | F49: 0.00026 | I49: =+$E49*$F49*I$78 -> 882903.04
B50: 5.2 | C50: AMPARO DE SALARIOS Y PREST. SOCIALES | D50: UN | E50: 1 | F50: 0.00024 | I50: =+$E50*$F50*I$78 -> 814987.42
B51: 5.3 | C51: AMPARO DE ANTICIPO | D51: UN | E51: 1 | F51: 0.00032 | I51: =+$E51*$F51*I$78 -> 1086649.9
B52: 5.4 | C52: RESPONSABILIDAD CIVIL EXTRACONTRACTUAL | D52: UN | E52: 1 | F52: 0.00032 | I52: =+$E52*$F52*I$78 -> 1086649.9
B53: 5.5 | C53: ESTABILIDAD DE OBRA | D53: UN | E53: 1 | F53: 0.00217 | I53: =+$E53*$F53*I$78 -> 7368844.6
C54: TOTAL COSTOS DE LEGALIZACION DEL CONTRATO: | I54: =SUM(I49:I53) -> 11240035
B56: 6 | C56: COSTOS DE IMPUESTOS O CARGA IMPOSITIVA
B57: 6.1 | C57: RETEFUENTE | D57: GB | E57: 1 | F57: 0.02 | I57: =+$E57*$F57*I$78 -> 67915618
B58: 6.2 | C58: RETEICA (vr. Total del contrato X 1%) | D58: GB | E58: 1 | F58: 0.01 | I58: =+$E58*$F58*I$78 -> 33957809
B59: 6.3 | C59: IMPUESTO LEY 1106 DE 2,006 | D59: GB | E59: 1 | F59: 0.05 | I59: =+$E59*$F59*I$78 -> 1.6978905e+08
B60: 6.4 | C60: ESTAMPILLA PRO UNIVERSIDAD | D60: GB | E60: 1 | F60: 0.02 | I60: =+$E60*$F60*I$78 -> 67915618
C61: TOTAL COSTOS DE IMPUESTOS: | I61: =SUM(I57:I60) -> 3.3957809e+08
G63: TOTAL ADMINISTRACION | H63: 0.1687 | I63: =+H63*I73 -> 4.6642912e+08
G65: TOTAL UTILIDAD | H65: 0.05 | I65: =+H65*I73 -> 1.3824218e+08
G67: TOTAL AU | H67: =H63+H65 -> 0.2187 | I67: =+ROUND(I63+I65,0) -> 604671297
G69: IVA SOBRE LA UTILIDAD | H69: 0.19 | I69: =+ROUND(I65*0.19,0) -> 26266014
G71: TOTAL AU + IVA | I71: =+I67+I69 -> 630937311
I72: =+H67+(H65*H69)+1 -> 1.2282
H73: COSTOS DIRECTOS | I73: =+I78/I72 -> 2.7648436e+09
H74: ADMINISTRACION | I74: =+I63 -> 4.6642912e+08
H75: UTILIDAD | I75: =+I65 -> 1.3824218e+08
H76: IVA SOBRE UTILIDAD | I76: =+I69 -> 26266014
H78: COSTO TOTAL | I78: =+'DETALLE PRESUPUESTO OFICIAL'!D32 -> 3395780917

Sheet AU Z4
C3: Realizar las obras de adecuacion a toto costo, que tiene por objeto: “OBRAS CIVILES DE ADECUACIÓN EN ESPACIOS FÍSICOS A NIVEL NACIONAL, PARA EL DESARROLLO MISIONAL DEL SERVICIO NACIONAL DE APRENDIZAJE-SENA- A MONTO AGOTABLE.”
C5: ANEXO. 05 - ANALISIS ADMINISTRACIÓN Y UTILIDAD PARA TODAS LAS ZONAS
C6: SON CRITERIOS MINIMOS. AJUSTAR SEGÚN NECESIDAD DE LA ZONA A OFERTAR, TENIENDO EN CUENTA LAS PAUTAS DEFINIDAS EN EL ESTUDIO PREVIO
C7: LP-DG-0005-2020
B11: PLAZO DE EJECUCIÓN | C11: 4.5 | H11: ZONA 4 | I11: VR. TOTAL
G12: CANTIDAD DE RESIDENTES --------> | H12: 1
C13: DESCRIPCION | D13: UND | E13: PLAZO DE EJECUCIÓN | F13: % DE DEDICACIÓN | G13: VR. UNITARIO | H13: CANTIDAD / PROFESIONAL
B14: 1 | C14: PERSONAL DE OBRA (INCLUYEN PRESTACIONES)
B15: 1.1 | C15: DIRECTOR DE OBRA CON PRESTACIONES SOCIALES | D15: MES | E15: =+$C$11 -> 4.5 | F15: 1 | G15: 5000000 | H15: 1 | I15: =+$E15*$F15*$G15*H15 -> 22500000
B16: 1.2 | C16: RESIDENTE DE OBRA CON PRESTACIONES SOCIALES | D16: MES | E16: =+$C$11 -> 4.5 | F16: 1 | G16: 2500000 | H16: =+H12 -> 1 | I16: =+$E16*$F16*$G16*H16 -> 11250000
B17: 1.3 | C17: ENCARGADO AREA ELECTRICA Y MECANICA | D17: MES | E17: =+$C$11 -> 4.5 | F17: 1 | G17: 2000000 | H17: 1 | I17: =+$E17*$F17*$G17*H17 -> 9000000
B18: 1.4 | C18: ENCARGADO AREA HIDROSANITARIA | D18: MES | E18: =+$C$11 -> 4.5 | F18: 1 | G18: 2000000 | H18: 1 | I18: =+$E18*$F18*$G18*H18 -> 9000000
B19: 1.5 | C19: ENCARGADO AMBIENTAL | D19: MES | E19: =+$C$11 -> 4.5 | F19: 1 | G19: 2000000 | H19: 1 | I19: =+$E19*$F19*$G19*H19 -> 9000000
B20: 1.6 | C20: ENCARGADO SEGURIDAD INDUSTRIAL CON SEGURIDAD SOCIAL | D20: MES | E20: =+$C$11 -> 4.5 | F20: 1 | G20: 1750000 | H20: 1 | I20: =+$E20*$F20*$G20*H20 -> 7875000
C21: TOTAL PERSONAL DE OBRA (INCLUYEN PRESTACIONES) | I21: =SUM(I15:I20) -> 68625000
B23: 2 | C23: COSTOS DE SERVICIOS PUBLICOS (OBRA Y CAMPAMENTO)
B24: 2.1 | C24: ENERGIA (INCLUYE INSTALACIÓN PROVISIONAL) | D24: MES | E24: =+$C$11 -> 4.5 | G24: 250000 | H24: =+H16 -> 1 | I24: =+$E24*$G24*H24 -> 1125000
B25: 2.2 | C25: AGUA - ALCANTARILLADO (INCLUYE INSTALACIÓN PROVISIONAL) | D25: MES | E25: =+$C$11 -> 4.5 | G25: 150000 | H25: =+H16 -> 1 | I25: =+$E25*$G25*H25 -> 675000
B26: 2.3 | C26: INTERNET (PROVISIONAL) | D26: MES | E26: =+$C$11 -> 4.5 | G26: 150000 | H26: =+H16 -> 1 | I26: =+$E26*$G26*H26 -> 675000
B27: 2.4 | C27: TELÉFONO (PROVISIONAL) | D27: MES | E27: =+$C$11 -> 4.5 | G27: 200000 | H27: =+H16 -> 1 | I27: =+$E27*$G27*H27 -> 900000
C28: TOTAL COSTOS DE SERVICIOS PUBLICOS: | I28: =SUM(I24:I27) -> 3375000
B30: 3 | C30: COSTOS DE DOTACION CAMPAMENTO E INSTALACIONES PROVISIONALES
B31: 3.1 | C31: COSTO PROPORCIONAL OFICINA CENTRAL | D31: MES | E31: =+$C$11 -> 4.5 | G31: 250000 | H31: =+H16 -> 1 | I31: =+$E31*$G31*H31 -> 1125000
B32: 3.2 | C32: COMPUTADOR | D32: MES | E32: =+$C$11 -> 4.5 | G32: 150000 | H32: =+H16+H15 -> 2 | I32: =+$E32*$G32*H32 -> 1350000
B33: 3.3 | C33: MUEBLES | D33: GB | E33: 1 | G33: 400000 | H33: =+H16 -> 1 | I33: =+$E33*$G33*H33 -> 400000
C34: TOTAL COSTOS DE DOTACION CAMPAMENTO: | I34: =SUM(I31:I33) -> 2875000
B36: 4 | C36: OTROS - GASTOS GENERALES
B37: 4.1 | C37: SEGURIDAD INDUSTRIAL , DOTACIÓN Y PROTOCOLO COVID 19 | D37: % PERS | E37: 0.05 | I37: =+$E37*I$21 -> 3431250
B38: 4.2 | C38: ENSAYOS DE LABORATORIO PARA MATERIALES, PRUEBAS DE CARGA Y OTROS QUE SEAN REQUERIDOS | D38: MES | E38: 1 | G38: 400000 | H38: =+H16 -> 1 | I38: =+$E38*$G38*H38 -> 400000
B39: 4.3 | C39: MANTENIMIENTO EQUIPOS/HERRAMIENTAS | D39: MES | E39: =+$C$11 -> 4.5 | G39: 200000 | H39: =+H16 -> 1 | I39: =+$E39*$G39*H39 -> 900000
B40: 4.4 | C40: PAPELERIA Y EMPASTES | D40: MES | E40: =+$C$11 -> 4.5 | G40: 150000 | H40: =+H16 -> 1 | I40: =+$E40*$G40*H40 -> 675000
B41: 4.5 | C41: REGISTRO FOTOGRÁFICO / VIDEOS / INFORMES | D41: MES | E41: =+$C$11 -> 4.5 | G41: 100000 | H41: =+H16 -> 1 | I41: =+$E41*$G41*H41 -> 450000
B42: 4.6 | C42: PLOTEADA PLANOS, COPIA PLANOS Y FOTOCOPIAS | D42: GB | E42: 1 | G42: 400000 | H42: =+H16 -> 1 | I42: =+$E42*$G42*H42 -> 400000
B43: 4.7 | C43: PLANOS RECORD | D43: GB | E43: 1 | G43: 800000 | H43: =+H16 -> 1 | I43: =+$E43*$G43*H43 -> 800000
B44: 4.8 | C44: TRANSPORTES Y MOVILIZACIÓN (NO INCLUIDOS EN LOS COSTOS DIRECTOS) | D44: MES | E44: =+$C$11 -> 4.5 | G44: 703268.97 | H44: 1 | I44: =+$E44*$G44*H44 -> 3164710.4
B45: 4.9 | C45: VIATICOS Y MANUTENCIÓN PERSONAL ADMINISTRATIVO | D45: MES | E45: =+$C$11 -> 4.5 | G45: 1000000 | H45: =+H16 -> 1 | I45: =+$E45*$G45*H45 -> 4500000
C46: TOTAL OTROS - GASTOS GENERALES: | I46: =SUM(I37:I45) -> 14720960
B48: 5 | C48: COSTOS DE LEGALIZACION DEL CONTRATO (POLIZAS)
B49: 5.1 | C49: CUMPLIMIENTO | D49: UN | E49: 1 | F49: 0.00026 | I49: =+$E49*$F49*I$78 -> 364179.83
B50: 5.2 | C50: AMPARO DE SALARIOS Y PREST. SOCIALES | D50: UN | E50: 1 | F50: 0.00024 | I50: =+$E50*$F50*I$78 -> 336166
B51: 5.3 | C51: AMPARO DE ANTICIPO | D51: UN | E51: 1 | F51: 0.00032 | I51: =+$E51*$F51*I$78 -> 448221.33
B52: 5.4 | C52: RESPONSABILIDAD CIVIL EXTRACONTRACTUAL | D52: UN | E52: 1 | F52: 0.00032 | I52: =+$E52*$F52*I$78 -> 448221.33
B53: 5.5 | C53: ESTABILIDAD DE OBRA | D53: UN | E53: 1 | F53: 0.00217 | I53: =+$E53*$F53*I$78 -> 3039500.9
C54: TOTAL COSTOS DE LEGALIZACION DEL CONTRATO: | I54: =SUM(I49:I53) -> 4636289.4
B56: 6 | C56: COSTOS DE IMPUESTOS O CARGA IMPOSITIVA
B57: 6.1 | C57: RETEFUENTE | D57: GB | E57: 1 | F57: 0.02 | I57: =+$E57*$F57*I$78 -> 28013833
B58: 6.2 | C58: RETEICA (vr. Total del contrato X 1%) | D58: GB | E58: 1 | F58: 0.01 | I58: =+$E58*$F58*I$78 -> 14006917
B59: 6.3 | C59: IMPUESTO LEY 1106 DE 2,006 | D59: GB | E59: 1 | F59: 0.05 | I59: =+$E59*$F59*I$78 -> 70034583
B60: 6.4 | C60: ESTAMPILLA PRO UNIVERSIDAD | D60: GB | E60: 1 | F60: 0.02 | I60: =+$E60*$F60*I$78 -> 28013833
C61: TOTAL COSTOS DE IMPUESTOS: | I61: =SUM(I57:I60) -> 1.4006917e+08
G63: TOTAL ADMINISTRACION | H63: =+I63/I73 -> 0.21092125 | I63: =+I61+I54+I46+I34+I28+I21 -> 2.3430142e+08
G65: TOTAL UTILIDAD | H65: 0.05 | I65: =+H65*I73 -> 55542393
G67: TOTAL AU | H67: =H63+H65 -> 0.26092125 | I67: =+ROUND(I63+I65,0) -> 289843809
G69: IVA SOBRE LA UTILIDAD | H69: 0
G71: TOTAL AU + IVA | I71: =+I67+I69 -> 289843809
I72: =+H67+(H65*H69)+1 -> 1.2609212
H73: COSTOS DIRECTOS | I73: 1.1108479e+09
H74: ADMINISTRACION | I74: =+I63 -> 2.3430142e+08
H75: UTILIDAD | I75: =+I65 -> 55542393
H76: IVA SOBRE UTILIDAD | I76: 0
H78: COSTO TOTAL | I78: 1400691664

Sheet AU Z5
C3: Realizar las obras de adecuacion a toto costo, que tiene por objeto: “OBRAS CIVILES DE ADECUACIÓN EN ESPACIOS FÍSICOS A NIVEL NACIONAL, PARA EL DESARROLLO MISIONAL DEL SERVICIO NACIONAL DE APRENDIZAJE-SENA- A MONTO AGOTABLE.”
C5: ANEXO. 05 - ANALISIS ADMINISTRACIÓN Y UTILIDAD PARA TODAS LAS ZONAS
C6: SON CRITERIOS MINIMOS. AJUSTAR SEGÚN NECESIDAD DE LA ZONA A OFERTAR, TENIENDO EN CUENTA LAS PAUTAS DEFINIDAS EN EL ESTUDIO PREVIO
C7: LP-DG-0005-2020
B11: PLAZO DE EJECUCIÓN | C11: 4.5 | H11: ZONA 5 | I11: VR. TOTAL
G12: CANTIDAD DE RESIDENTES --------> | H12: 2
C13: DESCRIPCION | D13: UND | E13: PLAZO DE EJECUCIÓN | F13: % DE DEDICACIÓN | G13: VR. UNITARIO | H13: CANTIDAD / PROFESIONAL
B14: 1 | C14: PERSONAL DE OBRA (INCLUYEN PRESTACIONES)
B15: 1.1 | C15: DIRECTOR DE OBRA CON PRESTACIONES SOCIALES | D15: MES | E15: =+$C$11 -> 4.5 | F15: 1 | G15: 5000000 | H15: 1 | I15: =+$E15*$F15*$G15*H15 -> 22500000
B16: 1.2 | C16: RESIDENTE DE OBRA CON PRESTACIONES SOCIALES | D16: MES | E16: =+$C$11 -> 4.5 | F16: 1 | G16: 2500000 | H16: =+H12 -> 2 | I16: =+$E16*$F16*$G16*H16 -> 22500000
B17: 1.3 | C17: ENCARGADO AREA ELECTRICA Y MECANICA | D17: MES | E17: =+$C$11 -> 4.5 | F17: 1 | G17: 2000000 | H17: 1 | I17: =+$E17*$F17*$G17*H17 -> 9000000
B18: 1.4 | C18: ENCARGADO AREA HIDROSANITARIA | D18: MES | E18: =+$C$11 -> 4.5 | F18: 1 | G18: 2000000 | H18: 1 | I18: =+$E18*$F18*$G18*H18 -> 9000000
B19: 1.5 | C19: ENCARGADO AMBIENTAL | D19: MES | E19: =+$C$11 -> 4.5 | F19: 1 | G19: 2000000 | H19: 1 | I19: =+$E19*$F19*$G19*H19 -> 9000000
B20: 1.6 | C20: ENCARGADO SEGURIDAD INDUSTRIAL CON SEGURIDAD SOCIAL | D20: MES | E20: =+$C$11 -> 4.5 | F20: 1 | G20: 1750000 | H20: 1 | I20: =+$E20*$F20*$G20*H20 -> 7875000
C21: TOTAL PERSONAL DE OBRA (INCLUYEN PRESTACIONES) | I21: =SUM(I15:I20) -> 79875000
B23: 2 | C23: COSTOS DE SERVICIOS PUBLICOS (OBRA Y CAMPAMENTO)
B24: 2.1 | C24: ENERGIA (INCLUYE INSTALACIÓN PROVISIONAL) | D24: MES | E24: =+$C$11 -> 4.5 | G24: 250000 | H24: =+H16 -> 2 | I24: =+$E24*$G24*H24 -> 2250000
B25: 2.2 | C25: AGUA - ALCANTARILLADO (INCLUYE INSTALACIÓN PROVISIONAL) | D25: MES | E25: =+$C$11 -> 4.5 | G25: 150000 | H25: =+H16 -> 2 | I25: =+$E25*$G25*H25 -> 1350000
B26: 2.3 | C26: INTERNET (PROVISIONAL) | D26: MES | E26: =+$C$11 -> 4.5 | G26: 150000 | H26: =+H16 -> 2 | I26: =+$E26*$G26*H26 -> 1350000
B27: 2.4 | C27: TELÉFONO (PROVISIONAL) | D27: MES | E27: =+$C$11 -> 4.5 | G27: 200000 | H27: =+H16 -> 2 | I27: =+$E27*$G27*H27 -> 1800000
C28: TOTAL COSTOS DE SERVICIOS PUBLICOS: | I28: =SUM(I24:I27) -> 6750000
B30: 3 | C30: COSTOS DE DOTACION CAMPAMENTO E INSTALACIONES PROVISIONALES
B31: 3.1 | C31: COSTO PROPORCIONAL OFICINA CENTRAL | D31: MES | E31: =+$C$11 -> 4.5 | G31: 250000 | H31: =+H16 -> 2 | I31: =+$E31*$G31*H31 -> 2250000
B32: 3.2 | C32: COMPUTADOR | D32: MES | E32: =+$C$11 -> 4.5 | G32: 150000 | H32: =+H16+H15 -> 3 | I32: =+$E32*$G32*H32 -> 2025000
B33: 3.3 | C33: MUEBLES | D33: GB | E33: 1 | G33: 400000 | H33: =+H16 -> 2 | I33: =+$E33*$G33*H33 -> 800000
C34: TOTAL COSTOS DE DOTACION CAMPAMENTO: | I34: =SUM(I31:I33) -> 5075000
B36: 4 | C36: OTROS - GASTOS GENERALES
B37: 4.1 | C37: SEGURIDAD INDUSTRIAL , DOTACIÓN Y PROTOCOLO COVID 19 | D37: % PERS | E37: 0.05 | I37: =+$E37*I$21 -> 3993750
B38: 4.2 | C38: ENSAYOS DE LABORATORIO PARA MATERIALES, PRUEBAS DE CARGA Y OTROS QUE SEAN REQUERIDOS | D38: MES | E38: 1 | G38: 400000 | H38: =+H16 -> 2 | I38: =+$E38*$G38*H38 -> 800000
B39: 4.3 | C39: MANTENIMIENTO EQUIPOS/HERRAMIENTAS | D39: MES | E39: =+$C$11 -> 4.5 | G39: 200000 | H39: =+H16 -> 2 | I39: =+$E39*$G39*H39 -> 1800000
B40: 4.4 | C40: PAPELERIA Y EMPASTES | D40: MES | E40: =+$C$11 -> 4.5 | G40: 150000 | H40: =+H16 -> 2 | I40: =+$E40*$G40*H40 -> 1350000
B41: 4.5 | C41: REGISTRO FOTOGRÁFICO / VIDEOS / INFORMES | D41: MES | E41: =+$C$11 -> 4.5 | G41: 100000 | H41: =+H16 -> 2 | I41: =+$E41*$G41*H41 -> 900000
B42: 4.6 | C42: PLOTEADA PLANOS, COPIA PLANOS Y FOTOCOPIAS | D42: GB | E42: 1 | G42: 400000 | H42: =+H16 -> 2 | I42: =+$E42*$G42*H42 -> 800000
B43: 4.7 | C43: PLANOS RECORD | D43: GB | E43: 1 | G43: 800000 | H43: =+H16 -> 2 | I43: =+$E43*$G43*H43 -> 1600000
B44: 4.8 | C44: TRANSPORTES Y MOVILIZACIÓN (NO INCLUIDOS EN LOS COSTOS DIRECTOS) | D44: MES | E44: =+$C$11 -> 4.5 | G44: 822811.19 | H44: 1 | I44: =+$E44*$G44*H44 -> 3702650.4
B45: 4.9 | C45: VIATICOS Y MANUTENCIÓN PERSONAL ADMINISTRATIVO | D45: MES | E45: =+$C$11 -> 4.5 | G45: 1000000 | H45: =+H16 -> 2 | I45: =+$E45*$G45*H45 -> 9000000
C46: TOTAL OTROS - GASTOS GENERALES: | I46: =SUM(I37:I45) -> 23946400
B48: 5 | C48: COSTOS DE LEGALIZACION DEL CONTRATO (POLIZAS)
B49: 5.1 | C49: CUMPLIMIENTO | D49: UN | E49: 1 | F49: 0.00026 | I49: =+$E49*$F49*I$78 -> 409325.01
B50: 5.2 | C50: AMPARO DE SALARIOS Y PREST. SOCIALES | D50: UN | E50: 1 | F50: 0.00024 | I50: =+$E50*$F50*I$78 -> 377838.47
B51: 5.3 | C51: AMPARO DE ANTICIPO | D51: UN | E51: 1 | F51: 0.00032 | I51: =+$E51*$F51*I$78 -> 503784.62
B52: 5.4 | C52: RESPONSABILIDAD CIVIL EXTRACONTRACTUAL | D52: UN | E52: 1 | F52: 0.00032 | I52: =+$E52*$F52*I$78 -> 503784.62
B53: 5.5 | C53: ESTABILIDAD DE OBRA | D53: UN | E53: 1 | F53: 0.00217 | I53: =+$E53*$F53*I$78 -> 3416289.5
C54: TOTAL COSTOS DE LEGALIZACION DEL CONTRATO: | I54: =SUM(I49:I53) -> 5211022.2
B56: 6 | C56: COSTOS DE IMPUESTOS O CARGA IMPOSITIVA
B57: 6.1 | C57: RETEFUENTE | D57: GB | E57: 1 | F57: 0.02 | I57: =+$E57*$F57*I$78 -> 31486539
B58: 6.2 | C58: RETEICA (vr. Total del contrato X 1%) | D58: GB | E58: 1 | F58: 0.01 | I58: =+$E58*$F58*I$78 -> 15743270
B59: 6.3 | C59: IMPUESTO LEY 1106 DE 2,006 | D59: GB | E59: 1 | F59: 0.05 | I59: =+$E59*$F59*I$78 -> 78716348
B60: 6.4 | C60: ESTAMPILLA PRO UNIVERSIDAD | D60: GB | E60: 1 | F60: 0.02 | I60: =+$E60*$F60*I$78 -> 31486539
C61: TOTAL COSTOS DE IMPUESTOS: | I61: =SUM(I57:I60) -> 1.574327e+08
G63: TOTAL ADMINISTRACION | H63: 0.2275 | I63: =+H63*I73 -> 2.7829012e+08
G65: TOTAL UTILIDAD | H65: 0.05 | I65: =+H65*I73 -> 61162663
G67: TOTAL AU | H67: =H63+H65 -> 0.2775 | I67: =+ROUND(I63+I65,0) -> 339452781
G69: IVA SOBRE LA UTILIDAD | H69: 0.19 | I69: =+ROUND(I65*0.19,0) -> 11620906
G71: TOTAL AU + IVA | I71: =+I67+I69 -> 351073687
I72: =+H67+(H65*H69)+1 -> 1.287
H73: COSTOS DIRECTOS | I73: =+I78/I72 -> 1.2232533e+09
H74: ADMINISTRACION | I74: =+I63 -> 2.7829012e+08
H75: UTILIDAD | I75: =+I65 -> 61162663
H76: IVA SOBRE UTILIDAD | I76: =+I69 -> 11620906
H78: COSTO TOTAL | I78: =+'DETALLE PRESUPUESTO OFICIAL'!D53 -> 1574326952

Sheet AU Z6
C3: Realizar las obras de adecuacion a toto costo, que tiene por objeto: “OBRAS CIVILES DE ADECUACIÓN EN ESPACIOS FÍSICOS A NIVEL NACIONAL, PARA EL DESARROLLO MISIONAL DEL SERVICIO NACIONAL DE APRENDIZAJE-SENA- A MONTO AGOTABLE.”
C5: ANEXO. 05 - ANALISIS ADMINISTRACIÓN Y UTILIDAD PARA TODAS LAS ZONAS
C6: SON CRITERIOS MINIMOS. AJUSTAR SEGÚN NECESIDAD DE LA ZONA A OFERTAR, TENIENDO EN CUENTA LAS PAUTAS DEFINIDAS EN EL ESTUDIO PREVIO
C7: LP-DG-0005-2020
B11: PLAZO DE EJECUCIÓN | C11: 4.5 | H11: ZONA 6 | I11: VR. TOTAL
G12: CANTIDAD DE RESIDENTES --------> | H12: 4
C13: DESCRIPCION | D13: UND | E13: PLAZO DE EJECUCIÓN | F13: % DE DEDICACIÓN | G13: VR. UNITARIO | H13: CANTIDAD / PROFESIONAL
B14: 1 | C14: PERSONAL DE OBRA (INCLUYEN PRESTACIONES)
B15: 1.1 | C15: DIRECTOR DE OBRA CON PRESTACIONES SOCIALES | D15: MES | E15: =+$C$11 -> 4.5 | F15: 1 | G15: 5000000 | H15: 1 | I15: =+$E15*$F15*$G15*H15 -> 22500000
B16: 1.2 | C16: RESIDENTE DE OBRA CON PRESTACIONES SOCIALES | D16: MES | E16: =+$C$11 -> 4.5 | F16: 1 | G16: 2500000 | H16: =+H12 -> 4 | I16: =+$E16*$F16*$G16*H16 -> 45000000
B17: 1.3 | C17: ENCARGADO AREA ELECTRICA Y MECANICA | D17: MES | E17: =+$C$11 -> 4.5 | F17: 1 | G17: 2000000 | H17: 1 | I17: =+$E17*$F17*$G17*H17 -> 9000000
B18: 1.4 | C18: ENCARGADO AREA HIDROSANITARIA | D18: MES | E18: =+$C$11 -> 4.5 | F18: 1 | G18: 2000000 | H18: 1 | I18: =+$E18*$F18*$G18*H18 -> 9000000
B19: 1.5 | C19: ENCARGADO AMBIENTAL | D19: MES | E19: =+$C$11 -> 4.5 | F19: 1 | G19: 2000000 | H19: 1 | I19: =+$E19*$F19*$G19*H19 -> 9000000
B20: 1.6 | C20: ENCARGADO SEGURIDAD INDUSTRIAL CON SEGURIDAD SOCIAL | D20: MES | E20: =+$C$11 -> 4.5 | F20: 1 | G20: 1750000 | H20: 1 | I20: =+$E20*$F20*$G20*H20 -> 7875000
C21: TOTAL PERSONAL DE OBRA (INCLUYEN PRESTACIONES) | I21: =SUM(I15:I20) -> 102375000
B23: 2 | C23: COSTOS DE SERVICIOS PUBLICOS (OBRA Y CAMPAMENTO)
B24: 2.1 | C24: ENERGIA (INCLUYE INSTALACIÓN PROVISIONAL) | D24: MES | E24: =+$C$11 -> 4.5 | G24: 250000 | H24: =+H16 -> 4 | I24: =+$E24*$G24*H24 -> 4500000
B25: 2.2 | C25: AGUA - ALCANTARILLADO (INCLUYE INSTALACIÓN PROVISIONAL) | D25: MES | E25: =+$C$11 -> 4.5 | G25: 150000 | H25: =+H16 -> 4 | I25: =+$E25*$G25*H25 -> 2700000
B26: 2.3 | C26: INTERNET (PROVISIONAL) | D26: MES | E26: =+$C$11 -> 4.5 | G26: 150000 | H26: =+H16 -> 4 | I26: =+$E26*$G26*H26 -> 2700000
B27: 2.4 | C27: TELÉFONO (PROVISIONAL) | D27: MES | E27: =+$C$11 -> 4.5 | G27: 200000 | H27: =+H16 -> 4 | I27: =+$E27*$G27*H27 -> 3600000
C28: TOTAL COSTOS DE SERVICIOS PUBLICOS: | I28: =SUM(I24:I27) -> 13500000
B30: 3 | C30: COSTOS DE DOTACION CAMPAMENTO E INSTALACIONES PROVISIONALES
B31: 3.1 | C31: COSTO PROPORCIONAL OFICINA CENTRAL | D31: MES | E31: =+$C$11 -> 4.5 | G31: 250000 | H31: =+H16 -> 4 | I31: =+$E31*$G31*H31 -> 4500000
B32: 3.2 | C32: COMPUTADOR | D32: MES | E32: =+$C$11 -> 4.5 | G32: 150000 | H32: =+H16+H15 -> 5 | I32: =+$E32*$G32*H32 -> 3375000
B33: 3.3 | C33: MUEBLES | D33: GB | E33: 1 | G33: 400000 | H33: =+H16 -> 4 | I33: =+$E33*$G33*H33 -> 1600000
C34: TOTAL COSTOS DE DOTACION CAMPAMENTO: | I34: =SUM(I31:I33) -> 9475000
B36: 4 | C36: OTROS - GASTOS GENERALES
B37: 4.1 | C37: SEGURIDAD INDUSTRIAL , DOTACIÓN Y PROTOCOLO COVID 19 | D37: % PERS | E37: 0.05 | I37: =+$E37*I$21 -> 5118750
B38: 4.2 | C38: ENSAYOS DE LABORATORIO PARA MATERIALES, PRUEBAS DE CARGA Y OTROS QUE SEAN REQUERIDOS | D38: MES | E38: 1 | G38: 400000 | H38: =+H16 -> 4 | I38: =+$E38*$G38*H38 -> 1600000
B39: 4.3 | C39: MANTENIMIENTO EQUIPOS/HERRAMIENTAS | D39: MES | E39: =+$C$11 -> 4.5 | G39: 200000 | H39: =+H16 -> 4 | I39: =+$E39*$G39*H39 -> 3600000
B40: 4.4 | C40: PAPELERIA Y EMPASTES | D40: MES | E40: =+$C$11 -> 4.5 | G40: 150000 | H40: =+H16 -> 4 | I40: =+$E40*$G40*H40 -> 2700000
B41: 4.5 | C41: REGISTRO FOTOGRÁFICO / VIDEOS / INFORMES | D41: MES | E41: =+$C$11 -> 4.5 | G41: 100000 | H41: =+H16 -> 4 | I41: =+$E41*$G41*H41 -> 1800000
B42: 4.6 | C42: PLOTEADA PLANOS, COPIA PLANOS Y FOTOCOPIAS | D42: GB | E42: 1 | G42: 400000 | H42: =+H16 -> 4 | I42: =+$E42*$G42*H42 -> 1600000
B43: 4.7 | C43: PLANOS RECORD | D43: GB | E43: 1 | G43: 800000 | H43: =+H16 -> 4 | I43: =+$E43*$G43*H43 -> 3200000
B44: 4.8 | C44: TRANSPORTES Y MOVILIZACIÓN (NO INCLUIDOS EN LOS COSTOS DIRECTOS) | D44: MES | E44: =+$C$11 -> 4.5 | G44: 869264.81 | H44: 1 | I44: =+$E44*$G44*H44 -> 3911691.7
B45: 4.9 | C45: VIATICOS Y MANUTENCIÓN PERSONAL ADMINISTRATIVO | D45: MES | E45: =+$C$11 -> 4.5 | G45: 1000000 | H45: =+H16 -> 4 | I45: =+$E45*$G45*H45 -> 18000000
C46: TOTAL OTROS - GASTOS GENERALES: | I46: =SUM(I37:I45) -> 41530442
B48: 5 | C48: COSTOS DE LEGALIZACION DEL CONTRATO (POLIZAS)
B49: 5.1 | C49: CUMPLIMIENTO | D49: UN | E49: 1 | F49: 0.00026 | I49: =+$E49*$F49*I$78 -> 1539914.3
B50: 5.2 | C50: AMPARO DE SALARIOS Y PREST. SOCIALES | D50: UN | E50: 1 | F50: 0.00024 | I50: =+$E50*$F50*I$78 -> 1421459.4
B51: 5.3 | C51: AMPARO DE ANTICIPO | D51: UN | E51: 1 | F51: 0.00032 | I51: =+$E51*$F51*I$78 -> 1895279.2
B52: 5.4 | C52: RESPONSABILIDAD CIVIL EXTRACONTRACTUAL | D52: UN | E52: 1 | F52: 0.00032 | I52: =+$E52*$F52*I$78 -> 1895279.2
B53: 5.5 | C53: ESTABILIDAD DE OBRA | D53: UN | E53: 1 | F53: 0.00217 | I53: =+$E53*$F53*I$78 -> 12852362
C54: TOTAL COSTOS DE LEGALIZACION DEL CONTRATO: | I54: =SUM(I49:I53) -> 19604294
B56: 6 | C56: COSTOS DE IMPUESTOS O CARGA IMPOSITIVA
B57: 6.1 | C57: RETEFUENTE | D57: GB | E57: 1 | F57: 0.02 | I57: =+$E57*$F57*I$78 -> 1.1845495e+08
B58: 6.2 | C58: RETEICA (vr. Total del contrato X 1%) | D58: GB | E58: 1 | F58: 0.01 | I58: =+$E58*$F58*I$78 -> 59227474
B59: 6.3 | C59: IMPUESTO LEY 1106 DE 2,006 | D59: GB | E59: 1 | F59: 0.05 | I59: =+$E59*$F59*I$78 -> 2.9613737e+08
B60: 6.4 | C60: ESTAMPILLA PRO UNIVERSIDAD | D60: GB | E60: 1 | F60: 0.02 | I60: =+$E60*$F60*I$78 -> 1.1845495e+08
C61: TOTAL COSTOS DE IMPUESTOS: | I61: =SUM(I57:I60) -> 5.9227474e+08
G63: TOTAL ADMINISTRACION | H63: 0.1604 | I63: =+H63*I73 -> 7.7875948e+08
G65: TOTAL UTILIDAD | H65: 0.05 | I65: =+H65*I73 -> 2.4275545e+08
G67: TOTAL AU | H67: =H63+H65 -> 0.2104 | I67: =+ROUND(I63+I65,0) -> 1021514926
G69: IVA SOBRE LA UTILIDAD | H69: 0.19 | I69: =+ROUND(I65*0.19,0) -> 46123535
G71: TOTAL AU + IVA | I71: =+I67+I69 -> 1067638461
I72: =+H67+(H65*H69)+1 -> 1.2199
H73: COSTOS DIRECTOS | I73: =+I78/I72 -> 4.855109e+09
H74: ADMINISTRACION | I74: =+I63 -> 7.7875948e+08
H75: UTILIDAD | I75: =+I65 -> 2.4275545e+08
H76: IVA SOBRE UTILIDAD | I76: =+I69 -> 46123535
H78: COSTO TOTAL | I78: =+'DETALLE PRESUPUESTO OFICIAL'!D63 -> 5922747427

Sheet AU Z7
C3: Realizar las obras de adecuacion a toto costo, que tiene por objeto: “OBRAS CIVILES DE ADECUACIÓN EN ESPACIOS FÍSICOS A NIVEL NACIONAL, PARA EL DESARROLLO MISIONAL DEL SERVICIO NACIONAL DE APRENDIZAJE-SENA- A MONTO AGOTABLE.”
C5: ANEXO. 05 - ANALISIS ADMINISTRACIÓN Y UTILIDAD PARA TODAS LAS ZONAS
C6: SON CRITERIOS MINIMOS. AJUSTAR SEGÚN NECESIDAD DE LA ZONA A OFERTAR, TENIENDO EN CUENTA LAS PAUTAS DEFINIDAS EN EL ESTUDIO PREVIO
C7: LP-DG-0005-2020
B11: PLAZO DE EJECUCIÓN | C11: 4.5 | H11: ZONA 7 | I11: VR. TOTAL
G12: CANTIDAD DE RESIDENTES --------> | H12: 2
C13: DESCRIPCION | D13: UND | E13: PLAZO DE EJECUCIÓN | F13: % DE DEDICACIÓN | G13: VR. UNITARIO | H13: CANTIDAD / PROFESIONAL
B14: 1 | C14: PERSONAL DE OBRA (INCLUYEN PRESTACIONES)
B15: 1.1 | C15: DIRECTOR DE OBRA CON PRESTACIONES SOCIALES | D15: MES | E15: =+$C$11 -> 4.5 | F15: 1 | G15: 5000000 | H15: 1 | I15: =+$E15*$F15*$G15*H15 -> 22500000
B16: 1.2 | C16: RESIDENTE DE OBRA CON PRESTACIONES SOCIALES | D16: MES | E16: =+$C$11 -> 4.5 | F16: 1 | G16: 2500000 | H16: =+H12 -> 2 | I16: =+$E16*$F16*$G16*H16 -> 22500000
B17: 1.3 | C17: ENCARGADO AREA ELECTRICA Y MECANICA | D17: MES | E17: =+$C$11 -> 4.5 | F17: 1 | G17: 2000000 | H17: 1 | I17: =+$E17*$F17*$G17*H17 -> 9000000
B18: 1.4 | C18: ENCARGADO AREA HIDROSANITARIA | D18: MES | E18: =+$C$11 -> 4.5 | F18: 1 | G18: 2000000 | H18: 1 | I18: =+$E18*$F18*$G18*H18 -> 9000000
B19: 1.5 | C19: ENCARGADO AMBIENTAL | D19: MES | E19: =+$C$11 -> 4.5 | F19: 1 | G19: 2000000 | H19: 1 | I19: =+$E19*$F19*$G19*H19 -> 9000000
B20: 1.6 | C20: ENCARGADO SEGURIDAD INDUSTRIAL CON SEGURIDAD SOCIAL | D20: MES | E20: =+$C$11 -> 4.5 | F20: 1 | G20: 1750000 | H20: 1 | I20: =+$E20*$F20*$G20*H20 -> 7875000
C21: TOTAL PERSONAL DE OBRA (INCLUYEN PRESTACIONES) | I21: =SUM(I15:I20) -> 79875000
B23: 2 | C23: COSTOS DE SERVICIOS PUBLICOS (OBRA Y CAMPAMENTO)
B24: 2.1 | C24: ENERGIA (INCLUYE INSTALACIÓN PROVISIONAL) | D24: MES | E24: =+$C$11 -> 4.5 | G24: 250000 | H24: =+H16 -> 2 | I24: =+$E24*$G24*H24 -> 2250000
B25: 2.2 | C25: AGUA - ALCANTARILLADO (INCLUYE INSTALACIÓN PROVISIONAL) | D25: MES | E25: =+$C$11 -> 4.5 | G25: 150000 | H25: =+H16 -> 2 | I25: =+$E25*$G25*H25 -> 1350000
B26: 2.3 | C26: INTERNET (PROVISIONAL) | D26: MES | E26: =+$C$11 -> 4.5 | G26: 150000 | H26: =+H16 -> 2 | I26: =+$E26*$G26*H26 -> 1350000
B27: 2.4 | C27: TELÉFONO (PROVISIONAL) | D27: MES | E27: =+$C$11 -> 4.5 | G27: 200000 | H27: =+H16 -> 2 | I27: =+$E27*$G27*H27 -> 1800000
C28: TOTAL COSTOS DE SERVICIOS PUBLICOS: | I28: =SUM(I24:I27) -> 6750000
B30: 3 | C30: COSTOS DE DOTACION CAMPAMENTO E INSTALACIONES PROVISIONALES
B31: 3.1 | C31: COSTO PROPORCIONAL OFICINA CENTRAL | D31: MES | E31: =+$C$11 -> 4.5 | G31: 250000 | H31: =+H16 -> 2 | I31: =+$E31*$G31*H31 -> 2250000
B32: 3.2 | C32: COMPUTADOR | D32: MES | E32: =+$C$11 -> 4.5 | G32: 150000 | H32: =+H16+H15 -> 3 | I32: =+$E32*$G32*H32 -> 2025000
B33: 3.3 | C33: MUEBLES | D33: GB | E33: 1 | G33: 400000 | H33: =+H16 -> 2 | I33: =+$E33*$G33*H33 -> 800000
C34: TOTAL COSTOS DE DOTACION CAMPAMENTO: | I34: =SUM(I31:I33) -> 5075000
B36: 4 | C36: OTROS - GASTOS GENERALES
B37: 4.1 | C37: SEGURIDAD INDUSTRIAL , DOTACIÓN Y PROTOCOLO COVID 19 | D37: % PERS | E37: 0.05 | I37: =+$E37*I$21 -> 3993750
B38: 4.2 | C38: ENSAYOS DE LABORATORIO PARA MATERIALES, PRUEBAS DE CARGA Y OTROS QUE SEAN REQUERIDOS | D38: MES | E38: 1 | G38: 400000 | H38: =+H16 -> 2 | I38: =+$E38*$G38*H38 -> 800000
B39: 4.3 | C39: MANTENIMIENTO EQUIPOS/HERRAMIENTAS | D39: MES | E39: =+$C$11 -> 4.5 | G39: 200000 | H39: =+H16 -> 2 | I39: =+$E39*$G39*H39 -> 1800000
B40: 4.4 | C40: PAPELERIA Y EMPASTES | D40: MES | E40: =+$C$11 -> 4.5 | G40: 150000 | H40: =+H16 -> 2 | I40: =+$E40*$G40*H40 -> 1350000
B41: 4.5 | C41: REGISTRO FOTOGRÁFICO / VIDEOS / INFORMES | D41: MES | E41: =+$C$11 -> 4.5 | G41: 100000 | H41: =+H16 -> 2 | I41: =+$E41*$G41*H41 -> 900000
B42: 4.6 | C42: PLOTEADA PLANOS, COPIA PLANOS Y FOTOCOPIAS | D42: GB | E42: 1 | G42: 400000 | H42: =+H16 -> 2 | I42: =+$E42*$G42*H42 -> 800000
B43: 4.7 | C43: PLANOS RECORD | D43: GB | E43: 1 | G43: 800000 | H43: =+H16 -> 2 | I43: =+$E43*$G43*H43 -> 1600000
B44: 4.8 | C44: TRANSPORTES Y MOVILIZACIÓN (NO INCLUIDOS EN LOS COSTOS DIRECTOS) | D44: MES | E44: =+$C$11 -> 4.5 | G44: 828179.1 | H44: 1 | I44: =+$E44*$G44*H44 -> 3726806
B45: 4.9 | C45: VIATICOS Y MANUTENCIÓN PERSONAL ADMINISTRATIVO | D45: MES | E45: =+$C$11 -> 4.5 | G45: 1000000 | H45: =+H16 -> 2 | I45: =+$E45*$G45*H45 -> 9000000
C46: TOTAL OTROS - GASTOS GENERALES: | I46: =SUM(I37:I45) -> 23970556
B48: 5 | C48: COSTOS DE LEGALIZACION DEL CONTRATO (POLIZAS)
B49: 5.1 | C49: CUMPLIMIENTO | D49: UN | E49: 1 | F49: 0.00026 | I49: =+$E49*$F49*I$78 -> 877925.73
B50: 5.2 | C50: AMPARO DE SALARIOS Y PREST. SOCIALES | D50: UN | E50: 1 | F50: 0.00024 | I50: =+$E50*$F50*I$78 -> 810392.98
B51: 5.3 | C51: AMPARO DE ANTICIPO | D51: UN | E51: 1 | F51: 0.00032 | I51: =+$E51*$F51*I$78 -> 1080524
B52: 5.4 | C52: RESPONSABILIDAD CIVIL EXTRACONTRACTUAL | D52: UN | E52: 1 | F52: 0.00032 | I52: =+$E52*$F52*I$78 -> 1080524
B53: 5.5 | C53: ESTABILIDAD DE OBRA | D53: UN | E53: 1 | F53: 0.00217 | I53: =+$E53*$F53*I$78 -> 7327303.2
C54: TOTAL COSTOS DE LEGALIZACION DEL CONTRATO: | I54: =SUM(I49:I53) -> 11176670
B56: 6 | C56: COSTOS DE IMPUESTOS O CARGA IMPOSITIVA
B57: 6.1 | C57: RETEFUENTE | D57: GB | E57: 1 | F57: 0.02 | I57: =+$E57*$F57*I$78 -> 67532748
B58: 6.2 | C58: RETEICA (vr. Total del contrato X 1%) | D58: GB | E58: 1 | F58: 0.01 | I58: =+$E58*$F58*I$78 -> 33766374
B59: 6.3 | C59: IMPUESTO LEY 1106 DE 2,006 | D59: GB | E59: 1 | F59: 0.05 | I59: =+$E59*$F59*I$78 -> 1.6883187e+08
B60: 6.4 | C60: ESTAMPILLA PRO UNIVERSIDAD | D60: GB | E60: 1 | F60: 0.02 | I60: =+$E60*$F60*I$78 -> 67532748
C61: TOTAL COSTOS DE IMPUESTOS: | I61: =SUM(I57:I60) -> 3.3766374e+08
G63: TOTAL ADMINISTRACION | H63: 0.169 | I63: =+H63*I73 -> 4.6451097e+08
G65: TOTAL UTILIDAD | H65: 0.05 | I65: =+H65*I73 -> 1.3742928e+08
G67: TOTAL AU | H67: =H63+H65 -> 0.219 | I67: =+ROUND(I63+I65,0) -> 601940249
G69: IVA SOBRE LA UTILIDAD | H69: 0.19 | I69: =+ROUND(I65*0.19,0) -> 26111563
G71: TOTAL AU + IVA | I71: =+I67+I69 -> 628051812
I72: =+H67+(H65*H69)+1 -> 1.2285
H73: COSTOS DIRECTOS | I73: =+I78/I72 -> 2.7485856e+09
H74: ADMINISTRACION | I74: =+I63 -> 4.6451097e+08
H75: UTILIDAD | I75: =+I65 -> 1.3742928e+08
H76: IVA SOBRE UTILIDAD | I76: =+I69 -> 26111563
H78: COSTO TOTAL | I78: =+'DETALLE PRESUPUESTO OFICIAL'!D74 -> 3376637424

Sheet AU Z8
C3: Realizar las obras de adecuacion a toto costo, que tiene por objeto: “OBRAS CIVILES DE ADECUACIÓN EN ESPACIOS FÍSICOS A NIVEL NACIONAL, PARA EL DESARROLLO MISIONAL DEL SERVICIO NACIONAL DE APRENDIZAJE-SENA- A MONTO AGOTABLE.”
C5: ANEXO. 05 - ANALISIS ADMINISTRACIÓN Y UTILIDAD PARA TODAS LAS ZONAS
C6: SON CRITERIOS MINIMOS. AJUSTAR SEGÚN NECESIDAD DE LA ZONA A OFERTAR, TENIENDO EN CUENTA LAS PAUTAS DEFINIDAS EN EL ESTUDIO PREVIO
C7: LP-DG-0005-2020
B11: PLAZO DE EJECUCIÓN | C11: 4.5 | H11: ZONA 8 | I11: VR. TOTAL
G12: CANTIDAD DE RESIDENTES --------> | H12: 2
C13: DESCRIPCION | D13: UND | E13: PLAZO DE EJECUCIÓN | F13: % DE DEDICACIÓN | G13: VR. UNITARIO | H13: CANTIDAD / PROFESIONAL
B14: 1 | C14: PERSONAL DE OBRA (INCLUYEN PRESTACIONES)
B15: 1.1 | C15: DIRECTOR DE OBRA CON PRESTACIONES SOCIALES | D15: MES | E15: =+$C$11 -> 4.5 | F15: 1 | G15: 5000000 | H15: 1 | I15: =+$E15*$F15*$G15*H15 -> 22500000
B16: 1.2 | C16: RESIDENTE DE OBRA CON PRESTACIONES SOCIALES | D16: MES | E16: =+$C$11 -> 4.5 | F16: 1 | G16: 2500000 | H16: =+H12 -> 2 | I16: =+$E16*$F16*$G16*H16 -> 22500000
B17: 1.3 | C17: ENCARGADO AREA ELECTRICA Y MECANICA | D17: MES | E17: =+$C$11 -> 4.5 | F17: 1 | G17: 2000000 | H17: 1 | I17: =+$E17*$F17*$G17*H17 -> 9000000
B18: 1.4 | C18: ENCARGADO AREA HIDROSANITARIA | D18: MES | E18: =+$C$11 -> 4.5 | F18: 1 | G18: 2000000 | H18: 1 | I18: =+$E18*$F18*$G18*H18 -> 9000000
B19: 1.5 | C19: ENCARGADO AMBIENTAL | D19: MES | E19: =+$C$11 -> 4.5 | F19: 1 | G19: 2000000 | H19: 1 | I19: =+$E19*$F19*$G19*H19 -> 9000000
B20: 1.6 | C20: ENCARGADO SEGURIDAD INDUSTRIAL CON SEGURIDAD SOCIAL | D20: MES | E20: =+$C$11 -> 4.5 | F20: 1 | G20: 1750000 | H20: 1 | I20: =+$E20*$F20*$G20*H20 -> 7875000
C21: TOTAL PERSONAL DE OBRA (INCLUYEN PRESTACIONES) | I21: =SUM(I15:I20) -> 79875000
B23: 2 | C23: COSTOS DE SERVICIOS PUBLICOS (OBRA Y CAMPAMENTO)
B24: 2.1 | C24: ENERGIA (INCLUYE INSTALACIÓN PROVISIONAL) | D24: MES | E24: =+$C$11 -> 4.5 | G24: 250000 | H24: =+H16 -> 2 | I24: =+$E24*$G24*H24 -> 2250000
B25: 2.2 | C25: AGUA - ALCANTARILLADO (INCLUYE INSTALACIÓN PROVISIONAL) | D25: MES | E25: =+$C$11 -> 4.5 | G25: 150000 | H25: =+H16 -> 2 | I25: =+$E25*$G25*H25 -> 1350000
B26: 2.3 | C26: INTERNET (PROVISIONAL) | D26: MES | E26: =+$C$11 -> 4.5 | G26: 150000 | H26: =+H16 -> 2 | I26: =+$E26*$G26*H26 -> 1350000
B27: 2.4 | C27: TELÉFONO (PROVISIONAL) | D27: MES | E27: =+$C$11 -> 4.5 | G27: 200000 | H27: =+H16 -> 2 | I27: =+$E27*$G27*H27 -> 1800000
C28: TOTAL COSTOS DE SERVICIOS PUBLICOS: | I28: =SUM(I24:I27) -> 6750000
B30: 3 | C30: COSTOS DE DOTACION CAMPAMENTO E INSTALACIONES PROVISIONALES
B31: 3.1 | C31: COSTO PROPORCIONAL OFICINA CENTRAL | D31: MES | E31: =+$C$11 -> 4.5 | G31: 250000 | H31: =+H16 -> 2 | I31: =+$E31*$G31*H31 -> 2250000
B32: 3.2 | C32: COMPUTADOR | D32: MES | E32: =+$C$11 -> 4.5 | G32: 150000 | H32: =+H16+H15 -> 3 | I32: =+$E32*$G32*H32 -> 2025000
B33: 3.3 | C33: MUEBLES | D33: GB | E33: 1 | G33: 400000 | H33: =+H16 -> 2 | I33: =+$E33*$G33*H33 -> 800000
C34: TOTAL COSTOS DE DOTACION CAMPAMENTO: | I34: =SUM(I31:I33) -> 5075000
B36: 4 | C36: OTROS - GASTOS GENERALES
B37: 4.1 | C37: SEGURIDAD INDUSTRIAL , DOTACIÓN Y PROTOCOLO COVID 19 | D37: % PERS | E37: 0.05 | I37: =+$E37*I$21 -> 3993750
B38: 4.2 | C38: ENSAYOS DE LABORATORIO PARA MATERIALES, PRUEBAS DE CARGA Y OTROS QUE SEAN REQUERIDOS | D38: MES | E38: 1 | G38: 400000 | H38: =+H16 -> 2 | I38: =+$E38*$G38*H38 -> 800000
B39: 4.3 | C39: MANTENIMIENTO EQUIPOS/HERRAMIENTAS | D39: MES | E39: =+$C$11 -> 4.5 | G39: 200000 | H39: =+H16 -> 2 | I39: =+$E39*$G39*H39 -> 1800000
B40: 4.4 | C40: PAPELERIA Y EMPASTES | D40: MES | E40: =+$C$11 -> 4.5 | G40: 150000 | H40: =+H16 -> 2 | I40: =+$E40*$G40*H40 -> 1350000
B41: 4.5 | C41: REGISTRO FOTOGRÁFICO / VIDEOS / INFORMES | D41: MES | E41: =+$C$11 -> 4.5 | G41: 100000 | H41: =+H16 -> 2 | I41: =+$E41*$G41*H41 -> 900000
B42: 4.6 | C42: PLOTEADA PLANOS, COPIA PLANOS Y FOTOCOPIAS | D42: GB | E42: 1 | G42: 400000 | H42: =+H16 -> 2 | I42: =+$E42*$G42*H42 -> 800000
B43: 4.7 | C43: PLANOS RECORD | D43: GB | E43: 1 | G43: 800000 | H43: =+H16 -> 2 | I43: =+$E43*$G43*H43 -> 1600000
B44: 4.8 | C44: TRANSPORTES Y MOVILIZACIÓN (NO INCLUIDOS EN LOS COSTOS DIRECTOS) | D44: MES | E44: =+$C$11 -> 4.5 | G44: 832460.77 | H44: 1 | I44: =+$E44*$G44*H44 -> 3746073.5
B45: 4.9 | C45: VIATICOS Y MANUTENCIÓN PERSONAL ADMINISTRATIVO | D45: MES | E45: =+$C$11 -> 4.5 | G45: 1000000 | H45: =+H16 -> 2 | I45: =+$E45*$G45*H45 -> 9000000
C46: TOTAL OTROS - GASTOS GENERALES: | I46: =SUM(I37:I45) -> 23989823
B48: 5 | C48: COSTOS DE LEGALIZACION DEL CONTRATO (POLIZAS)
B49: 5.1 | C49: CUMPLIMIENTO | D49: UN | E49: 1 | F49: 0.00026 | I49: =+$E49*$F49*I$78 -> 595494.22
B50: 5.2 | C50: AMPARO DE SALARIOS Y PREST. SOCIALES | D50: UN | E50: 1 | F50: 0.00024 | I50: =+$E50*$F50*I$78 -> 549686.98
B51: 5.3 | C51: AMPARO DE ANTICIPO | D51: UN | E51: 1 | F51: 0.00032 | I51: =+$E51*$F51*I$78 -> 732915.97
B52: 5.4 | C52: RESPONSABILIDAD CIVIL EXTRACONTRACTUAL | D52: UN | E52: 1 | F52: 0.00032 | I52: =+$E52*$F52*I$78 -> 732915.97
B53: 5.5 | C53: ESTABILIDAD DE OBRA | D53: UN | E53: 1 | F53: 0.00217 | I53: =+$E53*$F53*I$78 -> 4970086.4
C54: TOTAL COSTOS DE LEGALIZACION DEL CONTRATO: | I54: =SUM(I49:I53) -> 7581099.5
B56: 6 | C56: COSTOS DE IMPUESTOS O CARGA IMPOSITIVA
B57: 6.1 | C57: RETEFUENTE | D57: GB | E57: 1 | F57: 0.02 | I57: =+$E57*$F57*I$78 -> 45807248
B58: 6.2 | C58: RETEICA (vr. Total del contrato X 1%) | D58: GB | E58: 1 | F58: 0.01 | I58: =+$E58*$F58*I$78 -> 22903624
B59: 6.3 | C59: IMPUESTO LEY 1106 DE 2,006 | D59: GB | E59: 1 | F59: 0.05 | I59: =+$E59*$F59*I$78 -> 1.1451812e+08
B60: 6.4 | C60: ESTAMPILLA PRO UNIVERSIDAD | D60: GB | E60: 1 | F60: 0.02 | I60: =+$E60*$F60*I$78 -> 45807248
C61: TOTAL COSTOS DE IMPUESTOS: | I61: =SUM(I57:I60) -> 2.2903624e+08
G63: TOTAL ADMINISTRACION | H63: 0.1926 | I63: =+H63*I73 -> 3.5230716e+08
G65: TOTAL UTILIDAD | H65: 0.05 | I65: =+H65*I73 -> 91460842
G67: TOTAL AU | H67: =H63+H65 -> 0.2426 | I67: =+ROUND(I63+I65,0) -> 443768005
G69: IVA SOBRE LA UTILIDAD | H69: 0.19 | I69: =+ROUND(I65*0.19,0) -> 17377560
G71: TOTAL AU + IVA | I71: =+I67+I69 -> 461145565
I72: =+H67+(H65*H69)+1 -> 1.2521
H73: COSTOS DIRECTOS | I73: =+I78/I72 -> 1.8292168e+09
H74: ADMINISTRACION | I74: =+I63 -> 3.5230716e+08
H75: UTILIDAD | I75: =+I65 -> 91460842
H76: IVA SOBRE UTILIDAD | I76: =+I69 -> 17377560
H78: COSTO TOTAL | I78: =+'DETALLE PRESUPUESTO OFICIAL'!D85 -> 2290362401

Sheet AU Z9
C3: Realizar las obras de adecuacion a toto costo, que tiene por objeto: “OBRAS CIVILES DE ADECUACIÓN EN ESPACIOS FÍSICOS A NIVEL NACIONAL, PARA EL DESARROLLO MISIONAL DEL SERVICIO NACIONAL DE APRENDIZAJE-SENA- A MONTO AGOTABLE.”
C5: ANEXO. 05 - ANALISIS ADMINISTRACIÓN Y UTILIDAD PARA TODAS LAS ZONAS
C6: SON CRITERIOS MINIMOS. AJUSTAR SEGÚN NECESIDAD DE LA ZONA A OFERTAR, TENIENDO EN CUENTA LAS PAUTAS DEFINIDAS EN EL ESTUDIO PREVIO
C7: LP-DG-0005-2020
B11: PLAZO DE EJECUCIÓN | C11: 4.5 | H11: ZONA 9 | I11: VR. TOTAL
G12: CANTIDAD DE RESIDENTES --------> | H12: 3
C13: DESCRIPCION | D13: UND | E13: PLAZO DE EJECUCIÓN | F13: % DE DEDICACIÓN | G13: VR. UNITARIO | H13: CANTIDAD / PROFESIONAL
B14: 1 | C14: PERSONAL DE OBRA (INCLUYEN PRESTACIONES)
B15: 1.1 | C15: DIRECTOR DE OBRA CON PRESTACIONES SOCIALES | D15: MES | E15: =+$C$11 -> 4.5 | F15: 1 | G15: 5000000 | H15: 1 | I15: =+$E15*$F15*$G15*H15 -> 22500000
B16: 1.2 | C16: RESIDENTE DE OBRA CON PRESTACIONES SOCIALES | D16: MES | E16: =+$C$11 -> 4.5 | F16: 1 | G16: 2500000 | H16: =+H12 -> 3 | I16: =+$E16*$F16*$G16*H16 -> 33750000
B17: 1.3 | C17: ENCARGADO AREA ELECTRICA Y MECANICA | D17: MES | E17: =+$C$11 -> 4.5 | F17: 1 | G17: 2000000 | H17: 1 | I17: =+$E17*$F17*$G17*H17 -> 9000000
B18: 1.4 | C18: ENCARGADO AREA HIDROSANITARIA | D18: MES | E18: =+$C$11 -> 4.5 | F18: 1 | G18: 2000000 | H18: 1 | I18: =+$E18*$F18*$G18*H18 -> 9000000
B19: 1.5 | C19: ENCARGADO AMBIENTAL | D19: MES | E19: =+$C$11 -> 4.5 | F19: 1 | G19: 2000000 | H19: 1 | I19: =+$E19*$F19*$G19*H19 -> 9000000
B20: 1.6 | C20: ENCARGADO SEGURIDAD INDUSTRIAL CON SEGURIDAD SOCIAL | D20: MES | E20: =+$C$11 -> 4.5 | F20: 1 | G20: 1750000 | H20: 1 | I20: =+$E20*$F20*$G20*H20 -> 7875000
C21: TOTAL PERSONAL DE OBRA (INCLUYEN PRESTACIONES) | I21: =SUM(I15:I20) -> 91125000
B23: 2 | C23: COSTOS DE SERVICIOS PUBLICOS (OBRA Y CAMPAMENTO)
B24: 2.1 | C24: ENERGIA (INCLUYE INSTALACIÓN PROVISIONAL) | D24: MES | E24: =+$C$11 -> 4.5 | G24: 250000 | H24: =+H16 -> 3 | I24: =+$E24*$G24*H24 -> 3375000
B25: 2.2 | C25: AGUA - ALCANTARILLADO (INCLUYE INSTALACIÓN PROVISIONAL) | D25: MES | E25: =+$C$11 -> 4.5 | G25: 150000 | H25: =+H16 -> 3 | I25: =+$E25*$G25*H25 -> 2025000
B26: 2.3 | C26: INTERNET (PROVISIONAL) | D26: MES | E26: =+$C$11 -> 4.5 | G26: 150000 | H26: =+H16 -> 3 | I26: =+$E26*$G26*H26 -> 2025000
B27: 2.4 | C27: TELÉFONO (PROVISIONAL) | D27: MES | E27: =+$C$11 -> 4.5 | G27: 200000 | H27: =+H16 -> 3 | I27: =+$E27*$G27*H27 -> 2700000
C28: TOTAL COSTOS DE SERVICIOS PUBLICOS: | I28: =SUM(I24:I27) -> 10125000
B30: 3 | C30: COSTOS DE DOTACION CAMPAMENTO E INSTALACIONES PROVISIONALES
B31: 3.1 | C31: COSTO PROPORCIONAL OFICINA CENTRAL | D31: MES | E31: =+$C$11 -> 4.5 | G31: 250000 | H31: =+H16 -> 3 | I31: =+$E31*$G31*H31 -> 3375000
B32: 3.2 | C32: COMPUTADOR | D32: MES | E32: =+$C$11 -> 4.5 | G32: 150000 | H32: =+H16+H15 -> 4 | I32: =+$E32*$G32*H32 -> 2700000
B33: 3.3 | C33: MUEBLES | D33: GB | E33: 1 | G33: 400000 | H33: =+H16 -> 3 | I33: =+$E33*$G33*H33 -> 1200000
C34: TOTAL COSTOS DE DOTACION CAMPAMENTO: | I34: =SUM(I31:I33) -> 7275000
B36: 4 | C36: OTROS - GASTOS GENERALES
B37: 4.1 | C37: SEGURIDAD INDUSTRIAL , DOTACIÓN Y PROTOCOLO COVID 19 | D37: % PERS | E37: 0.05 | I37: =+$E37*I$21 -> 4556250
B38: 4.2 | C38: ENSAYOS DE LABORATORIO PARA MATERIALES, PRUEBAS DE CARGA Y OTROS QUE SEAN REQUERIDOS | D38: MES | E38: 1 | G38: 400000 | H38: =+H16 -> 3 | I38: =+$E38*$G38*H38 -> 1200000
B39: 4.3 | C39: MANTENIMIENTO EQUIPOS/HERRAMIENTAS | D39: MES | E39: =+$C$11 -> 4.5 | G39: 200000 | H39: =+H16 -> 3 | I39: =+$E39*$G39*H39 -> 2700000
B40: 4.4 | C40: PAPELERIA Y EMPASTES | D40: MES | E40: =+$C$11 -> 4.5 | G40: 150000 | H40: =+H16 -> 3 | I40: =+$E40*$G40*H40 -> 2025000
B41: 4.5 | C41: REGISTRO FOTOGRÁFICO / VIDEOS / INFORMES | D41: MES | E41: =+$C$11 -> 4.5 | G41: 100000 | H41: =+H16 -> 3 | I41: =+$E41*$G41*H41 -> 1350000
B42: 4.6 | C42: PLOTEADA PLANOS, COPIA PLANOS Y FOTOCOPIAS | D42: GB | E42: 1 | G42: 400000 | H42: =+H16 -> 3 | I42: =+$E42*$G42*H42 -> 1200000
B43: 4.7 | C43: PLANOS RECORD | D43: GB | E43: 1 | G43: 800000 | H43: =+H16 -> 3 | I43: =+$E43*$G43*H43 -> 2400000
B44: 4.8 | C44: TRANSPORTES Y MOVILIZACIÓN (NO INCLUIDOS EN LOS COSTOS DIRECTOS) | D44: MES | E44: =+$C$11 -> 4.5 | G44: 851601.05 | H44: 1 | I44: =+$E44*$G44*H44 -> 3832204.7
B45: 4.9 | C45: VIATICOS Y MANUTENCIÓN PERSONAL ADMINISTRATIVO | D45: MES | E45: =+$C$11 -> 4.5 | G45: 1000000 | H45: =+H16 -> 3 | I45: =+$E45*$G45*H45 -> 13500000
C46: TOTAL OTROS - GASTOS GENERALES: | I46: =SUM(I37:I45) -> 32763455
B48: 5 | C48: COSTOS DE LEGALIZACION DEL CONTRATO (POLIZAS)
B49: 5.1 | C49: CUMPLIMIENTO | D49: UN | E49: 1 | F49: 0.00026 | I49: =+$E49*$F49*I$78 -> 872219.67
B50: 5.2 | C50: AMPARO DE SALARIOS Y PREST. SOCIALES | D50: UN | E50: 1 | F50: 0.00024 | I50: =+$E50*$F50*I$78 -> 805125.85
B51: 5.3 | C51: AMPARO DE ANTICIPO | D51: UN | E51: 1 | F51: 0.00032 | I51: =+$E51*$F51*I$78 -> 1073501.1
B52: 5.4 | C52: RESPONSABILIDAD CIVIL EXTRACONTRACTUAL | D52: UN | E52: 1 | F52: 0.00032 | I52: =+$E52*$F52*I$78 -> 1073501.1
B53: 5.5 | C53: ESTABILIDAD DE OBRA | D53: UN | E53: 1 | F53: 0.00217 | I53: =+$E53*$F53*I$78 -> 7279679.5
C54: TOTAL COSTOS DE LEGALIZACION DEL CONTRATO: | I54: =SUM(I49:I53) -> 11104027
B56: 6 | C56: COSTOS DE IMPUESTOS O CARGA IMPOSITIVA
B57: 6.1 | C57: RETEFUENTE | D57: GB | E57: 1 | F57: 0.02 | I57: =+$E57*$F57*I$78 -> 67093821
B58: 6.2 | C58: RETEICA (vr. Total del contrato X 1%) | D58: GB | E58: 1 | F58: 0.01 | I58: =+$E58*$F58*I$78 -> 33546910
B59: 6.3 | C59: IMPUESTO LEY 1106 DE 2,006 | D59: GB | E59: 1 | F59: 0.05 | I59: =+$E59*$F59*I$78 -> 1.6773455e+08
B60: 6.4 | C60: ESTAMPILLA PRO UNIVERSIDAD | D60: GB | E60: 1 | F60: 0.02 | I60: =+$E60*$F60*I$78 -> 67093821
C61: TOTAL COSTOS DE IMPUESTOS: | I61: =SUM(I57:I60) -> 3.354691e+08
G63: TOTAL ADMINISTRACION | H63: 0.1803 | I63: =+H63*I73 -> 4.8786158e+08
G65: TOTAL UTILIDAD | H65: 0.05 | I65: =+H65*I73 -> 1.3529162e+08
G67: TOTAL AU | H67: =H63+H65 -> 0.2303 | I67: =+ROUND(I63+I65,0) -> 623153205
G69: IVA SOBRE LA UTILIDAD | H69: 0.19 | I69: =+ROUND(I65*0.19,0) -> 25705408
G71: TOTAL AU + IVA | I71: =+I67+I69 -> 648858613
I72: =+H67+(H65*H69)+1 -> 1.2398
H73: COSTOS DIRECTOS | I73: =+I78/I72 -> 2.7058324e+09
H74: ADMINISTRACION | I74: =+I63 -> 4.8786158e+08
H75: UTILIDAD | I75: =+I65 -> 1.3529162e+08
H76: IVA SOBRE UTILIDAD | I76: =+I69 -> 25705408
H78: COSTO TOTAL | I78: =+'DETALLE PRESUPUESTO OFICIAL'!D95 -> 3354691026

Sheet AU Z10
C3: Realizar las obras de adecuacion a toto costo, que tiene por objeto: “OBRAS CIVILES DE ADECUACIÓN EN ESPACIOS FÍSICOS A NIVEL NACIONAL, PARA EL DESARROLLO MISIONAL DEL SERVICIO NACIONAL DE APRENDIZAJE-SENA- A MONTO AGOTABLE.”
C5: ANEXO. 05 - ANALISIS ADMINISTRACIÓN Y UTILIDAD PARA TODAS LAS ZONAS
C6: SON CRITERIOS MINIMOS. AJUSTAR SEGÚN NECESIDAD DE LA ZONA A OFERTAR, TENIENDO EN CUENTA LAS PAUTAS DEFINIDAS EN EL ESTUDIO PREVIO
C7: LP-DG-0005-2020
B11: PLAZO DE EJECUCIÓN | C11: 4.5 | H11: ZONA 10 | I11: VR. TOTAL
G12: CANTIDAD DE RESIDENTES --------> | H12: 2
C13: DESCRIPCION | D13: UND | E13: PLAZO DE EJECUCIÓN | F13: % DE DEDICACIÓN | G13: VR. UNITARIO | H13: CANTIDAD / PROFESIONAL
B14: 1 | C14: PERSONAL DE OBRA (INCLUYEN PRESTACIONES)
B15: 1.1 | C15: DIRECTOR DE OBRA CON PRESTACIONES SOCIALES | D15: MES | E15: =+$C$11 -> 4.5 | F15: 1 | G15: 5000000 | H15: 1 | I15: =+$E15*$F15*$G15*H15 -> 22500000
B16: 1.2 | C16: RESIDENTE DE OBRA CON PRESTACIONES SOCIALES | D16: MES | E16: =+$C$11 -> 4.5 | F16: 1 | G16: 2500000 | H16: =+H12 -> 2 | I16: =+$E16*$F16*$G16*H16 -> 22500000
B17: 1.3 | C17: ENCARGADO AREA ELECTRICA Y MECANICA | D17: MES | E17: =+$C$11 -> 4.5 | F17: 1 | G17: 2000000 | H17: 1 | I17: =+$E17*$F17*$G17*H17 -> 9000000
B18: 1.4 | C18: ENCARGADO AREA HIDROSANITARIA | D18: MES | E18: =+$C$11 -> 4.5 | F18: 1 | G18: 2000000 | H18: 1 | I18: =+$E18*$F18*$G18*H18 -> 9000000
B19: 1.5 | C19: ENCARGADO AMBIENTAL | D19: MES | E19: =+$C$11 -> 4.5 | F19: 1 | G19: 2000000 | H19: 1 | I19: =+$E19*$F19*$G19*H19 -> 9000000
B20: 1.6 | C20: ENCARGADO SEGURIDAD INDUSTRIAL CON SEGURIDAD SOCIAL | D20: MES | E20: =+$C$11 -> 4.5 | F20: 1 | G20: 1750000 | H20: 1 | I20: =+$E20*$F20*$G20*H20 -> 7875000
C21: TOTAL PERSONAL DE OBRA (INCLUYEN PRESTACIONES) | I21: =SUM(I15:I20) -> 79875000
B23: 2 | C23: COSTOS DE SERVICIOS PUBLICOS (OBRA Y CAMPAMENTO)
B24: 2.1 | C24: ENERGIA (INCLUYE INSTALACIÓN PROVISIONAL) | D24: MES | E24: =+$C$11 -> 4.5 | G24: 250000 | H24: =+H16 -> 2 | I24: =+$E24*$G24*H24 -> 2250000
B25: 2.2 | C25: AGUA - ALCANTARILLADO (INCLUYE INSTALACIÓN PROVISIONAL) | D25: MES | E25: =+$C$11 -> 4.5 | G25: 150000 | H25: =+H16 -> 2 | I25: =+$E25*$G25*H25 -> 1350000
B26: 2.3 | C26: INTERNET (PROVISIONAL) | D26: MES | E26: =+$C$11 -> 4.5 | G26: 150000 | H26: =+H16 -> 2 | I26: =+$E26*$G26*H26 -> 1350000
B27: 2.4 | C27: TELÉFONO (PROVISIONAL) | D27: MES | E27: =+$C$11 -> 4.5 | G27: 200000 | H27: =+H16 -> 2 | I27: =+$E27*$G27*H27 -> 1800000
C28: TOTAL COSTOS DE SERVICIOS PUBLICOS: | I28: =SUM(I24:I27) -> 6750000
B30: 3 | C30: COSTOS DE DOTACION CAMPAMENTO E INSTALACIONES PROVISIONALES
B31: 3.1 | C31: COSTO PROPORCIONAL OFICINA CENTRAL | D31: MES | E31: =+$C$11 -> 4.5 | G31: 250000 | H31: =+H16 -> 2 | I31: =+$E31*$G31*H31 -> 2250000
B32: 3.2 | C32: COMPUTADOR | D32: MES | E32: =+$C$11 -> 4.5 | G32: 150000 | H32: =+H16+H15 -> 3 | I32: =+$E32*$G32*H32 -> 2025000
B33: 3.3 | C33: MUEBLES | D33: GB | E33: 1 | G33: 400000 | H33: =+H16 -> 2 | I33: =+$E33*$G33*H33 -> 800000
C34: TOTAL COSTOS DE DOTACION CAMPAMENTO: | I34: =SUM(I31:I33) -> 5075000
B36: 4 | C36: OTROS - GASTOS GENERALES
B37: 4.1 | C37: SEGURIDAD INDUSTRIAL , DOTACIÓN Y PROTOCOLO COVID 19 | D37: % PERS | E37: 0.05 | I37: =+$E37*I$21 -> 3993750
B38: 4.2 | C38: ENSAYOS DE LABORATORIO PARA MATERIALES, PRUEBAS DE CARGA Y OTROS QUE SEAN REQUERIDOS | D38: MES | E38: 1 | G38: 400000 | H38: =+H16 -> 2 | I38: =+$E38*$G38*H38 -> 800000
B39: 4.3 | C39: MANTENIMIENTO EQUIPOS/HERRAMIENTAS | D39: MES | E39: =+$C$11 -> 4.5 | G39: 200000 | H39: =+H16 -> 2 | I39: =+$E39*$G39*H39 -> 1800000
B40: 4.4 | C40: PAPELERIA Y EMPASTES | D40: MES | E40: =+$C$11 -> 4.5 | G40: 150000 | H40: =+H16 -> 2 | I40: =+$E40*$G40*H40 -> 1350000
B41: 4.5 | C41: REGISTRO FOTOGRÁFICO / VIDEOS / INFORMES | D41: MES | E41: =+$C$11 -> 4.5 | G41: 100000 | H41: =+H16 -> 2 | I41: =+$E41*$G41*H41 -> 900000
B42: 4.6 | C42: PLOTEADA PLANOS, COPIA PLANOS Y FOTOCOPIAS | D42: GB | E42: 1 | G42: 400000 | H42: =+H16 -> 2 | I42: =+$E42*$G42*H42 -> 800000
B43: 4.7 | C43: PLANOS RECORD | D43: GB | E43: 1 | G43: 800000 | H43: =+H16 -> 2 | I43: =+$E43*$G43*H43 -> 1600000
B44: 4.8 | C44: TRANSPORTES Y MOVILIZACIÓN (NO INCLUIDOS EN LOS COSTOS DIRECTOS) | D44: MES | E44: =+$C$11 -> 4.5 | G44: 860901.69 | H44: 1 | I44: =+$E44*$G44*H44 -> 3874057.6
B45: 4.9 | C45: VIATICOS Y MANUTENCIÓN PERSONAL ADMINISTRATIVO | D45: MES | E45: =+$C$11 -> 4.5 | G45: 1000000 | H45: =+H16 -> 2 | I45: =+$E45*$G45*H45 -> 9000000
C46: TOTAL OTROS - GASTOS GENERALES: | I46: =SUM(I37:I45) -> 24117808
B48: 5 | C48: COSTOS DE LEGALIZACION DEL CONTRATO (POLIZAS)
B49: 5.1 | C49: CUMPLIMIENTO | D49: UN | E49: 1 | F49: 0.00026 | I49: =+$E49*$F49*I$78 -> 751992.01
B50: 5.2 | C50: AMPARO DE SALARIOS Y PREST. SOCIALES | D50: UN | E50: 1 | F50: 0.00024 | I50: =+$E50*$F50*I$78 -> 694146.47
B51: 5.3 | C51: AMPARO DE ANTICIPO | D51: UN | E51: 1 | F51: 0.00032 | I51: =+$E51*$F51*I$78 -> 925528.63
B52: 5.4 | C52: RESPONSABILIDAD CIVIL EXTRACONTRACTUAL | D52: UN | E52: 1 | F52: 0.00032 | I52: =+$E52*$F52*I$78 -> 925528.63
B53: 5.5 | C53: ESTABILIDAD DE OBRA | D53: UN | E53: 1 | F53: 0.00217 | I53: =+$E53*$F53*I$78 -> 6276241
C54: TOTAL COSTOS DE LEGALIZACION DEL CONTRATO: | I54: =SUM(I49:I53) -> 9573436.8
B56: 6 | C56: COSTOS DE IMPUESTOS O CARGA IMPOSITIVA
B57: 6.1 | C57: RETEFUENTE | D57: GB | E57: 1 | F57: 0.02 | I57: =+$E57*$F57*I$78 -> 57845539
B58: 6.2 | C58: RETEICA (vr. Total del contrato X 1%) | D58: GB | E58: 1 | F58: 0.01 | I58: =+$E58*$F58*I$78 -> 28922770
B59: 6.3 | C59: IMPUESTO LEY 1106 DE 2,006 | D59: GB | E59: 1 | F59: 0.05 | I59: =+$E59*$F59*I$78 -> 1.4461385e+08
B60: 6.4 | C60: ESTAMPILLA PRO UNIVERSIDAD | D60: GB | E60: 1 | F60: 0.02 | I60: =+$E60*$F60*I$78 -> 57845539
C61: TOTAL COSTOS DE IMPUESTOS: | I61: =SUM(I57:I60) -> 2.892277e+08
G63: TOTAL ADMINISTRACION | H63: 0.1773 | I63: =+H63*I73 -> 4.1461894e+08
G65: TOTAL UTILIDAD | H65: 0.05 | I65: =+H65*I73 -> 1.1692582e+08
G67: TOTAL AU | H67: =H63+H65 -> 0.2273 | I67: =+ROUND(I63+I65,0) -> 531544756
G69: IVA SOBRE LA UTILIDAD | H69: 0.19 | I69: =+ROUND(I65*0.19,0) -> 22215905
G71: TOTAL AU + IVA | I71: =+I67+I69 -> 553760661
I72: =+H67+(H65*H69)+1 -> 1.2368
H73: COSTOS DIRECTOS | I73: =+I78/I72 -> 2.3385163e+09
H74: ADMINISTRACION | I74: =+I63 -> 4.1461894e+08
H75: UTILIDAD | I75: =+I65 -> 1.1692582e+08
H76: IVA SOBRE UTILIDAD | I76: =+I69 -> 22215905
H78: COSTO TOTAL | I78: =+'DETALLE PRESUPUESTO OFICIAL'!D106 -> 2892276967

Sheet AU Z11
C3: Realizar las obras de adecuacion a toto costo, que tiene por objeto: “OBRAS CIVILES DE ADECUACIÓN EN ESPACIOS FÍSICOS A NIVEL NACIONAL, PARA EL DESARROLLO MISIONAL DEL SERVICIO NACIONAL DE APRENDIZAJE-SENA- A MONTO AGOTABLE.”
C5: ANEXO. 05 - ANALISIS ADMINISTRACIÓN Y UTILIDAD PARA TODAS LAS ZONAS
C6: SON CRITERIOS MINIMOS. AJUSTAR SEGÚN NECESIDAD DE LA ZONA A OFERTAR, TENIENDO EN CUENTA LAS PAUTAS DEFINIDAS EN EL ESTUDIO PREVIO
C7: LP-DG-0005-2020
B11: PLAZO DE EJECUCIÓN | C11: 4.5 | H11: ZONA 11 | I11: VR. TOTAL
G12: CANTIDAD DE RESIDENTES --------> | H12: 3
C13: DESCRIPCION | D13: UND | E13: PLAZO DE EJECUCIÓN | F13: % DE DEDICACIÓN | G13: VR. UNITARIO | H13: CANTIDAD / PROFESIONAL
B14: 1 | C14: PERSONAL DE OBRA (INCLUYEN PRESTACIONES)
B15: 1.1 | C15: DIRECTOR DE OBRA CON PRESTACIONES SOCIALES | D15: MES | E15: =+$C$11 -> 4.5 | F15: 1 | G15: 5000000 | H15: 1 | I15: =+$E15*$F15*$G15*H15 -> 22500000
B16: 1.2 | C16: RESIDENTE DE OBRA CON PRESTACIONES SOCIALES | D16: MES | E16: =+$C$11 -> 4.5 | F16: 1 | G16: 2500000 | H16: =+H12 -> 3 | I16: =+$E16*$F16*$G16*H16 -> 33750000
B17: 1.3 | C17: ENCARGADO AREA ELECTRICA Y MECANICA | D17: MES | E17: =+$C$11 -> 4.5 | F17: 1 | G17: 2000000 | H17: 1 | I17: =+$E17*$F17*$G17*H17 -> 9000000
B18: 1.4 | C18: ENCARGADO AREA HIDROSANITARIA | D18: MES | E18: =+$C$11 -> 4.5 | F18: 1 | G18: 2000000 | H18: 1 | I18: =+$E18*$F18*$G18*H18 -> 9000000
B19: 1.5 | C19: ENCARGADO AMBIENTAL | D19: MES | E19: =+$C$11 -> 4.5 | F19: 1 | G19: 2000000 | H19: 1 | I19: =+$E19*$F19*$G19*H19 -> 9000000
B20: 1.6 | C20: ENCARGADO SEGURIDAD INDUSTRIAL CON SEGURIDAD SOCIAL | D20: MES | E20: =+$C$11 -> 4.5 | F20: 1 | G20: 1750000 | H20: 1 | I20: =+$E20*$F20*$G20*H20 -> 7875000
C21: TOTAL PERSONAL DE OBRA (INCLUYEN PRESTACIONES) | I21: =SUM(I15:I20) -> 91125000
B23: 2 | C23: COSTOS DE SERVICIOS PUBLICOS (OBRA Y CAMPAMENTO)
B24: 2.1 | C24: ENERGIA (INCLUYE INSTALACIÓN PROVISIONAL) | D24: MES | E24: =+$C$11 -> 4.5 | G24: 250000 | H24: =+H16 -> 3 | I24: =+$E24*$G24*H24 -> 3375000
B25: 2.2 | C25: AGUA - ALCANTARILLADO (INCLUYE INSTALACIÓN PROVISIONAL) | D25: MES | E25: =+$C$11 -> 4.5 | G25: 150000 | H25: =+H16 -> 3 | I25: =+$E25*$G25*H25 -> 2025000
B26: 2.3 | C26: INTERNET (PROVISIONAL) | D26: MES | E26: =+$C$11 -> 4.5 | G26: 150000 | H26: =+H16 -> 3 | I26: =+$E26*$G26*H26 -> 2025000
B27: 2.4 | C27: TELÉFONO (PROVISIONAL) | D27: MES | E27: =+$C$11 -> 4.5 | G27: 200000 | H27: =+H16 -> 3 | I27: =+$E27*$G27*H27 -> 2700000
C28: TOTAL COSTOS DE SERVICIOS PUBLICOS: | I28: =SUM(I24:I27) -> 10125000
B30: 3 | C30: COSTOS DE DOTACION CAMPAMENTO E INSTALACIONES PROVISIONALES
B31: 3.1 | C31: COSTO PROPORCIONAL OFICINA CENTRAL | D31: MES | E31: =+$C$11 -> 4.5 | G31: 250000 | H31: =+H16 -> 3 | I31: =+$E31*$G31*H31 -> 3375000
B32: 3.2 | C32: COMPUTADOR | D32: MES | E32: =+$C$11 -> 4.5 | G32: 150000 | H32: =+H16+H15 -> 4 | I32: =+$E32*$G32*H32 -> 2700000
B33: 3.3 | C33: MUEBLES | D33: GB | E33: 1 | G33: 400000 | H33: =+H16 -> 3 | I33: =+$E33*$G33*H33 -> 1200000
C34: TOTAL COSTOS DE DOTACION CAMPAMENTO: | I34: =SUM(I31:I33) -> 7275000
B36: 4 | C36: OTROS - GASTOS GENERALES
B37: 4.1 | C37: SEGURIDAD INDUSTRIAL , DOTACIÓN Y PROTOCOLO COVID 19 | D37: % PERS | E37: 0.05 | I37: =+$E37*I$21 -> 4556250
B38: 4.2 | C38: ENSAYOS DE LABORATORIO PARA MATERIALES, PRUEBAS DE CARGA Y OTROS QUE SEAN REQUERIDOS | D38: MES | E38: 1 | G38: 400000 | H38: =+H16 -> 3 | I38: =+$E38*$G38*H38 -> 1200000
B39: 4.3 | C39: MANTENIMIENTO EQUIPOS/HERRAMIENTAS | D39: MES | E39: =+$C$11 -> 4.5 | G39: 200000 | H39: =+H16 -> 3 | I39: =+$E39*$G39*H39 -> 2700000
B40: 4.4 | C40: PAPELERIA Y EMPASTES | D40: MES | E40: =+$C$11 -> 4.5 | G40: 150000 | H40: =+H16 -> 3 | I40: =+$E40*$G40*H40 -> 2025000
B41: 4.5 | C41: REGISTRO FOTOGRÁFICO / VIDEOS / INFORMES | D41: MES | E41: =+$C$11 -> 4.5 | G41: 100000 | H41: =+H16 -> 3 | I41: =+$E41*$G41*H41 -> 1350000
B42: 4.6 | C42: PLOTEADA PLANOS, COPIA PLANOS Y FOTOCOPIAS | D42: GB | E42: 1 | G42: 400000 | H42: =+H16 -> 3 | I42: =+$E42*$G42*H42 -> 1200000
B43: 4.7 | C43: PLANOS RECORD | D43: GB | E43: 1 | G43: 800000 | H43: =+H16 -> 3 | I43: =+$E43*$G43*H43 -> 2400000
B44: 4.8 | C44: TRANSPORTES Y MOVILIZACIÓN (NO INCLUIDOS EN LOS COSTOS DIRECTOS) | D44: MES | E44: =+$C$11 -> 4.5 | G44: 847010.82 | H44: 1 | I44: =+$E44*$G44*H44 -> 3811548.7
B45: 4.9 | C45: VIATICOS Y MANUTENCIÓN PERSONAL ADMINISTRATIVO | D45: MES | E45: =+$C$11 -> 4.5 | G45: 1000000 | H45: =+H16 -> 3 | I45: =+$E45*$G45*H45 -> 13500000
C46: TOTAL OTROS - GASTOS GENERALES: | I46: =SUM(I37:I45) -> 32742799
B48: 5 | C48: COSTOS DE LEGALIZACION DEL CONTRATO (POLIZAS)
B49: 5.1 | C49: CUMPLIMIENTO | D49: UN | E49: 1 | F49: 0.00026 | I49: =+$E49*$F49*I$78 -> 965794.86
B50: 5.2 | C50: AMPARO DE SALARIOS Y PREST. SOCIALES | D50: UN | E50: 1 | F50: 0.00024 | I50: =+$E50*$F50*I$78 -> 891502.95
B51: 5.3 | C51: AMPARO DE ANTICIPO | D51: UN | E51: 1 | F51: 0.00032 | I51: =+$E51*$F51*I$78 -> 1188670.6
B52: 5.4 | C52: RESPONSABILIDAD CIVIL EXTRACONTRACTUAL | D52: UN | E52: 1 | F52: 0.00032 | I52: =+$E52*$F52*I$78 -> 1188670.6
B53: 5.5 | C53: ESTABILIDAD DE OBRA | D53: UN | E53: 1 | F53: 0.00217 | I53: =+$E53*$F53*I$78 -> 8060672.5
C54: TOTAL COSTOS DE LEGALIZACION DEL CONTRATO: | I54: =SUM(I49:I53) -> 12295311
B56: 6 | C56: COSTOS DE IMPUESTOS O CARGA IMPOSITIVA
B57: 6.1 | C57: RETEFUENTE | D57: GB | E57: 1 | F57: 0.02 | I57: =+$E57*$F57*I$78 -> 74291912
B58: 6.2 | C58: RETEICA (vr. Total del contrato X 1%) | D58: GB | E58: 1 | F58: 0.01 | I58: =+$E58*$F58*I$78 -> 37145956
B59: 6.3 | C59: IMPUESTO LEY 1106 DE 2,006 | D59: GB | E59: 1 | F59: 0.05 | I59: =+$E59*$F59*I$78 -> 1.8572978e+08
B60: 6.4 | C60: ESTAMPILLA PRO UNIVERSIDAD | D60: GB | E60: 1 | F60: 0.02 | I60: =+$E60*$F60*I$78 -> 74291912
C61: TOTAL COSTOS DE IMPUESTOS: | I61: =SUM(I57:I60) -> 3.7145956e+08
G63: TOTAL ADMINISTRACION | H63: 0.1744 | I63: =+H63*I73 -> 5.2502267e+08
G65: TOTAL UTILIDAD | H65: 0.05 | I65: =+H65*I73 -> 1.5052255e+08
G67: TOTAL AU | H67: =H63+H65 -> 0.2244 | I67: =+ROUND(I63+I65,0) -> 675545226
G69: IVA SOBRE LA UTILIDAD | H69: 0.19 | I69: =+ROUND(I65*0.19,0) -> 28599285
G71: TOTAL AU + IVA | I71: =+I67+I69 -> 704144511
I72: =+H67+(H65*H69)+1 -> 1.2339
H73: COSTOS DIRECTOS | I73: =+I78/I72 -> 3.0104511e+09
H74: ADMINISTRACION | I74: =+I63 -> 5.2502267e+08
H75: UTILIDAD | I75: =+I65 -> 1.5052255e+08
H76: IVA SOBRE UTILIDAD | I76: =+I69 -> 28599285
I77: =+SUM(I73:I76) -> 3.7145956e+09
H78: COSTO TOTAL | I78: =+'DETALLE PRESUPUESTO OFICIAL'!D118 -> 3714595607

Sheet AU Z12
C3: Realizar las obras de adecuacion a toto costo, que tiene por objeto: “OBRAS CIVILES DE ADECUACIÓN EN ESPACIOS FÍSICOS A NIVEL NACIONAL, PARA EL DESARROLLO MISIONAL DEL SERVICIO NACIONAL DE APRENDIZAJE-SENA- A MONTO AGOTABLE.”
C5: ANEXO. 05 - ANALISIS ADMINISTRACIÓN Y UTILIDAD PARA TODAS LAS ZONAS
C6: SON CRITERIOS MINIMOS. AJUSTAR SEGÚN NECESIDAD DE LA ZONA A OFERTAR, TENIENDO EN CUENTA LAS PAUTAS DEFINIDAS EN EL ESTUDIO PREVIO
C7: LP-DG-0005-2020
B11: PLAZO DE EJECUCIÓN | C11: 4.5 | H11: ZONA 12 | I11: VR. TOTAL
G12: CANTIDAD DE RESIDENTES --------> | H12: 2
C13: DESCRIPCION | D13: UND | E13: PLAZO DE EJECUCIÓN | F13: % DE DEDICACIÓN | G13: VR. UNITARIO | H13: CANTIDAD / PROFESIONAL
B14: 1 | C14: PERSONAL DE OBRA (INCLUYEN PRESTACIONES)
B15: 1.1 | C15: DIRECTOR DE OBRA CON PRESTACIONES SOCIALES | D15: MES | E15: =+$C$11 -> 4.5 | F15: 1 | G15: 5000000 | H15: 1 | I15: =+$E15*$F15*$G15*H15 -> 22500000
B16: 1.2 | C16: RESIDENTE DE OBRA CON PRESTACIONES SOCIALES | D16: MES | E16: =+$C$11 -> 4.5 | F16: 1 | G16: 2500000 | H16: =+H12 -> 2 | I16: =+$E16*$F16*$G16*H16 -> 22500000
B17: 1.3 | C17: ENCARGADO AREA ELECTRICA Y MECANICA | D17: MES | E17: =+$C$11 -> 4.5 | F17: 1 | G17: 2000000 | H17: 1 | I17: =+$E17*$F17*$G17*H17 -> 9000000
B18: 1.4 | C18: ENCARGADO AREA HIDROSANITARIA | D18: MES | E18: =+$C$11 -> 4.5 | F18: 1 | G18: 2000000 | H18: 1 | I18: =+$E18*$F18*$G18*H18 -> 9000000
B19: 1.5 | C19: ENCARGADO AMBIENTAL | D19: MES | E19: =+$C$11 -> 4.5 | F19: 1 | G19: 2000000 | H19: 1 | I19: =+$E19*$F19*$G19*H19 -> 9000000
B20: 1.6 | C20: ENCARGADO SEGURIDAD INDUSTRIAL CON SEGURIDAD SOCIAL | D20: MES | E20: =+$C$11 -> 4.5 | F20: 1 | G20: 1750000 | H20: 1 | I20: =+$E20*$F20*$G20*H20 -> 7875000
C21: TOTAL PERSONAL DE OBRA (INCLUYEN PRESTACIONES) | I21: =SUM(I15:I20) -> 79875000
B23: 2 | C23: COSTOS DE SERVICIOS PUBLICOS (OBRA Y CAMPAMENTO)
B24: 2.1 | C24: ENERGIA (INCLUYE INSTALACIÓN PROVISIONAL) | D24: MES | E24: =+$C$11 -> 4.5 | G24: 250000 | H24: =+H16 -> 2 | I24: =+$E24*$G24*H24 -> 2250000
B25: 2.2 | C25: AGUA - ALCANTARILLADO (INCLUYE INSTALACIÓN PROVISIONAL) | D25: MES | E25: =+$C$11 -> 4.5 | G25: 150000 | H25: =+H16 -> 2 | I25: =+$E25*$G25*H25 -> 1350000
B26: 2.3 | C26: INTERNET (PROVISIONAL) | D26: MES | E26: =+$C$11 -> 4.5 | G26: 150000 | H26: =+H16 -> 2 | I26: =+$E26*$G26*H26 -> 1350000
B27: 2.4 | C27: TELÉFONO (PROVISIONAL) | D27: MES | E27: =+$C$11 -> 4.5 | G27: 200000 | H27: =+H16 -> 2 | I27: =+$E27*$G27*H27 -> 1800000
C28: TOTAL COSTOS DE SERVICIOS PUBLICOS: | I28: =SUM(I24:I27) -> 6750000
B30: 3 | C30: COSTOS DE DOTACION CAMPAMENTO E INSTALACIONES PROVISIONALES
B31: 3.1 | C31: COSTO PROPORCIONAL OFICINA CENTRAL | D31: MES | E31: =+$C$11 -> 4.5 | G31: 250000 | H31: =+H16 -> 2 | I31: =+$E31*$G31*H31 -> 2250000
B32: 3.2 | C32: COMPUTADOR | D32: MES | E32: =+$C$11 -> 4.5 | G32: 150000 | H32: =+H16+H15 -> 3 | I32: =+$E32*$G32*H32 -> 2025000
B33: 3.3 | C33: MUEBLES | D33: GB | E33: 1 | G33: 400000 | H33: =+H16 -> 2 | I33: =+$E33*$G33*H33 -> 800000
C34: TOTAL COSTOS DE DOTACION CAMPAMENTO: | I34: =SUM(I31:I33) -> 5075000
B36: 4 | C36: OTROS - GASTOS GENERALES
B37: 4.1 | C37: SEGURIDAD INDUSTRIAL , DOTACIÓN Y PROTOCOLO COVID 19 | D37: % PERS | E37: 0.05 | I37: =+$E37*I$21 -> 3993750
B38: 4.2 | C38: ENSAYOS DE LABORATORIO PARA MATERIALES, PRUEBAS DE CARGA Y OTROS QUE SEAN REQUERIDOS | D38: MES | E38: 1 | G38: 400000 | H38: =+H16 -> 2 | I38: =+$E38*$G38*H38 -> 800000
B39: 4.3 | C39: MANTENIMIENTO EQUIPOS/HERRAMIENTAS | D39: MES | E39: =+$C$11 -> 4.5 | G39: 200000 | H39: =+H16 -> 2 | I39: =+$E39*$G39*H39 -> 1800000
B40: 4.4 | C40: PAPELERIA Y EMPASTES | D40: MES | E40: =+$C$11 -> 4.5 | G40: 150000 | H40: =+H16 -> 2 | I40: =+$E40*$G40*H40 -> 1350000
B41: 4.5 | C41: REGISTRO FOTOGRÁFICO / VIDEOS / INFORMES | D41: MES | E41: =+$C$11 -> 4.5 | G41: 100000 | H41: =+H16 -> 2 | I41: =+$E41*$G41*H41 -> 900000
B42: 4.6 | C42: PLOTEADA PLANOS, COPIA PLANOS Y FOTOCOPIAS | D42: GB | E42: 1 | G42: 400000 | H42: =+H16 -> 2 | I42: =+$E42*$G42*H42 -> 800000
B43: 4.7 | C43: PLANOS RECORD | D43: GB | E43: 1 | G43: 800000 | H43: =+H16 -> 2 | I43: =+$E43*$G43*H43 -> 1600000
B44: 4.8 | C44: TRANSPORTES Y MOVILIZACIÓN (NO INCLUIDOS EN LOS COSTOS DIRECTOS) | D44: MES | E44: =+$C$11 -> 4.5 | G44: 827952.44 | H44: 1 | I44: =+$E44*$G44*H44 -> 3725786
B45: 4.9 | C45: VIATICOS Y MANUTENCIÓN PERSONAL ADMINISTRATIVO | D45: MES | E45: =+$C$11 -> 4.5 | G45: 1000000 | H45: =+H16 -> 2 | I45: =+$E45*$G45*H45 -> 9000000
C46: TOTAL OTROS - GASTOS GENERALES: | I46: =SUM(I37:I45) -> 23969536
B48: 5 | C48: COSTOS DE LEGALIZACION DEL CONTRATO (POLIZAS)
B49: 5.1 | C49: CUMPLIMIENTO | D49: UN | E49: 1 | F49: 0.00026 | I49: =+$E49*$F49*I$78 -> 835214.12
B50: 5.2 | C50: AMPARO DE SALARIOS Y PREST. SOCIALES | D50: UN | E50: 1 | F50: 0.00024 | I50: =+$E50*$F50*I$78 -> 770966.88
B51: 5.3 | C51: AMPARO DE ANTICIPO | D51: UN | E51: 1 | F51: 0.00032 | I51: =+$E51*$F51*I$78 -> 1027955.8
B52: 5.4 | C52: RESPONSABILIDAD CIVIL EXTRACONTRACTUAL | D52: UN | E52: 1 | F52: 0.00032 | I52: =+$E52*$F52*I$78 -> 1027955.8
B53: 5.5 | C53: ESTABILIDAD DE OBRA | D53: UN | E53: 1 | F53: 0.00217 | I53: =+$E53*$F53*I$78 -> 6970825.5
C54: TOTAL COSTOS DE LEGALIZACION DEL CONTRATO: | I54: =SUM(I49:I53) -> 10632918
B56: 6 | C56: COSTOS DE IMPUESTOS O CARGA IMPOSITIVA
B57: 6.1 | C57: RETEFUENTE | D57: GB | E57: 1 | F57: 0.02 | I57: =+$E57*$F57*I$78 -> 64247240
B58: 6.2 | C58: RETEICA (vr. Total del contrato X 1%) | D58: GB | E58: 1 | F58: 0.01 | I58: =+$E58*$F58*I$78 -> 32123620
B59: 6.3 | C59: IMPUESTO LEY 1106 DE 2,006 | D59: GB | E59: 1 | F59: 0.05 | I59: =+$E59*$F59*I$78 -> 1.606181e+08
B60: 6.4 | C60: ESTAMPILLA PRO UNIVERSIDAD | D60: GB | E60: 1 | F60: 0.02 | I60: =+$E60*$F60*I$78 -> 64247240
C61: TOTAL COSTOS DE IMPUESTOS: | I61: =SUM(I57:I60) -> 3.212362e+08
G63: TOTAL ADMINISTRACION | H63: 0.1715 | I63: =+H63*I73 -> 4.4753865e+08
G65: TOTAL UTILIDAD | H65: 0.05 | I65: =+H65*I73 -> 1.3047774e+08
G67: TOTAL AU | H67: =H63+H65 -> 0.2215 | I67: =+ROUND(I63+I65,0) -> 578016395
G69: IVA SOBRE LA UTILIDAD | H69: 0.19 | I69: =+ROUND(I65*0.19,0) -> 24790771
G71: TOTAL AU + IVA | I71: =+I67+I69 -> 602807166
I72: =+H67+(H65*H69)+1 -> 1.231
H73: COSTOS DIRECTOS | I73: =+I78/I72 -> 2.6095548e+09
H74: ADMINISTRACION | I74: =+I63 -> 4.4753865e+08
H75: UTILIDAD | I75: =+I65 -> 1.3047774e+08
H76: IVA SOBRE UTILIDAD | I76: =+I69 -> 24790771
H78: COSTO TOTAL | I78: =+'DETALLE PRESUPUESTO OFICIAL'!D128 -> 3212361996

Sheet AU Z13
C3: Realizar las obras de adecuacion a toto costo, que tiene por objeto: “OBRAS CIVILES DE ADECUACIÓN EN ESPACIOS FÍSICOS A NIVEL NACIONAL, PARA EL DESARROLLO MISIONAL DEL SERVICIO NACIONAL DE APRENDIZAJE-SENA- A MONTO AGOTABLE.”
C5: ANEXO. 05 - ANALISIS ADMINISTRACIÓN Y UTILIDAD PARA TODAS LAS ZONAS
C6: SON CRITERIOS MINIMOS. AJUSTAR SEGÚN NECESIDAD DE LA ZONA A OFERTAR, TENIENDO EN CUENTA LAS PAUTAS DEFINIDAS EN EL ESTUDIO PREVIO
C7: LP-DG-0005-2020
B11: PLAZO DE EJECUCIÓN | C11: 4.5 | H11: ZONA 13 | I11: VR. TOTAL
G12: CANTIDAD DE RESIDENTES --------> | H12: 4
C13: DESCRIPCION | D13: UND | E13: PLAZO DE EJECUCIÓN | F13: % DE DEDICACIÓN | G13: VR. UNITARIO | H13: CANTIDAD / PROFESIONAL
B14: 1 | C14: PERSONAL DE OBRA (INCLUYEN PRESTACIONES)
B15: 1.1 | C15: DIRECTOR DE OBRA CON PRESTACIONES SOCIALES | D15: MES | E15: =+$C$11 -> 4.5 | F15: 1 | G15: 5000000 | H15: 1 | I15: =+$E15*$F15*$G15*H15 -> 22500000
B16: 1.2 | C16: RESIDENTE DE OBRA CON PRESTACIONES SOCIALES | D16: MES | E16: =+$C$11 -> 4.5 | F16: 1 | G16: 2500000 | H16: =+H12 -> 4 | I16: =+$E16*$F16*$G16*H16 -> 45000000
B17: 1.3 | C17: ENCARGADO AREA ELECTRICA Y MECANICA | D17: MES | E17: =+$C$11 -> 4.5 | F17: 1 | G17: 2000000 | H17: 1 | I17: =+$E17*$F17*$G17*H17 -> 9000000
B18: 1.4 | C18: ENCARGADO AREA HIDROSANITARIA | D18: MES | E18: =+$C$11 -> 4.5 | F18: 1 | G18: 2000000 | H18: 1 | I18: =+$E18*$F18*$G18*H18 -> 9000000
B19: 1.5 | C19: ENCARGADO AMBIENTAL | D19: MES | E19: =+$C$11 -> 4.5 | F19: 1 | G19: 2000000 | H19: 1 | I19: =+$E19*$F19*$G19*H19 -> 9000000
B20: 1.6 | C20: ENCARGADO SEGURIDAD INDUSTRIAL CON SEGURIDAD SOCIAL | D20: MES | E20: =+$C$11 -> 4.5 | F20: 1 | G20: 1750000 | H20: 1 | I20: =+$E20*$F20*$G20*H20 -> 7875000
C21: TOTAL PERSONAL DE OBRA (INCLUYEN PRESTACIONES) | I21: =SUM(I15:I20) -> 102375000
B23: 2 | C23: COSTOS DE SERVICIOS PUBLICOS (OBRA Y CAMPAMENTO)
B24: 2.1 | C24: ENERGIA (INCLUYE INSTALACIÓN PROVISIONAL) | D24: MES | E24: =+$C$11 -> 4.5 | G24: 250000 | H24: =+H16 -> 4 | I24: =+$E24*$G24*H24 -> 4500000
B25: 2.2 | C25: AGUA - ALCANTARILLADO (INCLUYE INSTALACIÓN PROVISIONAL) | D25: MES | E25: =+$C$11 -> 4.5 | G25: 150000 | H25: =+H16 -> 4 | I25: =+$E25*$G25*H25 -> 2700000
B26: 2.3 | C26: INTERNET (PROVISIONAL) | D26: MES | E26: =+$C$11 -> 4.5 | G26: 150000 | H26: =+H16 -> 4 | I26: =+$E26*$G26*H26 -> 2700000
B27: 2.4 | C27: TELÉFONO (PROVISIONAL) | D27: MES | E27: =+$C$11 -> 4.5 | G27: 200000 | H27: =+H16 -> 4 | I27: =+$E27*$G27*H27 -> 3600000
C28: TOTAL COSTOS DE SERVICIOS PUBLICOS: | I28: =SUM(I24:I27) -> 13500000
B30: 3 | C30: COSTOS DE DOTACION CAMPAMENTO E INSTALACIONES PROVISIONALES
B31: 3.1 | C31: COSTO PROPORCIONAL OFICINA CENTRAL | D31: MES | E31: =+$C$11 -> 4.5 | G31: 250000 | H31: =+H16 -> 4 | I31: =+$E31*$G31*H31 -> 4500000
B32: 3.2 | C32: COMPUTADOR | D32: MES | E32: =+$C$11 -> 4.5 | G32: 150000 | H32: =+H16+H15 -> 5 | I32: =+$E32*$G32*H32 -> 3375000
B33: 3.3 | C33: MUEBLES | D33: GB | E33: 1 | G33: 400000 | H33: =+H16 -> 4 | I33: =+$E33*$G33*H33 -> 1600000
C34: TOTAL COSTOS DE DOTACION CAMPAMENTO: | I34: =SUM(I31:I33) -> 9475000
B36: 4 | C36: OTROS - GASTOS GENERALES
B37: 4.1 | C37: SEGURIDAD INDUSTRIAL , DOTACIÓN Y PROTOCOLO COVID 19 | D37: % PERS | E37: 0.05 | I37: =+$E37*I$21 -> 5118750
B38: 4.2 | C38: ENSAYOS DE LABORATORIO PARA MATERIALES, PRUEBAS DE CARGA Y OTROS QUE SEAN REQUERIDOS | D38: MES | E38: 1 | G38: 400000 | H38: =+H16 -> 4 | I38: =+$E38*$G38*H38 -> 1600000
B39: 4.3 | C39: MANTENIMIENTO EQUIPOS/HERRAMIENTAS | D39: MES | E39: =+$C$11 -> 4.5 | G39: 200000 | H39: =+H16 -> 4 | I39: =+$E39*$G39*H39 -> 3600000
B40: 4.4 | C40: PAPELERIA Y EMPASTES | D40: MES | E40: =+$C$11 -> 4.5 | G40: 150000 | H40: =+H16 -> 4 | I40: =+$E40*$G40*H40 -> 2700000
B41: 4.5 | C41: REGISTRO FOTOGRÁFICO / VIDEOS / INFORMES | D41: MES | E41: =+$C$11 -> 4.5 | G41: 100000 | H41: =+H16 -> 4 | I41: =+$E41*$G41*H41 -> 1800000
B42: 4.6 | C42: PLOTEADA PLANOS, COPIA PLANOS Y FOTOCOPIAS | D42: GB | E42: 1 | G42: 400000 | H42: =+H16 -> 4 | I42: =+$E42*$G42*H42 -> 1600000
B43: 4.7 | C43: PLANOS RECORD | D43: GB | E43: 1 | G43: 800000 | H43: =+H16 -> 4 | I43: =+$E43*$G43*H43 -> 3200000
B44: 4.8 | C44: TRANSPORTES Y MOVILIZACIÓN (NO INCLUIDOS EN LOS COSTOS DIRECTOS) | D44: MES | E44: =+$C$11 -> 4.5 | G44: 865399.58 | H44: 1 | I44: =+$E44*$G44*H44 -> 3894298.1
B45: 4.9 | C45: VIATICOS Y MANUTENCIÓN PERSONAL ADMINISTRATIVO | D45: MES | E45: =+$C$11 -> 4.5 | G45: 1000000 | H45: =+H16 -> 4 | I45: =+$E45*$G45*H45 -> 18000000
C46: TOTAL OTROS - GASTOS GENERALES: | I46: =SUM(I37:I45) -> 41513048
B48: 5 | C48: COSTOS DE LEGALIZACION DEL CONTRATO (POLIZAS)
B49: 5.1 | C49: CUMPLIMIENTO | D49: UN | E49: 1 | F49: 0.00026 | I49: =+$E49*$F49*I$78 -> 1301172.3
B50: 5.2 | C50: AMPARO DE SALARIOS Y PREST. SOCIALES | D50: UN | E50: 1 | F50: 0.00024 | I50: =+$E50*$F50*I$78 -> 1201082.1
B51: 5.3 | C51: AMPARO DE ANTICIPO | D51: UN | E51: 1 | F51: 0.00032 | I51: =+$E51*$F51*I$78 -> 1601442.8
B52: 5.4 | C52: RESPONSABILIDAD CIVIL EXTRACONTRACTUAL | D52: UN | E52: 1 | F52: 0.00032 | I52: =+$E52*$F52*I$78 -> 1601442.8
B53: 5.5 | C53: ESTABILIDAD DE OBRA | D53: UN | E53: 1 | F53: 0.00217 | I53: =+$E53*$F53*I$78 -> 10859784
C54: TOTAL COSTOS DE LEGALIZACION DEL CONTRATO: | I54: =SUM(I49:I53) -> 16564924
B56: 6 | C56: COSTOS DE IMPUESTOS O CARGA IMPOSITIVA
B57: 6.1 | C57: RETEFUENTE | D57: GB | E57: 1 | F57: 0.02 | I57: =+$E57*$F57*I$78 -> 1.0009018e+08
B58: 6.2 | C58: RETEICA (vr. Total del contrato X 1%) | D58: GB | E58: 1 | F58: 0.01 | I58: =+$E58*$F58*I$78 -> 50045088
B59: 6.3 | C59: IMPUESTO LEY 1106 DE 2,006 | D59: GB | E59: 1 | F59: 0.05 | I59: =+$E59*$F59*I$78 -> 2.5022544e+08
B60: 6.4 | C60: ESTAMPILLA PRO UNIVERSIDAD | D60: GB | E60: 1 | F60: 0.02 | I60: =+$E60*$F60*I$78 -> 1.0009018e+08
C61: TOTAL COSTOS DE IMPUESTOS: | I61: =SUM(I57:I60) -> 5.0045088e+08
G63: TOTAL ADMINISTRACION | H63: 0.1677 | I63: =+H63*I73 -> 6.8387886e+08
G65: TOTAL UTILIDAD | H65: 0.05 | I65: =+H65*I73 -> 2.0389948e+08
G67: TOTAL AU | H67: =H63+H65 -> 0.2177 | I67: =+ROUND(I63+I65,0) -> 887778338
G69: IVA SOBRE LA UTILIDAD | H69: 0.19 | I69: =+ROUND(I65*0.19,0) -> 38740901
G71: TOTAL AU + IVA | I71: =+I67+I69 -> 926519239
I72: =+H67+(H65*H69)+1 -> 1.2272
H73: COSTOS DIRECTOS | I73: =+I78/I72 -> 4.0779896e+09
H74: ADMINISTRACION | I74: =+I63 -> 6.8387886e+08
H75: UTILIDAD | I75: =+I65 -> 2.0389948e+08
H76: IVA SOBRE UTILIDAD | I76: =+I69 -> 38740901
H78: COSTO TOTAL | I78: =+'DETALLE PRESUPUESTO OFICIAL'!D143 -> 5004508849

Sheet AU Z14
C3: Realizar las obras de adecuacion a toto costo, que tiene por objeto: “OBRAS CIVILES DE ADECUACIÓN EN ESPACIOS FÍSICOS A NIVEL NACIONAL, PARA EL DESARROLLO MISIONAL DEL SERVICIO NACIONAL DE APRENDIZAJE-SENA- A MONTO AGOTABLE.”
C5: ANEXO. 05 - ANALISIS ADMINISTRACIÓN Y UTILIDAD PARA TODAS LAS ZONAS
C6: SON CRITERIOS MINIMOS. AJUSTAR SEGÚN NECESIDAD DE LA ZONA A OFERTAR, TENIENDO EN CUENTA LAS PAUTAS DEFINIDAS EN EL ESTUDIO PREVIO
C7: LP-DG-0005-2020
B11: PLAZO DE EJECUCIÓN | C11: 4.5 | H11: ZONA 14 | I11: VR. TOTAL
G12: CANTIDAD DE RESIDENTES --------> | H12: 4
C13: DESCRIPCION | D13: UND | E13: PLAZO DE EJECUCIÓN | F13: % DE DEDICACIÓN | G13: VR. UNITARIO | H13: CANTIDAD / PROFESIONAL
B14: 1 | C14: PERSONAL DE OBRA (INCLUYEN PRESTACIONES)
B15: 1.1 | C15: DIRECTOR DE OBRA CON PRESTACIONES SOCIALES | D15: MES | E15: =+$C$11 -> 4.5 | F15: 1 | G15: 5000000 | H15: 2 | I15: =+$E15*$F15*$G15*H15 -> 45000000
B16: 1.2 | C16: RESIDENTE DE OBRA CON PRESTACIONES SOCIALES | D16: MES | E16: =+$C$11 -> 4.5 | F16: 1 | G16: 2500000 | H16: =+H12 -> 4 | I16: =+$E16*$F16*$G16*H16 -> 45000000
B17: 1.3 | C17: ENCARGADO AREA ELECTRICA Y MECANICA | D17: MES | E17: =+$C$11 -> 4.5 | F17: 1 | G17: 2000000 | H17: 1 | I17: =+$E17*$F17*$G17*H17 -> 9000000
B18: 1.4 | C18: ENCARGADO AREA HIDROSANITARIA | D18: MES | E18: =+$C$11 -> 4.5 | F18: 1 | G18: 2000000 | H18: 1 | I18: =+$E18*$F18*$G18*H18 -> 9000000
B19: 1.5 | C19: ENCARGADO AMBIENTAL | D19: MES | E19: =+$C$11 -> 4.5 | F19: 1 | G19: 2000000 | H19: 1 | I19: =+$E19*$F19*$G19*H19 -> 9000000
B20: 1.6 | C20: ENCARGADO SEGURIDAD INDUSTRIAL CON SEGURIDAD SOCIAL | D20: MES | E20: =+$C$11 -> 4.5 | F20: 1 | G20: 1750000 | H20: 1 | I20: =+$E20*$F20*$G20*H20 -> 7875000
C21: TOTAL PERSONAL DE OBRA (INCLUYEN PRESTACIONES) | I21: =SUM(I15:I20) -> 124875000
B23: 2 | C23: COSTOS DE SERVICIOS PUBLICOS (OBRA Y CAMPAMENTO)
B24: 2.1 | C24: ENERGIA (INCLUYE INSTALACIÓN PROVISIONAL) | D24: MES | E24: =+$C$11 -> 4.5 | G24: 250000 | H24: =+H16 -> 4 | I24: =+$E24*$G24*H24 -> 4500000
B25: 2.2 | C25: AGUA - ALCANTARILLADO (INCLUYE INSTALACIÓN PROVISIONAL) | D25: MES | E25: =+$C$11 -> 4.5 | G25: 150000 | H25: =+H16 -> 4 | I25: =+$E25*$G25*H25 -> 2700000
B26: 2.3 | C26: INTERNET (PROVISIONAL) | D26: MES | E26: =+$C$11 -> 4.5 | G26: 150000 | H26: =+H16 -> 4 | I26: =+$E26*$G26*H26 -> 2700000
B27: 2.4 | C27: TELÉFONO (PROVISIONAL) | D27: MES | E27: =+$C$11 -> 4.5 | G27: 200000 | H27: =+H16 -> 4 | I27: =+$E27*$G27*H27 -> 3600000
C28: TOTAL COSTOS DE SERVICIOS PUBLICOS: | I28: =SUM(I24:I27) -> 13500000
B30: 3 | C30: COSTOS DE DOTACION CAMPAMENTO E INSTALACIONES PROVISIONALES
B31: 3.1 | C31: COSTO PROPORCIONAL OFICINA CENTRAL | D31: MES | E31: =+$C$11 -> 4.5 | G31: 250000 | H31: =+H16 -> 4 | I31: =+$E31*$G31*H31 -> 4500000
B32: 3.2 | C32: COMPUTADOR | D32: MES | E32: =+$C$11 -> 4.5 | G32: 150000 | H32: =+H16+H15 -> 6 | I32: =+$E32*$G32*H32 -> 4050000
B33: 3.3 | C33: MUEBLES | D33: GB | E33: 1 | G33: 400000 | H33: =+H16 -> 4 | I33: =+$E33*$G33*H33 -> 1600000
C34: TOTAL COSTOS DE DOTACION CAMPAMENTO: | I34: =SUM(I31:I33) -> 10150000
B36: 4 | C36: OTROS - GASTOS GENERALES
B37: 4.1 | C37: SEGURIDAD INDUSTRIAL , DOTACIÓN Y PROTOCOLO COVID 19 | D37: % PERS | E37: 0.05 | I37: =+$E37*I$21 -> 6243750
B38: 4.2 | C38: ENSAYOS DE LABORATORIO PARA MATERIALES, PRUEBAS DE CARGA Y OTROS QUE SEAN REQUERIDOS | D38: MES | E38: 1 | G38: 400000 | H38: =+H16 -> 4 | I38: =+$E38*$G38*H38 -> 1600000
B39: 4.3 | C39: MANTENIMIENTO EQUIPOS/HERRAMIENTAS | D39: MES | E39: =+$C$11 -> 4.5 | G39: 200000 | H39: =+H16 -> 4 | I39: =+$E39*$G39*H39 -> 3600000
B40: 4.4 | C40: PAPELERIA Y EMPASTES | D40: MES | E40: =+$C$11 -> 4.5 | G40: 150000 | H40: =+H16 -> 4 | I40: =+$E40*$G40*H40 -> 2700000
B41: 4.5 | C41: REGISTRO FOTOGRÁFICO / VIDEOS / INFORMES | D41: MES | E41: =+$C$11 -> 4.5 | G41: 100000 | H41: =+H16 -> 4 | I41: =+$E41*$G41*H41 -> 1800000
B42: 4.6 | C42: PLOTEADA PLANOS, COPIA PLANOS Y FOTOCOPIAS | D42: GB | E42: 1 | G42: 400000 | H42: =+H16 -> 4 | I42: =+$E42*$G42*H42 -> 1600000
B43: 4.7 | C43: PLANOS RECORD | D43: GB | E43: 1 | G43: 800000 | H43: =+H16 -> 4 | I43: =+$E43*$G43*H43 -> 3200000
B44: 4.8 | C44: TRANSPORTES Y MOVILIZACIÓN (NO INCLUIDOS EN LOS COSTOS DIRECTOS) | D44: MES | E44: =+$C$11 -> 4.5 | G44: 874098.84 | H44: 1 | I44: =+$E44*$G44*H44 -> 3933444.8
B45: 4.9 | C45: VIATICOS Y MANUTENCIÓN PERSONAL ADMINISTRATIVO | D45: MES | E45: =+$C$11 -> 4.5 | G45: 1000000 | H45: =+H16 -> 4 | I45: =+$E45*$G45*H45 -> 18000000
C46: TOTAL OTROS - GASTOS GENERALES: | I46: =SUM(I37:I45) -> 42677195
B48: 5 | C48: COSTOS DE LEGALIZACION DEL CONTRATO (POLIZAS)
B49: 5.1 | C49: CUMPLIMIENTO | D49: UN | E49: 1 | F49: 0.00026 | I49: =+$E49*$F49*I$78 -> 1868398
B50: 5.2 | C50: AMPARO DE SALARIOS Y PREST. SOCIALES | D50: UN | E50: 1 | F50: 0.00024 | I50: =+$E50*$F50*I$78 -> 1724675
B51: 5.3 | C51: AMPARO DE ANTICIPO | D51: UN | E51: 1 | F51: 0.00032 | I51: =+$E51*$F51*I$78 -> 2299566.7
B52: 5.4 | C52: RESPONSABILIDAD CIVIL EXTRACONTRACTUAL | D52: UN | E52: 1 | F52: 0.00032 | I52: =+$E52*$F52*I$78 -> 2299566.7
B53: 5.5 | C53: ESTABILIDAD DE OBRA | D53: UN | E53: 1 | F53: 0.00217 | I53: =+$E53*$F53*I$78 -> 15593937
C54: TOTAL COSTOS DE LEGALIZACION DEL CONTRATO: | I54: =SUM(I49:I53) -> 23786143
B56: 6 | C56: COSTOS DE IMPUESTOS O CARGA IMPOSITIVA
B57: 6.1 | C57: RETEFUENTE | D57: GB | E57: 1 | F57: 0.02 | I57: =+$E57*$F57*I$78 -> 1.4372292e+08
B58: 6.2 | C58: RETEICA (vr. Total del contrato X 1%) | D58: GB | E58: 1 | F58: 0.01 | I58: =+$E58*$F58*I$78 -> 71861460
B59: 6.3 | C59: IMPUESTO LEY 1106 DE 2,006 | D59: GB | E59: 1 | F59: 0.05 | I59: =+$E59*$F59*I$78 -> 3.593073e+08
B60: 6.4 | C60: ESTAMPILLA PRO UNIVERSIDAD | D60: GB | E60: 1 | F60: 0.02 | I60: =+$E60*$F60*I$78 -> 1.4372292e+08
C61: TOTAL COSTOS DE IMPUESTOS: | I61: =SUM(I57:I60) -> 7.186146e+08
G63: TOTAL ADMINISTRACION | H63: 0.1582 | I63: =+H63*I73 -> 9.3360294e+08
G65: TOTAL UTILIDAD | H65: 0.05 | I65: =+H65*I73 -> 2.9507046e+08
G67: TOTAL AU | H67: =H63+H65 -> 0.2082 | I67: =+ROUND(I63+I65,0) -> 1228673403
G69: IVA SOBRE LA UTILIDAD | H69: 0.19 | I69: =+ROUND(I65*0.19,0) -> 56063388
G71: TOTAL AU + IVA | I71: =+I67+I69 -> 1284736791
I72: =+H67+(H65*H69)+1 -> 1.2177
H73: COSTOS DIRECTOS | I73: =+I78/I72 -> 5.9014092e+09
H74: ADMINISTRACION | I74: =+I63 -> 9.3360294e+08
H75: UTILIDAD | I75: =+I65 -> 2.9507046e+08
H76: IVA SOBRE UTILIDAD | I76: =+I69 -> 56063388
H78: COSTO TOTAL | I78: =+'DETALLE PRESUPUESTO OFICIAL'!D155 -> 7186146027

Sheet AU Z15A
C3: Realizar las obras de adecuacion a toto costo, que tiene por objeto: “OBRAS CIVILES DE ADECUACIÓN EN ESPACIOS FÍSICOS A NIVEL NACIONAL, PARA EL DESARROLLO MISIONAL DEL SERVICIO NACIONAL DE APRENDIZAJE-SENA- A MONTO AGOTABLE.”
C5: ANALISIS ADMINISTRACIÓN Y UTILIDAD PARA TODAS LAS ZONAS
C6: SON CRITERIOS MINIMOS. AJUSTAR SEGÚN NECESIDAD DE LA ZONA A OFERTAR, TENIENDO EN CUENTA LAS PAUTAS DEFINIDAS EN EL ESTUDIO PREVIO
C7: LP-DG-0005-2020
B11: PLAZO DE EJECUCIÓN | C11: 4.5 | H11: ZONA 15a | I11: VR. TOTAL
G12: CANTIDAD DE RESIDENTES --------> | H12: 2
C13: DESCRIPCION | D13: UND | E13: PLAZO DE EJECUCIÓN | F13: % DE DEDICACIÓN | G13: VR. UNITARIO | H13: CANTIDAD / PROFESIONAL
B14: 1 | C14: PERSONAL DE OBRA (INCLUYEN PRESTACIONES)
B15: 1.1 | C15: DIRECTOR DE OBRA CON PRESTACIONES SOCIALES | D15: MES | E15: =+$C$11 -> 4.5 | F15: 1 | G15: 5000000 | H15: 1 | I15: =+$E15*$F15*$G15*H15 -> 22500000
B16: 1.2 | C16: RESIDENTE DE OBRA CON PRESTACIONES SOCIALES | D16: MES | E16: =+$C$11 -> 4.5 | F16: 1 | G16: 2500000 | H16: =+H12 -> 2 | I16: =+$E16*$F16*$G16*H16 -> 22500000
B17: 1.3 | C17: ENCARGADO AREA ELECTRICA Y MECANICA | D17: MES | E17: =+$C$11 -> 4.5 | F17: 1 | G17: 2000000 | H17: 1 | I17: =+$E17*$F17*$G17*H17 -> 9000000
B18: 1.4 | C18: ENCARGADO AREA HIDROSANITARIA | D18: MES | E18: =+$C$11 -> 4.5 | F18: 1 | G18: 2000000 | H18: 1 | I18: =+$E18*$F18*$G18*H18 -> 9000000
B19: 1.5 | C19: ENCARGADO AMBIENTAL | D19: MES | E19: =+$C$11 -> 4.5 | F19: 1 | G19: 2000000 | H19: 1 | I19: =+$E19*$F19*$G19*H19 -> 9000000
B20: 1.6 | C20: ENCARGADO SEGURIDAD INDUSTRIAL CON SEGURIDAD SOCIAL | D20: MES | E20: =+$C$11 -> 4.5 | F20: 1 | G20: 1750000 | H20: 1 | I20: =+$E20*$F20*$G20*H20 -> 7875000
C21: TOTAL PERSONAL DE OBRA (INCLUYEN PRESTACIONES) | I21: =SUM(I15:I20) -> 79875000
B23: 2 | C23: COSTOS DE SERVICIOS PUBLICOS (OBRA Y CAMPAMENTO)
B24: 2.1 | C24: ENERGIA (INCLUYE INSTALACIÓN PROVISIONAL) | D24: MES | E24: =+$C$11 -> 4.5 | G24: 250000 | H24: =+H16 -> 2 | I24: =+$E24*$G24*H24 -> 2250000
B25: 2.2 | C25: AGUA - ALCANTARILLADO (INCLUYE INSTALACIÓN PROVISIONAL) | D25: MES | E25: =+$C$11 -> 4.5 | G25: 150000 | H25: =+H16 -> 2 | I25: =+$E25*$G25*H25 -> 1350000
B26: 2.3 | C26: INTERNET (PROVISIONAL) | D26: MES | E26: =+$C$11 -> 4.5 | G26: 150000 | H26: =+H16 -> 2 | I26: =+$E26*$G26*H26 -> 1350000
B27: 2.4 | C27: TELÉFONO (PROVISIONAL) | D27: MES | E27: =+$C$11 -> 4.5 | G27: 200000 | H27: =+H16 -> 2 | I27: =+$E27*$G27*H27 -> 1800000
C28: TOTAL COSTOS DE SERVICIOS PUBLICOS: | I28: =SUM(I24:I27) -> 6750000
B30: 3 | C30: COSTOS DE DOTACION CAMPAMENTO E INSTALACIONES PROVISIONALES
B31: 3.1 | C31: COSTO PROPORCIONAL OFICINA CENTRAL | D31: MES | E31: =+$C$11 -> 4.5 | G31: 250000 | H31: =+H16 -> 2 | I31: =+$E31*$G31*H31 -> 2250000
B32: 3.2 | C32: COMPUTADOR | D32: MES | E32: =+$C$11 -> 4.5 | G32: 150000 | H32: =+H16+H15 -> 3 | I32: =+$E32*$G32*H32 -> 2025000
B33: 3.3 | C33: MUEBLES | D33: GB | E33: 1 | G33: 400000 | H33: =+H16 -> 2 | I33: =+$E33*$G33*H33 -> 800000
C34: TOTAL COSTOS DE DOTACION CAMPAMENTO: | I34: =SUM(I31:I33) -> 5075000
B36: 4 | C36: OTROS - GASTOS GENERALES
B37: 4.1 | C37: SEGURIDAD INDUSTRIAL , DOTACIÓN Y PROTOCOLO COVID 19 | D37: % PERS | E37: 0.05 | I37: =+$E37*I$21 -> 3993750
B38: 4.2 | C38: ENSAYOS DE LABORATORIO PARA MATERIALES, PRUEBAS DE CARGA Y OTROS QUE SEAN REQUERIDOS | D38: MES | E38: 1 | G38: 400000 | H38: =+H16 -> 2 | I38: =+$E38*$G38*H38 -> 800000
B39: 4.3 | C39: MANTENIMIENTO EQUIPOS/HERRAMIENTAS | D39: MES | E39: =+$C$11 -> 4.5 | G39: 200000 | H39: =+H16 -> 2 | I39: =+$E39*$G39*H39 -> 1800000
B40: 4.4 | C40: PAPELERIA Y EMPASTES | D40: MES | E40: =+$C$11 -> 4.5 | G40: 150000 | H40: =+H16 -> 2 | I40: =+$E40*$G40*H40 -> 1350000
B41: 4.5 | C41: REGISTRO FOTOGRÁFICO / VIDEOS / INFORMES | D41: MES | E41: =+$C$11 -> 4.5 | G41: 100000 | H41: =+H16 -> 2 | I41: =+$E41*$G41*H41 -> 900000
B42: 4.6 | C42: PLOTEADA PLANOS, COPIA PLANOS Y FOTOCOPIAS | D42: GB | E42: 1 | G42: 400000 | H42: =+H16 -> 2 | I42: =+$E42*$G42*H42 -> 800000
B43: 4.7 | C43: PLANOS RECORD | D43: GB | E43: 1 | G43: 800000 | H43: =+H16 -> 2 | I43: =+$E43*$G43*H43 -> 1600000
B44: 4.8 | C44: TRANSPORTES Y MOVILIZACIÓN (NO INCLUIDOS EN LOS COSTOS DIRECTOS) | D44: MES | E44: =+$C$11 -> 4.5 | G44: 926734.42 | H44: 1 | I44: =+$E44*$G44*H44 -> 4170304.9
B45: 4.9 | C45: VIATICOS Y MANUTENCIÓN PERSONAL ADMINISTRATIVO | D45: MES | E45: =+$C$11 -> 4.5 | G45: 800000 | H45: =+H16 -> 2 | I45: =+$E45*$G45*H45 -> 7200000
C46: TOTAL OTROS - GASTOS GENERALES: | I46: =SUM(I37:I45) -> 22614055
B48: 5 | C48: COSTOS DE LEGALIZACION DEL CONTRATO (POLIZAS)
B49: 5.1 | C49: CUMPLIMIENTO | D49: UN | E49: 1 | F49: 0.00026 | I49: =+$E49*$F49*I$78 -> 956128.3
B50: 5.2 | C50: AMPARO DE SALARIOS Y PREST. SOCIALES | D50: UN | E50: 1 | F50: 0.00024 | I50: =+$E50*$F50*I$78 -> 882579.97
B51: 5.3 | C51: AMPARO DE ANTICIPO | D51: UN | E51: 1 | F51: 0.00032 | I51: =+$E51*$F51*I$78 -> 1176773.3
B52: 5.4 | C52: RESPONSABILIDAD CIVIL EXTRACONTRACTUAL | D52: UN | E52: 1 | F52: 0.00032 | I52: =+$E52*$F52*I$78 -> 1176773.3
B53: 5.5 | C53: ESTABILIDAD DE OBRA | D53: UN | E53: 1 | F53: 0.00217 | I53: =+$E53*$F53*I$78 -> 7979993.9
C54: TOTAL COSTOS DE LEGALIZACION DEL CONTRATO: | I54: =SUM(I49:I53) -> 12172249
B56: 6 | C56: COSTOS DE IMPUESTOS O CARGA IMPOSITIVA
B57: 6.1 | C57: RETEFUENTE | D57: GB | E57: 1 | F57: 0.02 | I57: =+$E57*$F57*I$78 -> 73548330
B58: 6.2 | C58: RETEICA (vr. Total del contrato X 1%) | D58: GB | E58: 1 | F58: 0.01 | I58: =+$E58*$F58*I$78 -> 36774165
B59: 6.3 | C59: IMPUESTO LEY 1106 DE 2,006 | D59: GB | E59: 1 | F59: 0.05 | I59: =+$E59*$F59*I$78 -> 1.8387083e+08
B60: 6.4 | C60: ESTAMPILLA PRO UNIVERSIDAD | D60: GB | E60: 1 | F60: 0.02 | I60: =+$E60*$F60*I$78 -> 73548330
C61: TOTAL COSTOS DE IMPUESTOS: | I61: =SUM(I57:I60) -> 3.6774165e+08
I62: =+I61+I54+I46+I34+I28+I21 -> 4.9422796e+08
G63: TOTAL ADMINISTRACION | H63: 0.1645 | I63: =+H63*I73 -> 4.9422796e+08
G65: TOTAL UTILIDAD | H65: 0.05 | I65: =+H65*I73 -> 1.5022126e+08
G67: TOTAL AU | H67: =H63+H65 -> 0.2145 | I67: =+ROUND(I63+I65,0) -> 644449219
G69: IVA SOBRE LA UTILIDAD | H69: 0.19 | I69: =+ROUND(I65*0.19,0) -> 28542040
G71: TOTAL AU + IVA | I71: =+I67+I69 -> 672991259
I72: =+H67+(H65*H69)+1 -> 1.224
H73: COSTOS DIRECTOS | I73: =+I78/I72 -> 3.0044253e+09
H74: ADMINISTRACION | I74: =+I63 -> 4.9422796e+08
H75: UTILIDAD | I75: =+I65 -> 1.5022126e+08
H76: IVA SOBRE UTILIDAD | I76: =+I69 -> 28542040
H78: COSTO TOTAL | I78: 3677416522

Sheet AU Z15B- AMAZONAS
C3: Realizar las obras de adecuacion a toto costo, que tiene por objeto: “OBRAS CIVILES DE ADECUACIÓN EN ESPACIOS FÍSICOS A NIVEL NACIONAL, PARA EL DESARROLLO MISIONAL DEL SERVICIO NACIONAL DE APRENDIZAJE-SENA- A MONTO AGOTABLE.”
C5: ANALISIS ADMINISTRACIÓN Y UTILIDAD PARA TODAS LAS ZONAS
C6: SON CRITERIOS MINIMOS. AJUSTAR SEGÚN NECESIDAD DE LA ZONA A OFERTAR, TENIENDO EN CUENTA LAS PAUTAS DEFINIDAS EN EL ESTUDIO PREVIO
C7: LP-DG-0005-2020
B11: PLAZO DE EJECUCIÓN | C11: 4.5 | H11: ZONA 15b | I11: VR. TOTAL
G12: CANTIDAD DE RESIDENTES --------> | H12: 1
C13: DESCRIPCION | D13: UND | E13: PLAZO DE EJECUCIÓN | F13: % DE DEDICACIÓN | G13: VR. UNITARIO | H13: CANTIDAD / PROFESIONAL
B14: 1 | C14: PERSONAL DE OBRA (INCLUYEN PRESTACIONES)
B15: 1.1 | C15: DIRECTOR DE OBRA CON PRESTACIONES SOCIALES | D15: MES | E15: =+$C$11 -> 4.5 | F15: 0.5 | G15: 5000000 | H15: 1 | I15: =+$E15*$F15*$G15*H15 -> 11250000
B16: 1.2 | C16: RESIDENTE DE OBRA CON PRESTACIONES SOCIALES | D16: MES | E16: =+$C$11 -> 4.5 | F16: 1 | G16: 2500000 | H16: =+H12 -> 1 | I16: =+$E16*$F16*$G16*H16 -> 11250000
B17: 1.3 | C17: ENCARGADO AREA ELECTRICA Y MECANICA | D17: MES | E17: =+$C$11 -> 4.5 | F17: 1 | G17: 2000000 | H17: 1 | I17: =+$E17*$F17*$G17*H17 -> 9000000
B18: 1.4 | C18: ENCARGADO AREA HIDROSANITARIA | D18: MES | E18: =+$C$11 -> 4.5 | F18: 1 | G18: 2000000 | H18: 1 | I18: =+$E18*$F18*$G18*H18 -> 9000000
B19: 1.5 | C19: ENCARGADO AMBIENTAL | D19: MES | E19: =+$C$11 -> 4.5 | F19: 1 | G19: 2000000 | H19: 1 | I19: =+$E19*$F19*$G19*H19 -> 9000000
B20: 1.6 | C20: ENCARGADO SEGURIDAD INDUSTRIAL CON SEGURIDAD SOCIAL | D20: MES | E20: =+$C$11 -> 4.5 | F20: 1 | G20: 1750000 | H20: 1 | I20: =+$E20*$F20*$G20*H20 -> 7875000
C21: TOTAL PERSONAL DE OBRA (INCLUYEN PRESTACIONES) | I21: =SUM(I15:I20) -> 57375000
B23: 2 | C23: COSTOS DE SERVICIOS PUBLICOS (OBRA Y CAMPAMENTO)
B24: 2.1 | C24: ENERGIA (INCLUYE INSTALACIÓN PROVISIONAL) | D24: MES | E24: =+$C$11 -> 4.5 | G24: 250000 | H24: =+H16 -> 1 | I24: =+$E24*$G24*H24 -> 1125000
B25: 2.2 | C25: AGUA - ALCANTARILLADO (INCLUYE INSTALACIÓN PROVISIONAL) | D25: MES | E25: =+$C$11 -> 4.5 | G25: 150000 | H25: =+H16 -> 1 | I25: =+$E25*$G25*H25 -> 675000
B26: 2.3 | C26: INTERNET (PROVISIONAL) | D26: MES | E26: =+$C$11 -> 4.5 | G26: 150000 | H26: =+H16 -> 1 | I26: =+$E26*$G26*H26 -> 675000
B27: 2.4 | C27: TELÉFONO (PROVISIONAL) | D27: MES | E27: =+$C$11 -> 4.5 | G27: 200000 | H27: =+H16 -> 1 | I27: =+$E27*$G27*H27 -> 900000
C28: TOTAL COSTOS DE SERVICIOS PUBLICOS: | I28: =SUM(I24:I27) -> 3375000
B30: 3 | C30: COSTOS DE DOTACION CAMPAMENTO E INSTALACIONES PROVISIONALES
B31: 3.1 | C31: COSTO PROPORCIONAL OFICINA CENTRAL | D31: MES | E31: =+$C$11 -> 4.5 | G31: 250000 | H31: =+H16 -> 1 | I31: =+$E31*$G31*H31 -> 1125000
B32: 3.2 | C32: COMPUTADOR | D32: MES | E32: =+$C$11 -> 4.5 | G32: 150000 | H32: =+H16+H15 -> 2 | I32: =+$E32*$G32*H32 -> 1350000
B33: 3.3 | C33: MUEBLES | D33: GB | E33: 1 | G33: 400000 | H33: =+H16 -> 1 | I33: =+$E33*$G33*H33 -> 400000
C34: TOTAL COSTOS DE DOTACION CAMPAMENTO: | I34: =SUM(I31:I33) -> 2875000
B36: 4 | C36: OTROS - GASTOS GENERALES
B37: 4.1 | C37: SEGURIDAD INDUSTRIAL , DOTACIÓN Y PROTOCOLO COVID 19 | D37: % PERS | E37: 0.05 | I37: =+$E37*I$21 -> 2868750
B38: 4.2 | C38: ENSAYOS DE LABORATORIO PARA MATERIALES, PRUEBAS DE CARGA Y OTROS QUE SEAN REQUERIDOS | D38: MES | E38: 1 | G38: 400000 | H38: =+H16 -> 1 | I38: =+$E38*$G38*H38 -> 400000
B39: 4.3 | C39: MANTENIMIENTO EQUIPOS/HERRAMIENTAS | D39: MES | E39: =+$C$11 -> 4.5 | G39: 200000 | H39: =+H16 -> 1 | I39: =+$E39*$G39*H39 -> 900000
B40: 4.4 | C40: PAPELERIA Y EMPASTES | D40: MES | E40: =+$C$11 -> 4.5 | G40: 150000 | H40: =+H16 -> 1 | I40: =+$E40*$G40*H40 -> 675000
B41: 4.5 | C41: REGISTRO FOTOGRÁFICO / VIDEOS / INFORMES | D41: MES | E41: =+$C$11 -> 4.5 | G41: 100000 | H41: =+H16 -> 1 | I41: =+$E41*$G41*H41 -> 450000
B42: 4.6 | C42: PLOTEADA PLANOS, COPIA PLANOS Y FOTOCOPIAS | D42: GB | E42: 1 | G42: 400000 | H42: =+H16 -> 1 | I42: =+$E42*$G42*H42 -> 400000
B43: 4.7 | C43: PLANOS RECORD | D43: GB | E43: 1 | G43: 800000 | H43: =+H16 -> 1 | I43: =+$E43*$G43*H43 -> 800000
B44: 4.8 | C44: TRANSPORTES Y MOVILIZACIÓN (NO INCLUIDOS EN LOS COSTOS DIRECTOS) | D44: MES | E44: =+$C$11 -> 4.5 | G44: 700000 | H44: 1 | I44: =+$E44*$G44*H44 -> 3150000
B45: 4.9 | C45: VIATICOS Y MANUTENCIÓN PERSONAL ADMINISTRATIVO | D45: MES | E45: =+$C$11 -> 4.5 | G45: 960550.49 | H45: =+H16 -> 1 | I45: =+$E45*$G45*H45 -> 4322477.2
C46: TOTAL OTROS - GASTOS GENERALES: | I46: =SUM(I37:I45) -> 13966227
B48: 5 | C48: COSTOS DE LEGALIZACION DEL CONTRATO (POLIZAS)
B49: 5.1 | C49: CUMPLIMIENTO | D49: UN | E49: 1 | F49: 0.00026 | I49: =+$E49*$F49*I$78 -> 227066.09
B50: 5.2 | C50: AMPARO DE SALARIOS Y PREST. SOCIALES | D50: UN | E50: 1 | F50: 0.00024 | I50: =+$E50*$F50*I$78 -> 209599.46
B51: 5.3 | C51: AMPARO DE ANTICIPO | D51: UN | E51: 1 | F51: 0.00032 | I51: =+$E51*$F51*I$78 -> 279465.95
B52: 5.4 | C52: RESPONSABILIDAD CIVIL EXTRACONTRACTUAL | D52: UN | E52: 1 | F52: 0.00032 | I52: =+$E52*$F52*I$78 -> 279465.95
B53: 5.5 | C53: ESTABILIDAD DE OBRA | D53: UN | E53: 1 | F53: 0.00217 | I53: =+$E53*$F53*I$78 -> 1895128.5
C54: TOTAL COSTOS DE LEGALIZACION DEL CONTRATO: | I54: =SUM(I49:I53) -> 2890725.9
B56: 6 | C56: COSTOS DE IMPUESTOS O CARGA IMPOSITIVA
B57: 6.1 | C57: RETEFUENTE | D57: GB | E57: 1 | F57: 0.02 | I57: =+$E57*$F57*I$78 -> 17466622
B58: 6.2 | C58: RETEICA (vr. Total del contrato X 1%) | D58: GB | E58: 1 | F58: 0.01 | I58: =+$E58*$F58*I$78 -> 8733311
B59: 6.3 | C59: IMPUESTO LEY 1106 DE 2,006 | D59: GB | E59: 1 | F59: 0.05 | I59: =+$E59*$F59*I$78 -> 43666555
B60: 6.4 | C60: ESTAMPILLA PRO UNIVERSIDAD | D60: GB | E60: 1 | F60: 0.02 | I60: =+$E60*$F60*I$78 -> 17466622
C61: TOTAL COSTOS DE IMPUESTOS: | I61: =SUM(I57:I60) -> 87333110
G63: TOTAL ADMINISTRACION | H63: =+I63/I73 -> 0.24975452 | I63: =+I61+I54+I46+I34+I28+I21 -> 1.6781506e+08
G65: TOTAL UTILIDAD | H65: 0.05 | I65: =+H65*I73 -> 33596002
G67: TOTAL AU | H67: =H63+H65 -> 0.29975452 | I67: =+ROUND(I63+I65,0) -> 201411065
G69: IVA SOBRE LA UTILIDAD | H69: 0
G71: TOTAL AU + IVA | I71: =+I67+I69 -> 201411065
I72: =+H67+(H65*H69)+1 -> 1.2997545
H73: COSTOS DIRECTOS | I73: 6.7192004e+08
H74: ADMINISTRACION | I74: =+I63 -> 1.6781506e+08
H75: UTILIDAD | I75: =+I65 -> 33596002
H76: IVA SOBRE UTILIDAD | I76: =+I69 -> 0
H78: COSTO TOTAL | I78: 873331100
